Workbook
Name BankName: #REF!
Name BankName: #REF!
Name BankName: #REF!
Name BankName: #REF!
Name BankName: #REF!
Name Country: #REF!
Name Country: #REF!
Name Country: #REF!
Name Country: #REF!
Name Country: #REF!
Name Country: #REF!
Name CurrencyType: #REF!
Name CurrencyType: #REF!
Name CurrencyType: #REF!
Name CurrencyType: #REF!
Name CurrencyType: #REF!
Name CurrencyType: #REF!
Name DataTypes: #REF!
Name DataTypes: #REF!
Name DataTypes: #REF!
Name DataTypes: #REF!
Name DataTypes: #REF!
Name DataTypes: #REF!
Name DataTypes: #REF!
Name DataTypes: #REF!
Name DataTypes: #REF!
Name DataTypes: #REF!
Name DataTypes: #REF!
Name DataTypes: #REF!
Name DataTypes: #REF!
Name DataTypes: #REF!
Name DataTypes: #REF!
Name DataTypes: #REF!
Name DataTypes: #REF!
Name DataTypes: #REF!
Name DataTypes: #REF!
Name DataTypes: #REF!
Name DataTypes: #REF!
Name DataTypes: #REF!
Name DataTypes: #REF!
Name DataTypes: #REF!
Name DataTypes: #REF!
Name DataTypes: #REF!
Name DataTypes: #REF!
Name DataTypes: #REF!
Name DPA_1101: #REF!
Name DPA_1101: #REF!
Name DPA_1102: #REF!
Name DPA_1102: #REF!
Name DPA_1103: #REF!
Name DPA_1103: #REF!
Name DPA_1104: #REF!
Name DPA_1104: #REF!
Name DPA_1105: #REF!
Name DPA_1105: #REF!
Name DPA_1106: #REF!
Name DPA_1106: #REF!
Name DPA_1118: #REF!
Name DPA_1118: #REF!
Name DPA_1201: #REF!

Sheet Attestation Form
A2: Private and Confidential
A3: Central Bank of The Bahamas - Financial Return
B6: Licensee Name:
B8: Licensee Code:
B10: Reporting Date: | E10: (mmm/yy)
B12: We certify that the figures in these forms present a true and fair view of the SFI's position as at the above reporting date. We undertake that if there are further material facts affecting the SFI's affairs which, in our judgment, should be disclosed, we will promptly advise the Central Bank of The Bahamas.
B16: Director/Senior Officer I - Name: | I16: Director/Senior Officer II/Authorized Person - Name:
B19: Director/Senior Officer I - Signature: | I19: Director/Senior Officer II/Authorized Person - Signature:
B23: Date signed: | I23: Date signed:
B25: We certify that the re-submission of figures in these forms present a true and fair view of the licensee's position as at the above reporting date. We undertake that if there are further material facts affecting the licensee's affairs which, in our judgment, should be disclosed, we will promptly advise the Central Bank of The Bahamas.
B29: Director/Senior Officer I - Name: | I29: Director/Senior Officer II/Authorized Person - Name:
B32: Director/Senior Officer I - Signature: | I32: Director/Senior Officer II/Authorized Person - Signature:
B36: Date signed: | I36: Date signed:
A39: Notes on Completion:
A40: 1. Complete the form monthly and quarterly as at the last day of each month/quarter unless otherwise agreed.
A41: 2. For definitions of the items refer to the guideline notes.
A42: 3. Where an (*) appears, please give details.
A43: 4. Amount(s) must be entered in dollars to the nearest thousand, omitting decimals.
A44: 5. Submit the attestation form within twenty-one (21) days of the reporting date via the ORIMS Portal.
A46: Resubmission Instructions:
A47: Should a resubmission of the financial return be required, a request for resubmission via the ORIMS Portal is required.
A48: Once the request has been granted, the financial return must be uploaded into the ORIMS Portal.
A50: Also, this page must be printed, signed and returned via the ORIMS Portal.
A52: Help is Available:
A53: Email: orimshelp@centralbankbahamas.com
A54: Phone: 302-9843

Sheet Form 1
F2: Statement of Liabilities & Capital Reserves
N8: ($000s)
B9: L I A B I L I T I E S | K9: B$ | L9: US$ | M9: OTHER | N9: TOTAL
B11: 1. | C11: Deposits | K11: =K12+K13+K14+K19 -> 0 | L11: =L12+L13+L14+L19 -> 0 | M11: =M12+M13+M14+M19 -> 0 | N11: =K11+L11+M11 -> 0
C12: a) | D12: Demand Deposits (Checking Accounts) | N12: =K12+L12+M12 -> 0
C13: b) | D13: Savings Deposits | N13: =K13+L13+M13 -> 0
C14: c) | D14: Fixed Deposits: | K14: =SUM(K15:K18) -> 0 | L14: =SUM(L15:L18) -> 0 | M14: =SUM(M15:M18) -> 0 | N14: =K14+L14+M14 -> 0
D15: (i) | E15: Up to 3 Months | N15: =K15+L15+M15 -> 0
D16: (ii) | E16: Up to 6 Months | N16: =K16+L16+M16 -> 0
D17: (iii) | E17: Up to 12 Months | N17: =K17+L17+M17 -> 0
D18: (iv) | E18: Over 12 Months | N18: =K18+L18+M18 -> 0
C19: d) | D19: Negotiable Certificates of Deposit Issued | N19: =K19+L19+M19 -> 0
B20: 2. | C20: Due to Central Bank | K20: =K21+K22 -> 0 | L20: =L21+L22 -> 0 | M20: =M21+M22 -> 0 | N20: =K20+L20+M20 -> 0
C21: a) | D21: Borrowings from Central Bank | N21: =K21+L21+M21 -> 0
C22: b) | D22: Deposits held for Central Bank | N22: =K22+L22+M22 -> 0
B23: 3. | C23: Due to Financial Institutions (in Bahamas) | K23: =K24+K28+K32 -> 0 | L23: =L24+L28+L32 -> 0 | M23: =M24+M28+M32 -> 0 | N23: =K23+L23+M23 -> 0
C24: a) | D24: Commercial Banks (Authorised Dealers) | K24: =K25+K26+K27 -> 0 | L24: =L25+L26+L27 -> 0 | M24: =M25+M26+M27 -> 0 | N24: =K24+L24+M24 -> 0
D25: (i) | E25: Demand Deposits | N25: =K25+L25+M25 -> 0
D26: (ii) | E26: Fixed Deposits | N26: =K26+L26+M26 -> 0
D27: (iii) | E27: Borrowings | N27: =K27+L27+M27 -> 0
C28: b) | D28: Other Local Financial Institutions (Authorized Agents) | K28: =K29+K30+K31 -> 0 | L28: =L29+L30+L31 -> 0 | M28: =M29+M30+M31 -> 0 | N28: =K28+L28+M28 -> 0
D29: (i) | E29: Demand Deposits | N29: =K29+L29+M29 -> 0
D30: (ii) | E30: Fixed Deposits | N30: =K30+L30+M30 -> 0
D31: (iii) | E31: Borrowings | N31: =K31+L31+M31 -> 0
C32: c) | D32: Due to "Offshore" Financial Institutions in Bahamas | K32: =SUM(K33:K35) -> 0 | L32: =SUM(L33:L35) -> 0 | M32: =SUM(M33:M35) -> 0 | N32: =K32+L32+M32 -> 0
D33: (i) | E33: Demand Deposits | N33: =SUM(K33:M33) -> 0
D34: (ii) | E34: Fixed Deposits | N34: =SUM(K34:M34) -> 0
D35: (iii) | E35: Borrowings | N35: =SUM(K35:M35) -> 0
B36: 4. | C36: Due to Financial Institutions (outside Bahamas) | K36: =K37+K42 -> 0 | L36: =L37+L42 -> 0 | M36: =M37+M42 -> 0 | N36: =K36+L36+M36 -> 0
C37: a) | D37: Head Office, Subsidiaries, Branches or Affiliates | K37: =K39+K40+K41 -> 0 | L37: =L39+L40+L41 -> 0 | M37: =M39+M40+M41 -> 0 | N37: =K37+L37+M37 -> 0
D38: of which: Accrued Interest on Affiliates | N38: =K38+L38+M38 -> 0
D39: (i) | E39: Demand Deposits | N39: =K39+L39+M39 -> 0
D40: (ii) | E40: Fixed Deposits | N40: =K40+L40+M40 -> 0
D41: (iii) | E41: Borrowings | N41: =K41+L41+M41 -> 0
C42: b) | D42: Others | K42: =K43+K44+K45 -> 0 | L42: =L43+L44+L45 -> 0 | M42: =M43+M44+M45 -> 0 | N42: =K42+L42+M42 -> 0
D43: (i) | E43: Demand Deposits | N43: =K43+L43+M43 -> 0
D44: (ii) | E44: Fixed Deposits | N44: =K44+L44+M44 -> 0
D45: (iii) | E45: Borrowings | N45: =K45+L45+M45 -> 0
B46: 5. | C46: Bills Payable | K46: =K47+K48 -> 0 | L46: =L47+L48 -> 0 | M46: =M47+M48 -> 0 | N46: =K46+L46+M46 -> 0
C47: a) | D47: In The Bahamas | N47: =K47+L47+M47 -> 0
C48: b) | D48: Outside The Bahamas | N48: =K48+L48+M48 -> 0
B49: 6. | C49: Debentures Issued | K49: =K50+K51 -> 0 | L49: =L50+L51 -> 0 | M49: =M50+M51 -> 0 | N49: =K49+L49+M49 -> 0
C50: a) | D50: In The Bahamas | N50: =K50+L50+M50 -> 0
C51: b) | D51: Outside The Bahamas | N51: =K51+L51+M51 -> 0
B52: 7. | C52: Cheques and Other Instruments | K52: 0 | L52: 0 | M52: 0 | N52: =K52+L52+M52 -> 0
B53: 8. | C53: Other Liabilities | K53: =K54+K55+K56+K57 -> 0 | L53: =L54+L55+L56+L57 -> 0 | M53: =M54+M55+M56+M57 -> 0 | N53: =K53+L53+M53 -> 0
C54: a) | D54: Accrued Interest | N54: =K54+L54+M54 -> 0
C55: b) | D55: Accounts Payable | N55: =K55+L55+M55 -> 0
C56: c) | D56: Suspense Account | N56: =K56+L56+M56 -> 0
C57: d) | D57: Other | N57: =K57+L57+M57 -> 0
B58: 9. | C58: Long-Term Debt (Tier 2 Capital) | K58: =K59+K60 -> 0 | L58: =L59+L60 -> 0 | M58: =M59+M60 -> 0 | N58: =K58+L58+M58 -> 0
C59: a) | D59: Hybrid Debt/Equity | N59: =K59+L59+M59 -> 0
C60: b) | D60: Unsecured Subordinated Loan Stock | N60: =K60+L60+M60 -> 0
B61: 10. | C61: Shareholders Funds | K61: =SUM(K62:K64) -> 0 | L61: =SUM(L62:L64) -> 0 | M61: =SUM(M62:M64) -> 0 | N61: =K61+L61+M61 -> 0
C62: a) | D62: Paid-Up Share Capital | N62: =K62+L62+M62 -> 0
C63: b) | D63: Minority Interest | N63: =K63+L63+M63 -> 0
C64: c) | D64: Contributed Surplus | N64: =K64+L64+M64 -> 0
B65: 11. | C65: Reserves | N65: =K65+L65+M65 -> 0
B66: 12. | C66: Provisions | K66: =K67+K68 -> 0 | L66: =L67+L68 -> 0 | M66: =M67+M68 -> 0 | N66: =K66+L66+M66 -> 0
C67: a) | D67: Specific | N67: =K67+L67+M67 -> 0
C68: b) | D68: General Loan Loss Reserves
B69: 13. | C69: Profit & Loss Account | K69: =K70+K71 -> 0 | L69: =L70+L71 -> 0 | M69: =M70+M71 -> 0 | N69: =K69+L69+M69 -> 0
C70: a) | D70: Retained Earnings | N70: =K70+L70+M70 -> 0
C71: b) | D71: Accrued Profit for the Current Year | N71: =K71+L71+M71 -> 0
B72: 14. | C72: Total Liabilities & Capital Reserves | K72: =K11+K20+K23+K36+K46+K49+K52+K53+K58+K61+K65+K66+K69 -> 0 | L72: =L11+L20+L23+L36+L46+L49+L52+L53+L58+L61+L65+L66+L69 -> 0 | M72: =M11+M20+M23+M36+M46+M49+M52+M53+M58+M61+M65+M66+M69 -> 0 | N72: =K72+L72+M72 -> 0
B73: 15. | C73: Foreign Exchange Forward Contracts: Sale | N73: =K73+L73+M73 -> 0
B74: 16. | C74: Related Party Deposits | N74: =K74+L74+M74 -> 0

Sheet Form2
E2: Statement of Assets & Contingent Liabilities
N6: ($000s)
B7: A S S E T S | K7: B$ | L7: US$ | M7: OTHER | N7: TOTAL
B9: 1. | C9: Notes & Coins | N9: =K9+L9+M9 -> 0
B10: 2. | C10: Balance with Central Bank | N10: =K10+L10+M10 -> 0
B11: 3. | C11: Government Securities | K11: =K12+K19 -> 0 | L11: =L12+L19 -> 0 | M11: =M12+M19 -> 0 | N11: =K11+L11+M11 -> 0
C12: a) Bahamas Government | K12: =SUM(K13,K16) -> 0 | L12: =SUM(L13,L16) -> 0 | M12: =SUM(M13,M16) -> 0 | N12: =K12+L12+M12 -> 0
C13: (i) Locally Issued | K13: =SUM(K14:K15) -> 0 | L13: =SUM(L14:L15) -> 0 | M13: =SUM(M14:M15) -> 0 | N13: =K13+L13+M13 -> 0
D14: a) Treasury Bills (up to 1 Year Original Maturity) | N14: =K14+L14+M14 -> 0
D15: b) Long-Term Securities | N15: =K15+L15+M15 -> 0
C16: (ii) Externally Issued | K16: =SUM(K17:K18) -> 0 | L16: =SUM(L17:L18) -> 0 | M16: =SUM(M17:M18) -> 0 | N16: =K16+L16+M16 -> 0
D17: a) Treasury Bills (up to 1 Year Original Maturity) | N17: =K17+L17+M17 -> 0
D18: b) Long-Term Securities | N18: =K18+L18+M18 -> 0
C19: b) Other Governments | L19: =SUM(L20:L21) -> 0 | M19: =SUM(M20:M21) -> 0 | N19: =L19+M19 -> 0
D20: a) Treasury Bills (up to 1 Year Original Maturity) | N20: =L20+M20 -> 0
D21: b) Long-Term Securities | N21: =L21+M21 -> 0
B22: 4. | C22: Balance with Financial Institutions (in Bahamas) | K22: =K23+K28+K33 -> 0 | L22: =L23+L28+L33 -> 0 | M22: =M23+M28+M33 -> 0 | N22: =K22+L22+M22 -> 0
C23: a) Commercial Banks (Authorized Dealers) | K23: =K24+K25+K26+K27 -> 0 | L23: =L24+L25+L26+L27 -> 0 | M23: =M24+M25+M26+M27 -> 0 | N23: =K23+L23+M23 -> 0
D24: (i) | E24: Demand Deposits | N24: =K24+L24+M24 -> 0
D25: (ii) | E25: Fixed Deposits | N25: =K25+L25+M25 -> 0
D26: (iii) | E26: Loans | N26: =K26+L26+M26 -> 0
D27: (iv) | E27: Negotiable Paper Issued by Other Banks | N27: =K27+L27+M27 -> 0
C28: b) Other Local Financial Institutions (Authorized Agents) | K28: =K29+K30+K31+K32 -> 0 | L28: =L29+L30+L31+L32 -> 0 | M28: =M29+M30+M31+M32 -> 0 | N28: =K28+L28+M28 -> 0
D29: (i) | E29: Demand Deposits | N29: =K29+L29+M29 -> 0
D30: (ii) | E30: Fixed Deposits | N30: =K30+L30+M30 -> 0
D31: (iii) | E31: Loans | N31: =K31+L31+M31 -> 0
D32: (iv) | E32: Negotiable Paper Issued by Other Banks | N32: =K32+L32+M32 -> 0
C33: c) Balance with "Offshore" Financial Institutions in Bahamas | K33: =SUM(K34:K37) -> 0 | L33: =SUM(L34:L37) -> 0 | M33: =SUM(M34:M37) -> 0 | N33: =SUM(N34:N37) -> 0
D34: (i) | E34: Demand Deposits | N34: =SUM(K34:M34) -> 0
D35: (ii) | E35: Fixed Deposits | N35: =SUM(K35:M35) -> 0
D36: (iii) | E36: Loans | N36: =SUM(K36:M36) -> 0
D37: (iv) | E37: Negotiable Paper Issued by Other Banks | N37: =SUM(K37:M37) -> 0
B38: 5. | C38: Balance with Financial Institutions (outside Bahamas) | K38: =K39+K44 -> 0 | L38: =L39+L44 -> 0 | M38: =M39+M44 -> 0 | N38: =K38+L38+M38 -> 0
C39: a) Head Office, Subsidiaries, Branches or Affiliates | K39: =K40+K41+K42+K43 -> 0 | L39: =L40+L41+L42+L43 -> 0 | M39: =M40+M41+M42+M43 -> 0 | N39: =K39+L39+M39 -> 0
D40: (i) | E40: Demand Deposits | N40: =K40+L40+M40 -> 0
D41: (ii) | E41: Fixed Deposits | N41: =K41+L41+M41 -> 0
D42: (iii) | E42: Loans | N42: =K42+L42+M42 -> 0
D43: (iv) | E43: Negotiable Paper Issued by Other Banks | N43: =K43+L43+M43 -> 0
C44: b) Others | K44: =K45+K46+K47+K48 -> 0 | L44: =L45+L46+L47+L48 -> 0 | M44: =M45+M46+M47+M48 -> 0 | N44: =K44+L44+M44 -> 0
D45: (i) | E45: Demand Deposits | N45: =K45+L45+M45 -> 0
D46: (ii) | E46: Fixed Deposits | N46: =K46+L46+M46 -> 0
D47: (iii) | E47: Loans | N47: =K47+L47+M47 -> 0
D48: (iv) | E48: Negotiable Paper Issued by Other Banks | N48: =K48+L48+M48 -> 0
B49: 6. | C49: Claims on Multilateral Development Banks (MDBs) | N49: =K49+L49+M49 -> 0
B50: 7. | C50: Loans and Advances | K50: =K52+K65 -> 0 | L50: =L52+L65 -> 0 | M50: =M52+M65 -> 0 | N50: =K50+L50+M50 -> 0
D51: of which: Non-Performing Loans (Over 90 Days) | N51: =K51+L51+M51 -> 0
C52: a) Resident | K52: =K57+K58+K59+K60+K64 -> 0 | L52: =L57+L58+L59+L60+L64 -> 0 | M52: =M57+M58+M59+M60+M64 -> 0 | N52: =K52+L52+M52 -> 0
D53: of which: Loans Fully Collateralized by Deposits | N53: =K53+L53+M53 -> 0
D54: of which: Loans Partially Collateralized by Deposits | N54: =K54+L54+M54 -> 0
D55: of which: Loans Collateralized by Real Estate | N55: =K55+L55+M55 -> 0
D56: of which: Loans Collateralized by Chattel | N56: =K56+L56+M56 -> 0
D57: (i) | E57: Government | N57: =K57+L57+M57 -> 0
D58: (ii) | E58: Public Corporations | N58: =K58+L58+M58 -> 0
D59: (iii) | E59: Public Financial Institutions | N59: =K59+L59+M59 -> 0
D60: (iv) | E60: Mortgages | K60: =SUM(K61,K63) -> 0 | L60: =SUM(L61,L63) -> 0 | M60: =SUM(M61,M63) -> 0 | N60: =K60+L60+M60 -> 0
E61: a) Residential Mortgages | N61: =K61+L61+M61 -> 0
F62: of which: Equity Loans | N62: =K62+L62+M62 -> 0
E63: b) Commercial Mortgages | N63: =K63+L63+M63 -> 0
D64: (v) | E64: Others | N64: =K64+L64+M64 -> 0
C65: b) Non-Resident | K65: =SUM(K70,K71,K72,K73,K74) -> 0 | L65: =SUM(L70,L71,L72,L73,L74) -> 0 | M65: =SUM(M70,M71,M72,M73,M74) -> 0 | N65: =K65+L65+M65 -> 0
D66: of which: Loans Fully Collateralized by Deposits | N66: =K66+L66+M66 -> 0
D67: of which: Loans Partially Collateralized by Deposits | N67: =K67+L67+M67 -> 0
D68: of which: Loans Collateralized by Real Estate | N68: =K68+L68+M68 -> 0
D69: of which: Loans Collateralized by Chattel | N69: =K69+L69+M69 -> 0
D70: (i) | E70: Government | N70: =K70+L70+M70 -> 0
D71: (ii) | E71: Corporations | N71: =K71+L71+M71 -> 0
D72: (iii) | E72: Individuals | N72: =K72+L72+M72 -> 0
D73: (iv) | E73: Mortgages - Residential or Commercial | N73: =K73+L73+M73 -> 0
D74: (v) | E74: Others | N74: =K74+L74+M74 -> 0
B75: 8. | C75: Investment (in Stocks, Shares & Funds) | K75: =K76+K79+K80 -> 0 | L75: =L76+L79+L80 -> 0 | M75: =M76+M79+M80 -> 0 | N75: =K75+L75+M75 -> 0
C76: a) Domestic Securities | K76: =K77+K78 -> 0 | L76: =L77+L78 -> 0 | M76: =M77+M78 -> 0 | N76: =K76+L76+M76 -> 0
D77: (i) | E77: Public Corporation Bonds | N77: =K77+L77+M77 -> 0
D78: (ii) | E78: Other Domestic Securities | N78: =K78+L78+M78 -> 0
C79: b) Foreign Securities | N79: =K79+L79+M79 -> 0
C80: c) Other Investments | N80: =K80+L80+M80 -> 0
B81: 9. | C81: Cheques & Other Instruments in Course of Collection | N81: =K81+L81+M81 -> 0
B82: 10. | C82: Fixed Assets | K82: =K83+K84+K85 -> 0 | L82: =L83+L84+L85 -> 0 | M82: =M83+M84+M85 -> 0 | N82: =K82+L82+M82 -> 0
C83: a) Premises | N83: =K83+L83+M83 -> 0
C84: b) Other Land and Property | N84: =K84+L84+M84 -> 0
C85: c) Plant and Equipment | N85: =K85+L85+M85 -> 0
B86: 11. | C86: Gold and Silver Bullion | N86: =K86+L86+M86 -> 0
B87: 12. | C87: Other Assets | K87: =K88+K89+K90+K91 -> 0 | L87: =L88+L89+L90+L91 -> 0 | M87: =M88+M89+M90+M91 -> 0 | N87: =K87+L87+M87 -> 0
C88: a) Unearned Interest | N88: =K88+L88+M88 -> 0
C89: b) Accounts Receivable | N89: =K89+L89+M89 -> 0
C90: c) Suspense Account | N90: =K90+L90+M90 -> 0
C91: d) Other | N91: =K91+L91+M91 -> 0
B92: 13. | C92: Total Assets | K92: =K9+K10+K22+K38+K49+K50+K11+K75+K81+K82+K86+K87 -> 0 | L92: =L9+L10+L22+L38+L49+L50+L11+L75+L81+L82+L86+L87 -> 0 | M92: =M9+M10+M22+M38+M49+M50+M11+M75+M81+M82+M86+M87 -> 0 | N92: =K92+L92+M92 -> 0
B93: 14. | C93: Memorandum Items
C94: a) Encumbered Assets | N94: =SUM(K94:M94) -> 0
C95: b) Related Party Loans and Advances | N95: =SUM(K95:M95) -> 0
C96: c) Wire transfers | N96: =SUM(K96:M96) -> 0
D97: of which: Outgoing - ACH
D98: of which: Outgoing - RTGS
C99: d) Stored Value Cards | N99: =SUM(K99:M99) -> 0
C100: e) Lombard Loans | N100: =SUM(K100:M100) -> 0
C101: f) Manager's Cheques | N101: =SUM(K101:M101) -> 0
C102: g) Number of Loans Fully Collateralized by Deposits
C103: h) Number of Loans Partially Collateralized by Deposits
C104: i) Number of Loans Collateralized by Real Estate
C105: j) Number of Loans Collateralized by Chattel
...

Sheet Form2A
D2: Statement of Other Assets & Liabilities
G7: ($000s)
B8: OTHER ASSETS: OTHER | D8: B$ | E8: US$ | F8: OTHER | G8: TOTAL
B10: 1. | G10: =D10+E10+F10 -> 0
B11: 2. | G11: =D11+E11+F11 -> 0
B12: 3. | G12: =D12+E12+F12 -> 0
B13: 4. | G13: =D13+E13+F13 -> 0
B14: 5. | G14: =D14+E14+F14 -> 0
B15: 6. | G15: =D15+E15+F15 -> 0
B16: 7. | G16: =D16+E16+F16 -> 0
B17: 8. | G17: =D17+E17+F17 -> 0
B18: 9. | G18: =D18+E18+F18 -> 0
B19: 10. | G19: =D19+E19+F19 -> 0
B20: 11 | G20: =D20+E20+F20 -> 0
B21: 12. | G21: =D21+E21+F21 -> 0
... B29: 20. | G29: =D29+E29+F29 -> 0
C30: TOTAL | D30: =SUM(D10:D29) -> 0 | E30: =SUM(E10:E29) -> 0 | F30: =SUM(F10:F29) -> 0 | G30: =SUM(G10:G29) -> 0 | H30: Should Equal | I30: =Form2!N91 -> 0
B34: OTHER LIABILITIES: OTHER | D34: B$ | E34: US$ | F34: OTHER | G34: TOTAL
B36: 1. | G36: =D36+E36+F36 -> 0
B37: 2. | G37: =D37+E37+F37 -> 0
B38: 3. | G38: =D38+E38+F38 -> 0
B39: 4. | G39: =D39+E39+F39 -> 0
B40: 5. | G40: =D40+E40+F40 -> 0
B41: 6. | G41: =D41+E41+F41 -> 0
B42: 7. | G42: =D42+E42+F42 -> 0
B43: 8. | G43: =D43+E43+F43 -> 0
B44: 9. | G44: =D44+E44+F44 -> 0
B45: 10. | G45: =D45+E45+F45 -> 0
B46: 11. | G46: =D46+E46+F46 -> 0
B47: 12. | G47: =D47+E47+F47 -> 0
... B55: 20. | G55: =D55+E55+F55 -> 0
C56: TOTAL | D56: =SUM(D36:D55) -> 0 | E56: =SUM(E36:E55) -> 0 | F56: =SUM(F36:F55) -> 0 | G56: =SUM(G36:G55) -> 0 | H56: Should Equal | I56: ='Form 1'!N57 -> 0

Sheet Form3
E3: Analysis of Deposits by Depositors
I8: ($000s)
F9: B$ | G9: US$ | H9: OTHER | I9: TOTAL
B11: 1. | C11: Demand Deposits | F11: =F12+F20 -> 0 | G11: =G12+G20 -> 0 | H11: =H12+H20 -> 0 | I11: =F11+G11+H11 -> 0
C12: a) | D12: Resident | F12: =F13+F14+F15+F16+F17+F18+F19 -> 0 | G12: =G13+G14+G15+G16+G17+G18+G19 -> 0 | H12: =H13+H14+H15+H16+H17+H18+H19 -> 0 | I12: =F12+G12+H12 -> 0
D13: (i) | E13: Government | I13: =F13+G13+H13 -> 0
D14: (ii) | E14: Public Corporations | I14: =F14+G14+H14 -> 0
D15: (iii) | E15: Public Financial Institutions | I15: =F15+G15+H15 -> 0
D16: (iv) | E16: Private Financial Institutions | I16: =F16+G16+H16 -> 0
D17: (v) | E17: Business Firms | I17: =F17+G17+H17 -> 0
D18: (vi) | E18: Private Individuals | I18: =F18+G18+H18 -> 0
D19: (vii) | E19: Other | I19: =F19+G19+H19 -> 0
C20: b) | D20: Non-Resident | I20: =F20+G20+H20 -> 0
C21: Memorandum: of which:- | F21: =F22+F23+F24+F25 -> 0 | G21: =G22+G23+G24+G25 -> 0 | H21: =H22+H23+H24+H25 -> 0 | I21: =F21+G21+H21 -> 0
D22: (i) | E22: Central Govt. - Consolidated Fund Accounts | I22: =F22+G22+H22 -> 0
D23: (ii) | E23: Commissioners' Accounts | I23: =F23+G23+H23 -> 0
D24: (iii) | E24: Gov't. Ministries/Departments (See App. III) | I24: =F24+G24+H24 -> 0
D25: (iv) | E25: Deposit Fund | I25: =F25+G25+H25 -> 0
B26: 2. | C26: Savings Deposits | F26: =F27+F34 -> 0 | G26: =G27+G34 -> 0 | H26: =H27+H34 -> 0 | I26: =F26+G26+H26 -> 0
C27: a) | D27: Resident | F27: =F28+F29+F30+F31+F32+F33 -> 0 | G27: =G28+G29+G30+G31+G32+G33 -> 0 | H27: =H28+H29+H30+H31+H32+H33 -> 0 | I27: =I28+I29+I30+I31+I32+I33 -> 0
D28: (i) | E28: Public Corporations | I28: =F28+G28+H28 -> 0
D29: (ii) | E29: Public Financial Institutions | I29: =F29+G29+H29 -> 0
D30: (iii) | E30: Private Financial Institutions | I30: =F30+G30+H30 -> 0
D31: (iv) | E31: Business Firms | I31: =F31+G31+H31 -> 0
D32: (v) | E32: Private Individuals | I32: =F32+G32+H32 -> 0
D33: (vi) | E33: Other | I33: =F33+G33+H33 -> 0
C34: b) | D34: Non-Resident | I34: =F34+G34+H34 -> 0
B35: 3. | C35: Fixed Deposits | F35: =F36+F44 -> 0 | G35: =G36+G44 -> 0 | H35: =H36+H44 -> 0 | I35: =F35+G35+H35 -> 0
C36: a) | D36: Resident | F36: =F37+F38+F39+F40+F41+F42+F43 -> 0 | G36: =G37+G38+G39+G40+G41+G42+G43 -> 0 | H36: =H37+H38+H39+H40+H41+H42+H43 -> 0 | I36: =F36+G36+H36 -> 0
D37: (i) | E37: Government | I37: =F37+G37+H37 -> 0
D38: (ii) | E38: Public Corporations | I38: =F38+G38+H38 -> 0
D39: (iii) | E39: Public Financial Institutions | I39: =F39+G39+H39 -> 0
D40: (iv) | E40: Private Financial Institutions | I40: =F40+G40+H40 -> 0
D41: (v) | E41: Business Firms | I41: =F41+G41+H41 -> 0
D42: (vi) | E42: Private Individuals | I42: =F42+G42+H42 -> 0
D43: (vii) | E43: Other | I43: =F43+G43+H43 -> 0
C44: b) | D44: Non-Resident | I44: =F44+G44+H44 -> 0
C45: Memorandum: of which:- | F45: =F46+F47+F48+F49 -> 0 | G45: =G46+G47+G48+G49 -> 0 | H45: =H46+H47+H48+H49 -> 0 | I45: =F45+G45+H45 -> 0
D46: (i) | E46: Central Govt. - Consolidated Fund Accounts | I46: =F46+G46+H46 -> 0
D47: (ii) | E47: Commissioners' Accounts | I47: =F47+G47+H47 -> 0
D48: (iii) | E48: Gov't. Ministries/Departments (See App. III) | I48: =F48+G48+H48 -> 0
D49: (iv) | E49: Deposit Fund | I49: =F49+G49+H49 -> 0
B50: 4. | C50: Negotiable Certificates of Deposits | F50: =F51+F59 -> 0 | G50: =G51+G59 -> 0 | H50: =H51+H59 -> 0 | I50: =F50+G50+H50 -> 0
C51: a) | D51: Resident | F51: =F52+F53+F54+F55+F56+F57+F58 -> 0 | G51: =G52+G53+G54+G55+G56+G57+G58 -> 0 | H51: =H52+H53+H54+H55+H56+H57+H58 -> 0 | I51: =F51+G51+H51 -> 0
D52: (i) | E52: Government | I52: =F52+G52+H52 -> 0
D53: (ii) | E53: Public Corporations | I53: =F53+G53+H53 -> 0
D54: (iii) | E54: Public Financial Institutions | I54: =F54+G54+H54 -> 0
D55: (iv) | E55: Private Financial Institutions | I55: =F55+G55+H55 -> 0
D56: (v) | E56: Business Firms | I56: =F56+G56+H56 -> 0
D57: (vi) | E57: Private Individuals | I57: =F57+G57+H57 -> 0
D58: (vii) | E58: Other | I58: =F58+G58+H58 -> 0
C59: b) | D59: Non-Resident | I59: =F59+G59+H59 -> 0
C60: Memorandum: of which:- | F60: =F61+F62+F63+F64 -> 0 | G60: =G61+G62+G63+G64 -> 0 | H60: =H61+H62+H63+H64 -> 0 | I60: =F60+G60+H60 -> 0
D61: (i) | E61: Central Govt. - Consolidated Fund Accounts | I61: =F61+G61+H61 -> 0
D62: (ii) | E62: Commissioners' Accounts | I62: =F62+G62+H62 -> 0
D63: (iii) | E63: Gov't. Ministries/Departments (See App. III) | I63: =F63+G63+H63 -> 0
D64: (iv) | E64: Deposit Fund | I64: =F64+G64+H64 -> 0
B65: 5. | C65: Total Deposits | F65: =F67+F75 -> 0 | G65: =G67+G75 -> 0 | H65: =H67+H75 -> 0 | I65: =F65+G65+H65 -> 0
C67: a) | D67: Resident | F67: =F68+F69+F70+F71+F72+F73+F74 -> 0 | G67: =G68+G69+G70+G71+G72+G73+G74 -> 0 | H67: =H68+H69+H70+H71+H72+H73+H74 -> 0 | I67: =F67+G67+H67 -> 0
D68: (i) | E68: Government | F68: =F13+F37+F52 -> 0 | G68: =G13+G37+G52 -> 0 | H68: =H13+H37+H52 -> 0 | I68: =I13+I37+I52 -> 0
D69: (ii) | E69: Public Corporations | F69: =F14+F28+F38+F53 -> 0 | G69: =G14+G28+G38+G53 -> 0 | H69: =H14+H28+H38+H53 -> 0 | I69: =F69+G69+H69 -> 0
D70: (iii) | E70: Public Financial Institutions | F70: =F15+F29+F39+F54 -> 0 | G70: =G15+G29+G39+G54 -> 0 | H70: =H15+H29+H39+H54 -> 0 | I70: =F70+G70+H70 -> 0
D71: (iv) | E71: Private Financial Institutions | F71: =F16+F30+F40+F55 -> 0 | G71: =G16+G30+G40+G55 -> 0 | H71: =H16+H30+H40+H55 -> 0 | I71: =F71+G71+H71 -> 0
D72: (v) | E72: Business Firms | F72: =F17+F31+F41+F56 -> 0 | G72: =G17+G31+G41+G56 -> 0 | H72: =H17+H31+H41+H56 -> 0 | I72: =F72+G72+H72 -> 0
D73: (vi) | E73: Private Individuals | F73: =F18+F32+F42+F57 -> 0 | G73: =G18+G32+G42+G57 -> 0 | H73: =H18+H32+H42+H57 -> 0 | I73: =F73+G73+H73 -> 0
D74: (vii) | E74: Other | F74: =F19+F33+F43+F58 -> 0 | G74: =G19+G33+G43+G58 -> 0 | H74: =H19+H33+H43+H58 -> 0 | I74: =F74+G74+H74 -> 0
C75: b) | D75: Non-Resident | F75: =F20+F34+F44+F59 -> 0 | G75: =G20+G34+G44+G59 -> 0 | H75: =H20+H34+H44+H59 -> 0 | I75: =F75+G75+H75 -> 0
C76: Memorandum: of which:- | F76: =F21+F45+F60 -> 0 | G76: =G21+G45+G60 -> 0 | H76: =H21+H45+H60 -> 0 | I76: =I21+I45+I60 -> 0
D77: (i) | E77: Central Govt. - Consolidated Fund Accounts | F77: =F22+F46+F61 -> 0 | G77: =G22+G46+G61 -> 0 | H77: =H22+H46+H61 -> 0 | I77: =I22+I46+I61 -> 0
D78: (ii) | E78: Commissioners' Accounts | F78: =F23+F47+F62 -> 0 | G78: =G23+G47+G62 -> 0 | H78: =H23+H47+H62 -> 0 | I78: =I23+I47+I62 -> 0
D79: (iii) | E79: Gov't. Ministries/Departments (See App. III) | F79: =F24+F48+F63 -> 0 | G79: =G24+G48+G63 -> 0 | H79: =H24+H48+H63 -> 0 | I79: =I24+I48+I63 -> 0
D80: (iv) | E80: Deposit Fund | F80: =F25+F49+F64 -> 0 | G80: =G25+G49+G64 -> 0 | H80: =H25+H49+H64 -> 0 | I80: =I25+I49+I64 -> 0

Sheet F3C
C2: Analysis of F/C Deposits of Residents
F4: ($000s)
D5: US$ | E5: OTHER | F5: TOTAL
B7: 1. | C7: Resident Demand Deposits | D7: =SUM(D8+D109+D210+D311+D412+D513+D614) -> 0 | E7: =SUM(E8+E109+E210+E311+E412+E513+E614) -> 0 | F7: =D7+E7 -> 0 | H7: Should Equal | I7: =Form3!G12+Form3!H12 -> 0
C8: (i) Government | D8: =SUM(D9:D108) -> 0 | E8: =SUM(E9:E108) -> 0 | F8: =SUM(F9:F108) -> 0 | H8: Should Equal | I8: =Form3!G13+Form3!H13 -> 0
F9: =D9+E9 -> 0
F10: =D10+E10 -> 0
F11: =D11+E11 -> 0
F12: =D12+E12 -> 0
F13: =D13+E13 -> 0
F14: =D14+E14 -> 0
F15: =D15+E15 -> 0
F16: =D16+E16 -> 0
F17: =D17+E17 -> 0
F18: =D18+E18 -> 0
F19: =D19+E19 -> 0
F20: =D20+E20 -> 0
... F108: =D108+E108 -> 0
C109: (ii) Public Corporations | D109: =SUM(D110:D209) -> 0 | E109: =SUM(E110:E209) -> 0 | F109: =SUM(F110:F209) -> 0 | H109: Should Equal | I109: =Form3!G14+Form3!H14 -> 0
F110: =D110+E110 -> 0
F111: =D111+E111 -> 0
F112: =D112+E112 -> 0
F113: =D113+E113 -> 0
F114: =D114+E114 -> 0
F115: =D115+E115 -> 0
F116: =D116+E116 -> 0
F117: =D117+E117 -> 0
F118: =D118+E118 -> 0
F119: =D119+E119 -> 0
F120: =D120+E120 -> 0
F121: =D121+E121 -> 0
... F209: =D209+E209 -> 0
C210: (iii) Public Financial Institutions | D210: =SUM(D211:D310) -> 0 | E210: =SUM(E211:E310) -> 0 | F210: =SUM(F211:F310) -> 0 | H210: Should Equal | I210: =Form3!G15+Form3!H15 -> 0
F211: =D211+E211 -> 0
F212: =D212+E212 -> 0
F213: =D213+E213 -> 0
F214: =D214+E214 -> 0
F215: =D215+E215 -> 0
F216: =D216+E216 -> 0
F217: =D217+E217 -> 0
F218: =D218+E218 -> 0
F219: =D219+E219 -> 0
F220: =D220+E220 -> 0
F221: =D221+E221 -> 0
F222: =D222+E222 -> 0
... F310: =D310+E310 -> 0
C311: (iv) Private Financial Institutions | D311: =SUM(D312:D411) -> 0 | E311: =SUM(E312:E411) -> 0 | F311: =SUM(F312:F411) -> 0 | H311: Should Equal | I311: =Form3!G16+Form3!H16 -> 0
F312: =D312+E312 -> 0
F313: =D313+E313 -> 0
F314: =D314+E314 -> 0
F315: =D315+E315 -> 0
F316: =D316+E316 -> 0
F317: =D317+E317 -> 0
F318: =D318+E318 -> 0
F319: =D319+E319 -> 0
F320: =D320+E320 -> 0
F321: =D321+E321 -> 0
F322: =D322+E322 -> 0
F323: =D323+E323 -> 0
... F411: =D411+E411 -> 0
C412: (v) Business Firms | D412: =SUM(D413:D512) -> 0 | E412: =SUM(E413:E512) -> 0 | F412: =SUM(F413:F512) -> 0 | H412: Should Equal | I412: =Form3!G17+Form3!H17 -> 0
F413: =D413+E413 -> 0
F414: =D414+E414 -> 0
F415: =D415+E415 -> 0
F416: =D416+E416 -> 0
F417: =D417+E417 -> 0
F418: =D418+E418 -> 0
F419: =D419+E419 -> 0
F420: =D420+E420 -> 0
F421: =D421+E421 -> 0
F422: =D422+E422 -> 0
F423: =D423+E423 -> 0
F424: =D424+E424 -> 0
... F512: =D512+E512 -> 0
C513: (vi) Private Individuals | D513: =SUM(D514:D613) -> 0 | E513: =SUM(E514:E613) -> 0 | F513: =SUM(F514:F613) -> 0 | H513: Should Equal | I513: =Form3!G18+Form3!H18 -> 0
F514: =D514+E514 -> 0
F515: =D515+E515 -> 0
F516: =D516+E516 -> 0
F517: =D517+E517 -> 0
F518: =D518+E518 -> 0
F519: =D519+E519 -> 0
F520: =D520+E520 -> 0
F521: =D521+E521 -> 0
F522: =D522+E522 -> 0
F523: =D523+E523 -> 0
F524: =D524+E524 -> 0
F525: =D525+E525 -> 0
... F613: =D613+E613 -> 0
C614: (vii) Other | D614: =SUM(D615:D715) -> 0 | E614: =SUM(E615:E715) -> 0 | F614: =SUM(F615:F715) -> 0 | H614: Should Equal | I614: =Form3!G19+Form3!H19 -> 0
F615: =D615+E615 -> 0
F616: =D616+E616 -> 0
F617: =D617+E617 -> 0
F618: =D618+E618 -> 0
F619: =D619+E619 -> 0
F620: =D620+E620 -> 0
F621: =D621+E621 -> 0
F622: =D622+E622 -> 0
F623: =D623+E623 -> 0
F624: =D624+E624 -> 0
F626: =D626+E626 -> 0
...

Sheet AnalyLnsOvr
L19: Analysis of Loans & Overdrafts Classified by Sector, Currency & Maturity
L21: Number of Accounts and Amounts Outstanding
L22: (Value in $000s)
L24: L O A N S | AF24: Total On- and Off-Balance Sheet Loans
I26: OVERDRAFTS | L26: Up to 2 Years | O26: 3 to 5 Years | R26: 6 to 10 Years | U26: Over 10 Years | X26: Off Balance Sheet | Z26: TOTAL LOANS | AC26: GRAND TOTAL
F28: S E C T O R | I28: NO. | J28: B$ | K28: F/C | L28: NO. | M28: B$ | N28: F/C | O28: NO. | P28: B$ | Q28: F/C | R28: NO. | S28: B$ | T28: F/C | U28: NO. | V28: B$ | W28: F/C | X28: B$ | Y28: F/C | Z28: NO. | AA28: B$ | AB28: F/C | AC28: NO. | AD28: B$ | AE28: F/C | AF28: B$ | AG28: F/C
F30: 1. Agriculture | I30: =I31+I32+I33 -> 0 | J30: =J31+J32+J33 -> 0 | K30: =K31+K32+K33 -> 0 | L30: =L31+L32+L33 -> 0 | M30: =M31+M32+M33 -> 0 | N30: =N31+N32+N33 -> 0 | O30: =O31+O32+O33 -> 0 | P30: =P31+P32+P33 -> 0 | ... Y30: =Y31+Y32+Y33 -> 0 | Z30: =L30+O30+R30+U30 -> 0 | AA30: =M30+P30+S30+V30 -> 0 | AB30: =N30+Q30+T30+W30 -> 0 | AC30: =I30+L30+O30+R30+U30 -> 0 | AD30: =J30+M30+P30+S30+V30 -> 0 | AE30: =K30+N30+Q30+T30+W30 -> 0 | AF30: =AD30+X30 -> 0 | AG30: =AE30+Y30 -> 0
F31: a) Livestock & Dairying | Z31: =L31+O31+R31+U31 -> 0 | AA31: =M31+P31+S31+V31 -> 0 | AB31: =N31+Q31+T31+W31 -> 0 | AC31: =I31+L31+O31+R31+U31 -> 0 | AD31: =J31+M31+P31+S31+V31 -> 0 | AE31: =K31+N31+Q31+T31+W31 -> 0 | AF31: =AD31+X31 -> 0 | AG31: =AE31+Y31 -> 0
F32: b) Food Crops | Z32: =L32+O32+R32+U32 -> 0 | AA32: =M32+P32+S32+V32 -> 0 | AB32: =N32+Q32+T32+W32 -> 0 | AC32: =I32+L32+O32+R32+U32 -> 0 | AD32: =J32+M32+P32+S32+V32 -> 0 | AE32: =K32+N32+Q32+T32+W32 -> 0 | AF32: =AD32+X32 -> 0 | AG32: =AE32+Y32 -> 0
F33: c) Other | Z33: =L33+O33+R33+U33 -> 0 | AA33: =M33+P33+S33+V33 -> 0 | AB33: =N33+Q33+T33+W33 -> 0 | AC33: =I33+L33+O33+R33+U33 -> 0 | AD33: =J33+M33+P33+S33+V33 -> 0 | AE33: =K33+N33+Q33+T33+W33 -> 0 | AF33: =AD33+X33 -> 0 | AG33: =AE33+Y33 -> 0
F34: 2. Fisheries | Z34: =L34+O34+R34+U34 -> 0 | AA34: =M34+P34+S34+V34 -> 0 | AB34: =N34+Q34+T34+W34 -> 0 | AC34: =I34+L34+O34+R34+U34 -> 0 | AD34: =J34+M34+P34+S34+V34 -> 0 | AE34: =K34+N34+Q34+T34+W34 -> 0 | AF34: =AD34+X34 -> 0 | AG34: =AE34+Y34 -> 0
F35: 3. Mining & Quarrying | Z35: =L35+O35+R35+U35 -> 0 | AA35: =M35+P35+S35+V35 -> 0 | AB35: =N35+Q35+T35+W35 -> 0 | AC35: =I35+L35+O35+R35+U35 -> 0 | AD35: =J35+M35+P35+S35+V35 -> 0 | AE35: =K35+N35+Q35+T35+W35 -> 0 | AF35: =AD35+X35 -> 0 | AG35: =AE35+Y35 -> 0
F36: 4. Manufacturing | I36: =I37+I38+I39+I40+I41+I42+I43 -> 0 | J36: =J37+J38+J39+J40+J41+J42+J43 -> 0 | K36: =K37+K38+K39+K40+K41+K42+K43 -> 0 | L36: =L37+L38+L39+L40+L41+L42+L43 -> 0 | M36: =M37+M38+M39+M40+M41+M42+M43 -> 0 | N36: =N37+N38+N39+N40+N41+N42+N43 -> 0 | O36: =O37+O38+O39+O40+O41+O42+O43 -> 0 | P36: =P37+P38+P39+P40+P41+P42+P43 -> 0 | ... W36: =W37+W38+W39+W40+W41+W42+W43 -> 0 | X36: =SUM(X37:X43) -> 0 | Y36: =SUM(Y37:Y43) -> 0 | Z36: =L36+O36+R36+U36 -> 0 | AA36: =M36+P36+S36+V36 -> 0 | AB36: =N36+Q36+T36+W36 -> 0 | AC36: =I36+L36+O36+R36+U36 -> 0 | AD36: =J36+M36+P36+S36+V36 -> 0 | AE36: =K36+N36+Q36+T36+W36 -> 0 | AF36: =AD36+X36 -> 0 | AG36: =AE36+Y36 -> 0
F37: a) Food & Non-Alcoholic Beverages | Z37: =L37+O37+R37+U37 -> 0 | AA37: =M37+P37+S37+V37 -> 0 | AB37: =N37+Q37+T37+W37 -> 0 | AC37: =I37+L37+O37+R37+U37 -> 0 | AD37: =J37+M37+P37+S37+V37 -> 0 | AE37: =K37+N37+Q37+T37+W37 -> 0 | AF37: =AD37+X37 -> 0 | AG37: =AE37+Y37 -> 0
F38: b) Alcoholic Beverages & Tobacco | Z38: =L38+O38+R38+U38 -> 0 | AA38: =M38+P38+S38+V38 -> 0 | AB38: =N38+Q38+T38+W38 -> 0 | AC38: =I38+L38+O38+R38+U38 -> 0 | AD38: =J38+M38+P38+S38+V38 -> 0 | AE38: =K38+N38+Q38+T38+W38 -> 0 | AF38: =AD38+X38 -> 0 | AG38: =AE38+Y38 -> 0
F39: c) Building Material & Metal Products | Z39: =L39+O39+R39+U39 -> 0 | AA39: =M39+P39+S39+V39 -> 0 | AB39: =N39+Q39+T39+W39 -> 0 | AC39: =I39+L39+O39+R39+U39 -> 0 | AD39: =J39+M39+P39+S39+V39 -> 0 | AE39: =K39+N39+Q39+T39+W39 -> 0 | AF39: =AD39+X39 -> 0 | AG39: =AE39+Y39 -> 0
F40: d) Furniture & Wood Products | Z40: =L40+O40+R40+U40 -> 0 | AA40: =M40+P40+S40+V40 -> 0 | AB40: =N40+Q40+T40+W40 -> 0 | AC40: =I40+L40+O40+R40+U40 -> 0 | AD40: =J40+M40+P40+S40+V40 -> 0 | AE40: =K40+N40+Q40+T40+W40 -> 0 | AF40: =AD40+X40 -> 0 | AG40: =AE40+Y40 -> 0
F41: e) Textiles, Clothing, etc. | Z41: =L41+O41+R41+U41 -> 0 | AA41: =M41+P41+S41+V41 -> 0 | AB41: =N41+Q41+T41+W41 -> 0 | AC41: =I41+L41+O41+R41+U41 -> 0 | AD41: =J41+M41+P41+S41+V41 -> 0 | AE41: =K41+N41+Q41+T41+W41 -> 0 | AF41: =AD41+X41 -> 0 | AG41: =AE41+Y41 -> 0
F42: f) Petro-Chemicals, Chemical & Plastic Products | Z42: =L42+O42+R42+U42 -> 0 | AA42: =M42+P42+S42+V42 -> 0 | AB42: =N42+Q42+T42+W42 -> 0 | AC42: =I42+L42+O42+R42+U42 -> 0 | AD42: =J42+M42+P42+S42+V42 -> 0 | AE42: =K42+N42+Q42+T42+W42 -> 0 | AF42: =AD42+X42 -> 0 | AG42: =AE42+Y42 -> 0
F43: g) Other Manufacturing | Z43: =L43+O43+R43+U43 -> 0 | AA43: =M43+P43+S43+V43 -> 0 | AB43: =N43+Q43+T43+W43 -> 0 | AC43: =I43+L43+O43+R43+U43 -> 0 | AD43: =J43+M43+P43+S43+V43 -> 0 | AE43: =K43+N43+Q43+T43+W43 -> 0 | AF43: =AD43+X43 -> 0 | AG43: =AE43+Y43 -> 0
F44: 5. Distribution | I44: =I45+I46+I47+I48 -> 0 | J44: =J45+J46+J47+J48 -> 0 | K44: =K45+K46+K47+K48 -> 0 | L44: =L45+L46+L47+L48 -> 0 | M44: =M45+M46+M47+M48 -> 0 | N44: =N45+N46+N47+N48 -> 0 | O44: =O45+O46+O47+O48 -> 0 | P44: =P45+P46+P47+P48 -> 0 | ... W44: =W45+W46+W47+W48 -> 0 | X44: =SUM(X45:X48) -> 0 | Y44: =SUM(Y45:Y48) -> 0 | Z44: =L44+O44+R44+U44 -> 0 | AA44: =M44+P44+S44+V44 -> 0 | AB44: =N44+Q44+T44+W44 -> 0 | AC44: =I44+L44+O44+R44+U44 -> 0 | AD44: =J44+M44+P44+S44+V44 -> 0 | AE44: =K44+N44+Q44+T44+W44 -> 0 | AF44: =AD44+X44 -> 0 | AG44: =AE44+Y44 -> 0
F45: a) Commission Agents | Z45: =L45+O45+R45+U45 -> 0 | AA45: =M45+P45+S45+V45 -> 0 | AB45: =N45+Q45+T45+W45 -> 0 | AC45: =I45+L45+O45+R45+U45 -> 0 | AD45: =J45+M45+P45+S45+V45 -> 0 | AE45: =K45+N45+Q45+T45+W45 -> 0 | AF45: =AD45+X45 -> 0 | AG45: =AE45+Y45 -> 0
F46: b) Wholesale | Z46: =L46+O46+R46+U46 -> 0 | AA46: =M46+P46+S46+V46 -> 0 | AB46: =N46+Q46+T46+W46 -> 0 | AC46: =I46+L46+O46+R46+U46 -> 0 | AD46: =J46+M46+P46+S46+V46 -> 0 | AE46: =K46+N46+Q46+T46+W46 -> 0 | AF46: =AD46+X46 -> 0 | AG46: =AE46+Y46 -> 0
F47: c) Retail | Z47: =L47+O47+R47+U47 -> 0 | AA47: =M47+P47+S47+V47 -> 0 | AB47: =N47+Q47+T47+W47 -> 0 | AC47: =I47+L47+O47+R47+U47 -> 0 | AD47: =J47+M47+P47+S47+V47 -> 0 | AE47: =K47+N47+Q47+T47+W47 -> 0 | AF47: =AD47+X47 -> 0 | AG47: =AE47+Y47 -> 0
F48: d) Other | Z48: =L48+O48+R48+U48 -> 0 | AA48: =M48+P48+S48+V48 -> 0 | AB48: =N48+Q48+T48+W48 -> 0 | AC48: =I48+L48+O48+R48+U48 -> 0 | AD48: =J48+M48+P48+S48+V48 -> 0 | AE48: =K48+N48+Q48+T48+W48 -> 0 | AF48: =AD48+X48 -> 0 | AG48: =AE48+Y48 -> 0
F49: 6. Tourism | I49: =I50+I51+I52 -> 0 | J49: =J50+J51+J52 -> 0 | K49: =K50+K51+K52 -> 0 | L49: =L50+L51+L52 -> 0 | M49: =M50+M51+M52 -> 0 | N49: =N50+N51+N52 -> 0 | O49: =O50+O51+O52 -> 0 | P49: =P50+P51+P52 -> 0 | ... Y49: =Y50+Y51+Y52 -> 0 | Z49: =L49+O49+R49+U49 -> 0 | AA49: =M49+P49+S49+V49 -> 0 | AB49: =N49+Q49+T49+W49 -> 0 | AC49: =I49+L49+O49+R49+U49 -> 0 | AD49: =J49+M49+P49+S49+V49 -> 0 | AE49: =K49+N49+Q49+T49+W49 -> 0 | AF49: =AD49+X49 -> 0 | AG49: =AE49+Y49 -> 0
F50: a) Hotels | Z50: =L50+O50+R50+U50 -> 0 | AA50: =M50+P50+S50+V50 -> 0 | AB50: =N50+Q50+T50+W50 -> 0 | AC50: =I50+L50+O50+R50+U50 -> 0 | AD50: =J50+M50+P50+S50+V50 -> 0 | AE50: =K50+N50+Q50+T50+W50 -> 0 | AF50: =AD50+X50 -> 0 | AG50: =AE50+Y50 -> 0
F51: b) Apartments | Z51: =L51+O51+R51+U51 -> 0 | AA51: =M51+P51+S51+V51 -> 0 | AB51: =N51+Q51+T51+W51 -> 0 | AC51: =I51+L51+O51+R51+U51 -> 0 | AD51: =J51+M51+P51+S51+V51 -> 0 | AE51: =K51+N51+Q51+T51+W51 -> 0 | AF51: =AD51+X51 -> 0 | AG51: =AE51+Y51 -> 0
F52: c) Other | Z52: =L52+O52+R52+U52 -> 0 | AA52: =M52+P52+S52+V52 -> 0 | AB52: =N52+Q52+T52+W52 -> 0 | AC52: =I52+L52+O52+R52+U52 -> 0 | AD52: =J52+M52+P52+S52+V52 -> 0 | AE52: =K52+N52+Q52+T52+W52 -> 0 | AF52: =AD52+X52 -> 0 | AG52: =AE52+Y52 -> 0
F53: 7. Entertainment & Catering | Z53: =L53+O53+R53+U53 -> 0 | AA53: =M53+P53+S53+V53 -> 0 | AB53: =N53+Q53+T53+W53 -> 0 | AC53: =I53+L53+O53+R53+U53 -> 0 | AD53: =J53+M53+P53+S53+V53 -> 0 | AE53: =K53+N53+Q53+T53+W53 -> 0 | AF53: =AD53+X53 -> 0 | AG53: =AE53+Y53 -> 0
F54: 8. Transport | Z54: =L54+O54+R54+U54 -> 0 | AA54: =M54+P54+S54+V54 -> 0 | AB54: =N54+Q54+T54+W54 -> 0 | AC54: =I54+L54+O54+R54+U54 -> 0 | AD54: =J54+M54+P54+S54+V54 -> 0 | AE54: =K54+N54+Q54+T54+W54 -> 0 | AF54: =AD54+X54 -> 0 | AG54: =AE54+Y54 -> 0
F55: 9. Public Corporations | Z55: =L55+O55+R55+U55 -> 0 | AA55: =M55+P55+S55+V55 -> 0 | AB55: =N55+Q55+T55+W55 -> 0 | AC55: =I55+L55+O55+R55+U55 -> 0 | AD55: =J55+M55+P55+S55+V55 -> 0 | AE55: =K55+N55+Q55+T55+W55 -> 0 | AF55: =AD55+X55 -> 0 | AG55: =AE55+Y55 -> 0
F56: 10. Construction | I56: =I57+I58 -> 0 | J56: =J57+J58 -> 0 | K56: =K57+K58 -> 0 | L56: =L57+L58 -> 0 | M56: =M57+M58 -> 0 | N56: =N57+N58 -> 0 | O56: =O57+O58 -> 0 | P56: =P57+P58 -> 0 | ... Y56: =Y57+Y58 -> 0 | Z56: =L56+O56+R56+U56 -> 0 | AA56: =M56+P56+S56+V56 -> 0 | AB56: =N56+Q56+T56+W56 -> 0 | AC56: =I56+L56+O56+R56+U56 -> 0 | AD56: =J56+M56+P56+S56+V56 -> 0 | AE56: =K56+N56+Q56+T56+W56 -> 0 | AF56: =AD56+X56 -> 0 | AG56: =AE56+Y56 -> 0
F57: a) Land Development | Z57: =L57+O57+R57+U57 -> 0 | AA57: =M57+P57+S57+V57 -> 0 | AB57: =N57+Q57+T57+W57 -> 0 | AC57: =I57+L57+O57+R57+U57 -> 0 | AD57: =J57+M57+P57+S57+V57 -> 0 | AE57: =K57+N57+Q57+T57+W57 -> 0 | AF57: =AD57+X57 -> 0 | AG57: =AE57+Y57 -> 0
F58: b) Other Construction | I58: =I59+I60 -> 0 | J58: =J59+J60 -> 0 | K58: =K59+K60 -> 0 | L58: =L59+L60 -> 0 | M58: =M59+M60 -> 0 | N58: =N59+N60 -> 0 | O58: =O59+O60 -> 0 | P58: =P59+P60 -> 0 | ... Y58: =Y59+Y60 -> 0 | Z58: =L58+O58+R58+U58 -> 0 | AA58: =M58+P58+S58+V58 -> 0 | AB58: =N58+Q58+T58+W58 -> 0 | AC58: =I58+L58+O58+R58+U58 -> 0 | AD58: =J58+M58+P58+S58+V58 -> 0 | AE58: =K58+N58+Q58+T58+W58 -> 0 | AF58: =AD58+X58 -> 0 | AG58: =AE58+Y58 -> 0
F59: (i) Private Residence | Z59: =L59+O59+R59+U59 -> 0 | AA59: =M59+P59+S59+V59 -> 0 | AB59: =N59+Q59+T59+W59 -> 0 | AC59: =I59+L59+O59+R59+U59 -> 0 | AD59: =J59+M59+P59+S59+V59 -> 0 | AE59: =K59+N59+Q59+T59+W59 -> 0 | AF59: =AD59+X59 -> 0 | AG59: =AE59+Y59 -> 0
F60: (ii) Commercial & Industrial | Z60: =L60+O60+R60+U60 -> 0 | AA60: =M60+P60+S60+V60 -> 0 | AB60: =N60+Q60+T60+W60 -> 0 | AC60: =I60+L60+O60+R60+U60 -> 0 | AD60: =J60+M60+P60+S60+V60 -> 0 | AE60: =K60+N60+Q60+T60+W60 -> 0 | AF60: =AD60+X60 -> 0 | AG60: =AE60+Y60 -> 0
F61: 11. Government | Z61: =L61+O61+R61+U61 -> 0 | AA61: =M61+P61+S61+V61 -> 0 | AB61: =N61+Q61+T61+W61 -> 0 | AC61: =I61+L61+O61+R61+U61 -> 0 | AD61: =J61+M61+P61+S61+V61 -> 0 | AE61: =K61+N61+Q61+T61+W61 -> 0 | AF61: =AD61+X61 -> 0 | AG61: =AE61+Y61 -> 0
F62: 12. Public Financial Institutions | Z62: =L62+O62+R62+U62 -> 0 | AA62: =M62+P62+S62+V62 -> 0 | AB62: =N62+Q62+T62+W62 -> 0 | AC62: =I62+L62+O62+R62+U62 -> 0 | AD62: =J62+M62+P62+S62+V62 -> 0 | AE62: =K62+N62+Q62+T62+W62 -> 0 | AF62: =AD62+X62 -> 0 | AG62: =AE62+Y62 -> 0
F63: 13. Private Financial Institutions | Z63: =L63+O63+R63+U63 -> 0 | AA63: =M63+P63+S63+V63 -> 0 | AB63: =N63+Q63+T63+W63 -> 0 | AC63: =I63+L63+O63+R63+U63 -> 0 | AD63: =J63+M63+P63+S63+V63 -> 0 | AE63: =K63+N63+Q63+T63+W63 -> 0 | AF63: =AD63+X63 -> 0 | AG63: =AE63+Y63 -> 0
F64: 14. Professional & Other Services | Z64: =L64+O64+R64+U64 -> 0 | AA64: =M64+P64+S64+V64 -> 0 | AB64: =N64+Q64+T64+W64 -> 0 | AC64: =I64+L64+O64+R64+U64 -> 0 | AD64: =J64+M64+P64+S64+V64 -> 0 | AE64: =K64+N64+Q64+T64+W64 -> 0 | AF64: =AD64+X64 -> 0 | AG64: =AE64+Y64 -> 0
F65: 15. Personal | I65: =I66+I70+I71 -> 0 | J65: =J66+J70+J71 -> 0 | K65: =K66+K70+K71 -> 0 | L65: =L66+L70+L71 -> 0 | M65: =M66+M70+M71 -> 0 | N65: =N66+N70+N71 -> 0 | O65: =O66+O70+O71 -> 0 | P65: =P66+P70+P71 -> 0 | ... Y65: =Y66+Y70+Y71 -> 0 | Z65: =L65+O65+R65+U65 -> 0 | AA65: =M65+P65+S65+V65 -> 0 | AB65: =N65+Q65+T65+W65 -> 0 | AC65: =I65+L65+O65+R65+U65 -> 0 | AD65: =J65+M65+P65+S65+V65 -> 0 | AE65: =K65+N65+Q65+T65+W65 -> 0 | AF65: =AD65+X65 -> 0 | AG65: =AE65+Y65 -> 0
F66: a) Housing | I66: =I67+I69 -> 0 | J66: =J67+J69 -> 0 | K66: =K67+K69 -> 0 | L66: =L67+L69 -> 0 | M66: =M67+M69 -> 0 | N66: =N67+N69 -> 0 | O66: =O67+O69 -> 0 | P66: =P67+P69 -> 0 | ... Y66: =Y67+Y69 -> 0 | Z66: =L66+O66+R66+U66 -> 0 | AA66: =M66+P66+S66+V66 -> 0 | AB66: =N66+Q66+T66+W66 -> 0 | AC66: =I66+L66+O66+R66+U66 -> 0 | AD66: =J66+M66+P66+S66+V66 -> 0 | AE66: =K66+N66+Q66+T66+W66 -> 0 | AF66: =AD66+X66 -> 0 | AG66: =AE66+Y66 -> 0
F67: (i) Residential Mortgages | Z67: =L67+O67+R67+U67 -> 0 | AA67: =M67+P67+S67+V67 -> 0 | AB67: =N67+Q67+T67+W67 -> 0 | AC67: =I67+L67+O67+R67+U67 -> 0 | AD67: =J67+M67+P67+S67+V67 -> 0 | AE67: =K67+N67+Q67+T67+W67 -> 0 | AF67: =AD67+X67 -> 0 | AG67: =AE67+Y67 -> 0
F68: Equity Loans | Z68: =L68+O68+R68+U68 -> 0 | AA68: =M68+P68+S68+V68 -> 0 | AB68: =N68+Q68+T68+W68 -> 0 | AC68: =I68+L68+O68+R68+U68 -> 0 | AD68: =J68+M68+P68+S68+V68 -> 0 | AE68: =K68+N68+Q68+T68+W68 -> 0 | AF68: =AD68+X68 -> 0 | AG68: =AE68+Y68 -> 0
F69: (ii) Home Improvement | Z69: =L69+O69+R69+U69 -> 0 | AA69: =M69+P69+S69+V69 -> 0 | AB69: =N69+Q69+T69+W69 -> 0 | AC69: =I69+L69+O69+R69+U69 -> 0 | AD69: =J69+M69+P69+S69+V69 -> 0 | AE69: =K69+N69+Q69+T69+W69 -> 0 | AF69: =AD69+X69 -> 0 | AG69: =AE69+Y69 -> 0
F70: b) Land Purchase | Z70: =L70+O70+R70+U70 -> 0 | AA70: =M70+P70+S70+V70 -> 0 | AB70: =N70+Q70+T70+W70 -> 0 | AC70: =I70+L70+O70+R70+U70 -> 0 | AD70: =J70+M70+P70+S70+V70 -> 0 | AE70: =K70+N70+Q70+T70+W70 -> 0 | AF70: =AD70+X70 -> 0 | AG70: =AE70+Y70 -> 0
F71: c) Other | Z71: =L71+O71+R71+U71 -> 0 | AA71: =M71+P71+S71+V71 -> 0 | AB71: =N71+Q71+T71+W71 -> 0 | AC71: =I71+L71+O71+R71+U71 -> 0 | AD71: =J71+M71+P71+S71+V71 -> 0 | AE71: =K71+N71+Q71+T71+W71 -> 0 | AF71: =AD71+X71 -> 0 | AG71: =AE71+Y71 -> 0
F72: 16. Miscellaneous | Z72: =L72+O72+R72+U72 -> 0 | AA72: =M72+P72+S72+V72 -> 0 | AB72: =N72+Q72+T72+W72 -> 0 | AC72: =I72+L72+O72+R72+U72 -> 0 | AD72: =J72+M72+P72+S72+V72 -> 0 | AE72: =K72+N72+Q72+T72+W72 -> 0 | AF72: =AD72+X72 -> 0 | AG72: =AE72+Y72 -> 0
F73: 17. Total Resident | I73: =I30+I34+I35+I36+I44+I49+I53+I54+I55+I56+I61+I62+I63+I64+I65+I72 -> 0 | J73: =J30+J34+J35+J36+J44+J49+J53+J54+J55+J56+J61+J62+J63+J64+J65+J72 -> 0 | K73: =K30+K34+K35+K36+K44+K49+K53+K54+K55+K56+K61+K62+K63+K64+K65+K72 -> 0 | L73: =L30+L34+L35+L36+L44+L49+L53+L54+L55+L56+L61+L62+L63+L64+L65+L72 -> 0 | M73: =M30+M34+M35+M36+M44+M49+M53+M54+M55+M56+M61+M62+M63+M64+M65+M72 -> 0 | N73: =N30+N34+N35+N36+N44+N49+N53+N54+N55+N56+N61+N62+N63+N64+N65+N72 -> 0 | O73: =O30+O34+O35+O36+O44+O49+O53+O54+O55+O56+O61+O62+O63+O64+O65+O72 -> 0 | P73: =P30+P34+P35+P36+P44+P49+P53+P54+P55+P56+P61+P62+P63+P64+P65+P72 -> 0 | ... Y73: =Y30+Y34+Y35+Y36+Y44+Y49+Y53+Y54+Y55+Y56+Y61+Y62+Y63+Y64+Y65+Y72 -> 0 | Z73: =L73+O73+R73+U73 -> 0 | AA73: =M73+P73+S73+V73 -> 0 | AB73: =N73+Q73+T73+W73 -> 0 | AC73: =I73+L73+O73+R73+U73 -> 0 | AD73: =J73+M73+P73+S73+V73 -> 0 | AE73: =K73+N73+Q73+T73+W73 -> 0 | AF73: =AD73+X73 -> 0 | AG73: =AE73+Y73 -> 0
F74: 18. Total Non-Resident | Z74: =L74+O74+R74+U74 -> 0 | AA74: =M74+P74+S74+V74 -> 0 | AB74: =N74+Q74+T74+W74 -> 0 | AC74: =I74+L74+O74+R74+U74 -> 0 | AD74: =J74+M74+P74+S74+V74 -> 0 | AE74: =K74+N74+Q74+T74+W74 -> 0 | AF74: =AD74+X74 -> 0 | AG74: =AE74+Y74 -> 0

Sheet Form5
C3: Analysis of Commodity Composition on Consumer Credit
H5: (Value in $000s)
H6: DEMAND - UP TO 7 YEARS
D8: Type of Commodity | G8: Value of Debt Outstanding | H8: Value of Repayments | I8: Value of New Credit Extended | J8: Number of Agreements | K8: Value of Non-Performing Accounts | L8: Number of Non-Performing Accounts
C10: 1. | D10: Private Cars
C11: 2. | D11: Taxis or Rented Cars
C12: 3. | D12: Commercial Vehicles
C13: 4. | D13: Furnishings and Domestic Appliances
C14: 5. | D14: Travel
C15: 6. | D15: Education
C16: 7. | D16: Medical
C17: 8. | D17: Home Improvement
C18: 9. | D18: Land Purchase (i.e. Lots)
C19: 10. | D19: Consolidation of Debts
C20: 11. | D20: Credit Cards
C21: 12. | D21: Miscellaneous
D22: TOTAL | G22: =SUM(G10:G21) -> 0 | H22: =SUM(H10:H21) -> 0 | I22: =SUM(I10:I21) -> 0 | J22: =SUM(J10:J21) -> 0 | K22: =SUM(K10:K21) -> 0 | L22: =SUM(L10:L21) -> 0
H25: DEMAND - OVER 7 YEARS
D27: Type of Commodity | G27: Value of Debt Outstanding | H27: Value of Repayments | I27: Value of New Credit Extended | J27: Number of Agreements | K27: Value of Non-Performing Accounts | L27: Number of Non-Performing Accounts
C29: 1. | D29: Private Cars
C30: 2. | D30: Taxis or Rented Cars
C31: 3. | D31: Commercial Vehicles
C32: 4. | D32: Furnishings and Domestic Appliances
C33: 5. | D33: Travel
C34: 6. | D34: Education
C35: 7. | D35: Medical
C36: 8. | D36: Home Improvement
C37: 9. | D37: Land Purchase (i.e. Lots)
C38: 10. | D38: Consolidation of Debts
C39: 11. | D39: Credit Cards
C40: 12. | D40: Miscellaneous
D41: TOTAL | G41: =SUM(G29:G40) -> 0 | H41: =SUM(H29:H40) -> 0 | I41: =SUM(I29:I40) -> 0 | J41: =SUM(J29:J40) -> 0 | K41: =SUM(K29:K40) -> 0 | L41: =SUM(L29:L40) -> 0

Sheet Form10
B2: Analysis of Inter-Financial Institutions' Transactions
K4: Commercial Banks
K5: BOB - Bank of The Bahamas Ltd.
B6: A: BAHAMIAN DOLLAR TRANSACTIONS | K6: BNS - Scotiabank (Bahamas) Ltd.
B7: COMMERCIAL BANKS (AUTHORIZED DEALERS) | K7: CIBC - CIBC Caribbean Bank (Bahamas) Ltd.
C8: DUE TO | F8: DUE FROM | K8: CIT - Citibank N.A.
B9: Institution | C9: Demand/Call | D9: Fixed | E9: Borrowings | F9: Demand/Call | G9: Fixed | H9: Loans | I9: Negotiable Paper | K9: CBL - Commonwealth Bank Ltd.
K10: EBT - Equity Bank & Trust Ltd.
K11: FBB - Fidelity Bank (Bahamas) Ltd.
K12: FIN - Finance Corporation of Bahamas Ltd.
K13: RBC - RBC Royal Bank (Bahamas) Ltd.
K14: RFMB - RF Bank & Trust (Bahamas) Limited
K16: OLFIs
K17: BNT - Bank of Nova Scotia Trus Co. (Bahamas) Ltd., The
K18: BBL - Butterfield Trust (Bahamas) Ltd.
K19: CBT - CIBC Caribbean Trust Co. (Bahamas) Ltd.
K20: COR - Corner Bank (Overseas) Ltd.
K21: CTCL - Caystone Trust Company Ltd.
B22: (B$000s) Total: | C22: =SUM(C11:C21) -> 0 | D22: =SUM(D11:D21) -> 0 | E22: =SUM(E11:E21) -> 0 | F22: =SUM(F11:F21) -> 0 | G22: =SUM(G11:G21) -> 0 | H22: =SUM(H11:H21) -> 0 | I22: =SUM(I11:I21) -> 0 | K22: CUB - Capital Union Bank Ltd.
B23: Should Equal: | C23: ='Form 1'!K25 -> 0 | D23: ='Form 1'!K26 -> 0 | E23: ='Form 1'!K27 -> 0 | F23: =Form2!K24 -> 0 | G23: =Form2!K25 -> 0 | H23: =Form2!K26 -> 0 | I23: =Form2!K27 -> 0 | K23: DBT - Deltec Bank & Trust Ltd.
K24: JTC - JTC Private Trust Co. (Bahamas) Ltd.
B25: OTHER LOCAL FINANCIAL INSTITUTIONS (AUTHORIZED AGENTS) | K25: MTC - J.P. Morgan Trust Co. (Bahamas) Ltd.
C26: DUE TO | F26: DUE FROM | K26: LTL - Leno Trust Ltd.
B27: Institution | C27: Demand/Call | D27: Fixed | E27: Borrowings | F27: Demand/Call | G27: Fixed | H27: Loans | I27: Negotiable Paper | K27: TTC - Trident Trust Co.(Bahamas) Ltd.
B39: (B$000s) Total: | C39: =SUM(C28:C38) -> 0 | D39: =SUM(D28:D38) -> 0 | E39: =SUM(E28:E38) -> 0 | F39: =SUM(F28:F38) -> 0 | G39: =SUM(G28:G38) -> 0 | H39: =SUM(H28:H38) -> 0 | I39: =SUM(I28:I38) -> 0
B40: Should Equal: | C40: ='Form 1'!K29 -> 0 | D40: ='Form 1'!K30 -> 0 | E40: ='Form 1'!K31 -> 0 | F40: =Form2!K29 -> 0 | G40: =Form2!K30 -> 0 | H40: =Form2!K31 -> 0 | I40: =Form2!K32 -> 0
B42: B: FOREIGN CURRENCY TRANSACTIONS
B43: COMMERCIAL BANKS (AUTHORIZED DEALERS)
C44: DUE TO | F44: DUE FROM
B45: Institution | C45: Demand/Call | D45: Fixed | E45: Borrowings | F45: Demand/Call | G45: Fixed | H45: Loans | I45: Negotiable Paper
B57: (B$000s) Total: | C57: =SUM(C46:C56) -> 0 | D57: =SUM(D46:D56) -> 0 | E57: =SUM(E46:E56) -> 0 | F57: =SUM(F46:F56) -> 0 | G57: =SUM(G46:G56) -> 0 | H57: =SUM(H46:H56) -> 0 | I57: =SUM(I46:I56) -> 0
B58: Should Equal: | C58: ='Form 1'!L25+'Form 1'!M25 -> 0 | D58: ='Form 1'!L26+'Form 1'!M26 -> 0 | E58: ='Form 1'!L27+'Form 1'!M27 -> 0 | F58: =Form2!L24+Form2!M24 -> 0 | G58: =Form2!L25+Form2!M25 -> 0 | H58: =Form2!L26+Form2!M26 -> 0 | I58: =Form2!L27+Form2!M27 -> 0
B60: OTHER LOCAL FINANCIAL INSTITUTIONS (AUTHORIZED AGENTS)
C61: DUE TO | F61: DUE FROM
B62: Institution | C62: Demand/Call | D62: Fixed | E62: Borrowings | F62: Demand/Call | G62: Fixed | H62: Loans | I62: Negotiable Paper
B74: (B$000s) Total: | C74: =SUM(C63:C73) -> 0 | D74: =SUM(D63:D73) -> 0 | E74: =SUM(E63:E73) -> 0 | F74: =SUM(F63:F73) -> 0 | G74: =SUM(G63:G73) -> 0 | H74: =SUM(H63:H73) -> 0 | I74: =SUM(I63:I73) -> 0
B75: Should Equal: | C75: ='Form 1'!L29+'Form 1'!M29 -> 0 | D75: ='Form 1'!L30+'Form 1'!M30 -> 0 | E75: ='Form 1'!L31+'Form 1'!M31 -> 0 | F75: =Form2!L29+Form2!M29 -> 0 | G75: =Form2!L30+Form2!M30 -> 0 | H75: =Form2!L31+Form2!M31 -> 0 | I75: =Form2!L32+Form2!M32 -> 0

Sheet Sheet1
A1: Commercial Banks | B1: OLFIs
A2: BOB | B2: BNT
A3: BNS | B3: BBL
A4: CIBC | B4: CBT
A5: CIT | B5: COR
A6: CBL | B6: CTCL
A7: EBT | B7: CUB
A8: FBB | B8: DBT
A9: FIN | B9: JTC
A10: RBC | B10: MTC
A11: RFMB | B11: LTL
B12: TTC

Sheet Capital Composition
D6: Breakdown Of Capital Base
F8: ($000s)
E9: Section I: Common Equity Tier 1 (CET1) Capital: Instruments and Reserves
D10: 1 | E10: Ordinary Shares/common stock (issued and paid up that relate to directly issued qualifying CET1 capital instruments) | F10: 4379
D11: 2 | E11: Stock Surplus (Share Premiums arising from Item (1) above) | F11: 5474
D12: 3 | E12: Disclosed Reserves & Accumulated Other Comprehensive Income (inclusive of interim other comprehensive income)
D13: 4a. | E13: Beginning Retained Earnings | F13: ='Form 1'!N70 -> 0
D14: 4b. | E14: Current Year Net Profit (Loss) | F14: 2356
D15: 5 | E15: Ending Retained Earnings | F15: =SUM(F13:F14) -> 2356
D16: 6 | E16: Minority Interest (arising from CET1 capital instruments issued by the consolidated bank subsidiaries and held by third parties)
D18: 7 | E18: CET1 Capital Before Deductions ( A ) | F18: =SUM(F10:F12,F15:F16) -> 12209
D20: 8 | E20: Deductions (Regulatory Adjustments):
D21: 9 | E21: Valuation Adjustments
D22: 10 | E22: Goodwill
D23: 11 | E23: Other intangible assets
D24: 12 | E24: Cumulative cash flow hedge reserve (that relates to the hedging of financial instruments that are not fair valued on the balance sheet)
D25: 13 | E25: Gains and losses due to changes in own credit risk on fair valued liabilities
D26: 14 | E26: Defined benefit pension fund assets (and liabilities)
D27: 15 | E27: Deferred tax assets
D28: 16 | E28: Investments in own shares (Treasury stock CET1 capital instruments)
D29: 17 | E29: Reciprocal cross holdings in CET1 capital instruments issued by any financial sector entities
D30: 18 | E30: Gains on sale related to securitization transactions
D31: 19 | E31: Non-significant investments in the capital of banking, financial and insurance entities (outside the scope of regulatory consolidation and the bank does not own more than 10% of the issued common share capital of the entity)
... D34: 22 | E34: Regulatory adjustments applied to CET1 due to insufficient Additional Tier 1 and Tier 2 to cover deductions
D35: 23
D36: 24 | E36: CET1 Capital After Deductions ( B ) | H36: =F18-SUM(G21:G34) -> 12209
E38: Section II: Additional Tier 1 Capital: Instruments
D39: 24 | E39: Perpetual non-cumulative preferred share/stock (issued and paid up)
D40: 25 | E40: Additional Tier 1 capital instruments issued (meeting criteria for AT1 and are not included in CET1)
D41: 26 | E41: of which: amount that is subject to phase out
D42: 27 | E42: Stock surplus (i.e. share premium, if any, meeting the criteria for AT1)
D43: 28 | E43: Minority Interest, i.e. Additional Tier 1 capital instruments issued by consolidated bank subsidiaries and held by third parties and are not included in CET1
D44: 29 | E44: of which: amount that is subject to phase out
D46: 30 | E46: Additional Tier 1 Before Deductions ( C ) | F46: =SUM(F39,F40,F42,F43) -> 0
D48: 31 | E48: Deductions (Regulatory Adjustments):
D49: 32 | E49: Investment in own Additional Tier 1 instruments
D50: 33 | E50: Reciprocal cross holdings in Additional Tier 1 instruments
D51: 34 | E51: Non-significant capital investments in Additional Tier 1 of banking, financial and insurance entities (outside the scope of regulatory consolidation and the bank does not own more than 10% of the issued common share capital of the entity)
D52: 35 | E52: Significant capital investments in Additional Tier 1 of banking, financial and insurance entities (outside the scope of regulatory consolidation and the bank owns more than 10% of the issued common share capital of the enitity or where the entity is an affiliate of the bank)
D53: 36 | E53: Other deductions from Tier 1 capital as determined by the CBoB
D54: 37 | E54: Regulatory adjustments applied to Additional Tier 1 due to insufficient Tier 2 to cover deductions
D56: 38 | E56: Additional Tier 1 After Deductions ( D ) | H56: =F46-SUM(G49:G54) -> 0
D58: 39 | E58: Total Tier 1 Capital After Deductions ( B ) + ( D ) = ( E ) | H58: =SUM(H36,H56) -> 12209
E61: Section III: Tier 2 Capital: Instruments and Provisions
D62: 40 | E62: Directly issued qualifying Tier 2 instruments (i.e. Subordinated term debt meeting criteria of Tier 2)
D63: 41 | E63: Stock surplus (i.e. share premium, if any, resulting from the issue of instruments included in Tier 2)
D64: 42 | E64: Minority Interest, i.e. Tier 2 instruments issued by consolidated bank subsidiaries and held by third parties (and are not included in CET1 and AT1)
D65: 43 | E65: Regulatory reserves
D66: 44 | E66: Revaluation Reserves
D67: 45 | E67: General provisions | F67: ='Form 1'!N68 -> 0
D69: 46 | E69: Tier 2 Capital Before Deductions ( F ) | F69: =SUM(F62:F67) -> 0
D71: 47 | E71: Deductions (Regulatory Adjustments):
D72: 48 | E72: Investments in own Tier 2 capital instruments
D73: 49 | E73: Reciprocal cross holdings in Tier 2 capital instruments
D74: 50 | E74: Non-significant capital investments in Tier 2 of banking, financial and insurance entities (outside the scope of regulatory consolidation and the bank does not own more than 10% of the issued common share capital of the entity)
D75: 51 | E75: Significant capital investments in Tier 2 of banking, financial and insurance entities (outside the scope of regulatory consolidation and the bank owns more than 10% of the issued common share capital of the enitity or where the entity is an affiliate of the bank)
D76: 52 | E76: General provisions (i.e. the amount which is in excess of the maximum 1.25% of credit risk-weighted assets eligible for inclusion in Tier 2) | G76: =IF((1.25%*CapSum!H24)<F67,F67-(1.25%*CapSum!H24),0) -> 0
D77: 53 | E77: Other deductions from Tier 2 capital as determined by the CBOB
D79: 54 | E79: Tier 2 Capital After Deductions ( G ) | H79: =F69-SUM(G72:G77) -> 0
D81: 55 | E81: Total Eligible Capital Base (Tier 1 + Tier 2) ( E ) + ( G ) = ( H ) | H81: =H58+H79 -> 12209

Sheet New Capital Composition
D6: Breakdown of Capital Base
F8: ($000s)
E9: Common Equity Tier 1 (CET1) Capital: Instruments and Reserves
D10: 1.1 | E10: Ordinary Shares/common stock (issued and paid up that relate to directly issued qualifying CET1 capital instruments)
D11: 1.2 | E11: Stock Surplus (Share Premiums or additional paid-in capital arising from Item (1.1) above)
D12: 1.3 | E12: Accumulated Other Comprehensive Income (inclusive of interim other comprehensive income)
D13: 1.4 | E13: General or Statutory Reserves (as disclosed on the balance sheet)
D14: 1.5a | E14: Beginning Retained Earnings | F14: ='Form 1'!N70 -> 0
D15: 1.5b | E15: Current Year Net Profit (Loss) net of expected dividends
D16: 1.6 | E16: Ending Retained Earnings | F16: =SUM(F14:F15) -> 0
D18: 1.7 | E18: CET1 Capital Before Deductions | F18: =SUM(F10:F13,F16) -> 0
E20: Deductions (Regulatory Adjustments):
D21: 1.8 | E21: Valuation Adjustments
D22: 1.9 | E22: Goodwill
D23: 1.1 | E23: Other intangible assets
D24: 1.11 | E24: Cumulative cash flow hedge reserve (that relates to the hedging of financial instruments that are not fair valued on the balance sheet)
D25: 1.12 | E25: Gains and losses due to changes in own credit risk on fair valued liabilities
D26: 1.13 | E26: Negative amounts resulting from the calculation of expected losses
D27: 1.14 | E27: Defined benefit pension fund assets (and liabilities)
D28: 1.15 | E28: Investments in own shares (Treasury stock CET1 capital instruments)
D29: 1.16 | E29: Reciprocal cross holdings in CET1 capital instruments issued by any financial sector entities
D30: 1.17 | E30: Non-significant investments in the equity (CET1 instruments) of banking, financial and insurance entities (outside the scope of regulatory consolidation and the bank does not own more than 10% of the issued common share capital of the entity)
D31: 1.18 | E31: Significant investments in the equity (CET1 instruments) of banking, financial and insurance entities (outside the scope of regulatory consolidation and the bank owns more than 10% of the issued common share capital of the enitity or where the entity is an affiliate of the bank)
D32: 1.19 | E32: Any increase in equity that results from securitised assets
D33: 1.2 | E33: Other deduction or regulatory adjustments to CET1 as determined by the CBOB
D34: 1.21 | E34: Total Deduction from CET1 Capital | G34: =SUM(G21:G33) -> 0
D36: 1.22 | E36: Total Eligible Capital Base: CET1 Capital After Deductions | H36: =F18-G34 -> 0

Sheet CapSum
D6: Summary Schedule Of Total Eligible Capital
H8: ($000s)
D10: Capital Base
D12: Common Equity Tier 1 Capital | H12: ='Capital Composition'!H36 -> 12209
D13: Additional Tier 1 Capital | H13: ='Capital Composition'!H56 -> 0
D14: Total Tier 1 Capital | H14: =SUM(H12:H13) -> 12209
D16: Total Tier 2 Capital | H16: ='Capital Composition'!H79 -> 0
D18: Total Eligible Capital | H18: =SUM(H14+H16) -> 12209
D20: Credit Risk
D22: Using standardized approach
D23: Total Capital Required for Credit Risk | F23: 0.12 | G23: =H24*F23 -> 12184.468
D24: Total Credit Risk adjusted risk-weighted assets | H24: ='OFF Balance Sheet (Non-Deriv)'!K114+'OFF Balance Sheet (Deriv)'!P91+'CR - ON Balance Sheet'!K272-H50 -> 101537.23
D26: Operational Risk
D28: Using basic indicator approach | G28: =OpRisk!F15 -> 3564
D29: Using standardized approach | G29: =OpRisk!F47 -> 0
D30: Total Capital Required For Operational Risk | G30: =SUM(G28:G29) -> 3564
D32: Multiplier | G32: 12.5
D33: Total Operational Risk Adjusted Risk-Weighted Assets | H33: =G30*G32 -> 44550
D35: Market Risk
D37: Using standardized approach
D38: 1. Interest Rate Risk | G38: =G39+G40+G41 -> 0
D39: a. Specific Risk | G39: ='IRR-Specific'!K18 -> 0
D40: b. General Market Risk | G40: ='IRR-Specific'!K19 -> 0
D41: c. Interest Rate Options | G41: ='IRR-Specific'!K20 -> 0
D42: 2. Equity Position Risk | G42: =G43+G44 -> 0
D43: a. Specific Risk | G43: =Equity!H28 -> 0
D44: b. General Market Risk | G44: =Equity!H29 -> 0
D45: 3. Foreign Exchange Risks | G45: =FX!E28 -> 0
D46: 4. Commodities Risks | G46: =Commodities!H31 -> 0
D47: Total Capital Required For Market Risk | G47: =SUM(G38+G42+G45+G46) -> 0
D49: Multiplier | G49: 12.5
D50: Total Market Risk Adjusted Risk-Weighted Assets | H50: =G47*G49 -> 0
D52: Total Risk-Weighted Assets | H52: =H24+H33+H50 -> 146087.23
D54: Capital Adequacy Ratio | H54: =H18/H52 -> 0.083573354
D56: Common Equity Tier 1 To Risk-Weighted Assets | H56: =H12/H52 -> 0.083573354
D58: Tier 1 Capital To Risk-Weighted Assets | H58: =H14/H52 -> 0.083573354
D60: Gearing Ratio (Total Eligible Capital/Total Assets) | H60: =H18/Form2!N92 -> #DIV/0!

Sheet New CapSum
D6: Summary Schedule of Total Eligible Capital
H8: ($000s)
D10: Capital Base
D11: Common Equity Tier 1 Capital | H11: ='New Capital Composition'!F18 -> 0
D12: Less: Regulatory Adjustments | H12: ='New Capital Composition'!G34 -> 0
D14: Total Eligible Capital | H14: =SUM(H11-H12) -> 0
D16: Credit Risk
D17: Using standardised approach
D18: Total Capital Required for Credit Risk | F18: 0.12 | G18: =H20*F18 -> 0
D20: Total Credit Risk Adjusted Risk-Weighted Assets | H20: ='New OFF Balance Sheet (Non-Der)'!K148+'New OFF Balance Sheet (Deriv)'!P91+'New CR - ON Balance Sheet'!K338-H44 -> 0
D22: Operational Risk
D23: Using standardised approach | G23: =SUM('New OpRisk'!I101:I101) -> 0
D25: Total Capital Required For Operational Risk | H25: =G23 -> 0
D27: Multiplier | G27: 12.5
D28: Total Operational Risk Adjusted Risk-Weighted Assets | H28: =H25*G27 -> 0
D30: Market Risk
D31: Using simple standardized approach
D32: 1. Interest Rate Risk | E32: 1.3 | F32: =F33+F34+F35 -> 0 | G32: =E32*F32 -> 0
D33: a. Specific Risk | F33: ='IRR-Specific'!K18 -> 0
D34: b. General Market Risk | F34: ='IRR-Specific'!K19 -> 0
D35: c. Interest Rate Options | F35: ='IRR-Specific'!K20 -> 0
D36: 2. Equity Position Risk | E36: 3.5 | F36: =F37+F38 -> 0 | G36: =E36*F36 -> 0
D37: a. Specific Risk | F37: =Equity!H28 -> 0
D38: b. General Market Risk | F38: =Equity!H29 -> 0
D39: 3. Foreign Exchange Risks | E39: 1.2 | F39: =FX!E28 -> 0 | G39: =E39*F39 -> 0
D40: 4. Commodities Risks | E40: 1.9 | F40: =Commodities!H31 -> 0 | G40: =E40*F40 -> 0
D41: Total Capital Required For Market Risk | F41: =SUM(F32+F36+F39+F40) -> 0 | G41: =SUM(G32+G36+G39+G40) -> 0
D43: Multiplier | G43: 12.5
D44: Total Market Risk Adjusted Risk-Weighted Assets | H44: =G41*G43 -> 0
D46: Total Risk-Weighted Assets | H46: =SUM(H20+H28+H44) -> 0
D48: Capital Adequacy Ratio | H48: =H14/H46 -> #DIV/0!
D50: Leverage Ratio | H50: =SUM('New Leverage Ratio'!F37:G37) -> #DIV/0!

Sheet CR - ON Balance Sheet
D123: Credit Risk - Standardised Approach
D124: Item No. | E124: On Balance Sheet Items | G124: ($000s) | H124: CRM | I124: TOTAL (after CRM) | J124: Risk Weight (%) | K124: RWA
D127: 1 | E127: Cash Items | G127: =SUM(G129:G134) -> 3653 | H127: =SUM(H129:H134) -> 3653 | I127: =SUM(I129:I134) -> 0 | K127: =SUM(K129:K134) -> 0
D129: 1.1 | E129: Notes & Coins | G129: =Form2!N9 -> 0 | I129: =G129-H129 -> 0 | J129: 0 | K129: =I129*(J129/100) -> 0
D130: 1.2 | E130: Gold Bullion - In Vault | I130: =G130-H130 -> 0 | J130: 0 | K130: =I130*(J130/100) -> 0
D131: 1.3 | E131: Gold Bullion - Other | I131: =G131-H131 -> 0 | J131: 100 | K131: =I131*(J131/100) -> 0
D132: 1.4 | E132: Silver Bullion, Precious Metals & Other Gemstones | I132: =G132-H132 -> 0 | J132: 100 | K132: =I132*(J132/100) -> 0
D133: 1.5 | E133: Cash Items in the Course of Collection | G133: =Form2!N81 -> 0 | I133: =G133-H133 -> 0 | J133: 20 | K133: =I133*(J133/100) -> 0
D134: 1.6 | E134: Exposures Collateralized by Cash Deposits | G134: 3653 | H134: 3653 | I134: =G134-H134 -> 0 | J134: 0 | K134: =I134*(J134/100) -> 0
D136: 2 | E136: Sovereign Securities | G136: =SUM(G138:G139) -> 155675 | H136: =SUM(H138:H139) -> 0 | I136: =SUM(I138:I139) -> 155675 | K136: =ROUND(SUM(K138:K145),0) -> 0
D138: 2.1 | E138: Bahamas Government | G138: =Form2!N12 -> 0 | I138: =G138-H138 -> 0 | J138: 0 | K138: =I138*(J138/100) -> 0
D139: 2.2 | E139: Other Governments | G139: =SUM(G140:G145) -> 155675 | H139: =SUM(H140:H145) -> 0 | I139: =G139-H139 -> 155675
D140: 2.2.1 | E140: Credit Assessment of Sovereign Claims | F140: AAA to AA- | G140: 155675 | I140: =G140-H140 -> 155675 | J140: 0 | K140: =I140*(J140/100) -> 0
D141: 2.2.2 | F141: A+ to A- | I141: =G141-H141 -> 0 | J141: 20 | K141: =I141*(J141/100) -> 0
D142: 2.2.3 | F142: BBB+ to BBB- | I142: =G142-H142 -> 0 | J142: 50 | K142: =I142*(J142/100) -> 0
D143: 2.2.4 | F143: BB+ to B- | I143: =G143-H143 -> 0 | J143: 100 | K143: =I143*(J143/100) -> 0
D144: 2.2.5 | F144: Below B- | I144: =G144-H144 -> 0 | J144: 150 | K144: =I144*(J144/100) -> 0
D145: 2.2.6 | F145: Unrated | I145: =G145-H145 -> 0 | J145: 100 | K145: =I145*(J145/100) -> 0
D147: 3 | E147: Claims on Sovereigns and the Central Bank | G147: =SUM(G149:G151) -> 0 | H147: =SUM(H149:H151) -> 0 | I147: =G147-H147 -> 0 | K147: =SUM(K149:K151) -> 0
D149: 3.1 | E149: National Treatment - The Bahamas only | I149: =G149-H149 -> 0 | J149: 0 | K149: =I149*(J149/100) -> 0
D150: 3.2 | E150: Special Organizations | I150: =G150-H150 -> 0 | J150: 0 | K150: =I151*(J150/100) -> 0
D151: 3.3 | E151: Other Governments and Central Banks | G151: =SUM(G152:G157) -> 0 | H151: =SUM(H152:H157) -> 0 | I151: =G151-H151 -> 0 | K151: =SUM(K152:K157) -> 0
D152: 3.3.1 | E152: Credit Assessment of Sovereign Claims | F152: AAA to AA- | I152: =G152-H152 -> 0 | J152: 0 | K152: =I152*(J152/100) -> 0
D153: 3.3.2 | F153: A+ to A- | I153: =G153-H153 -> 0 | J153: 20 | K153: =I153*(J153/100) -> 0
D154: 3.3.3 | F154: BBB+ to BBB- | I154: =G154-H154 -> 0 | J154: 50 | K154: =I154*(J154/100) -> 0
D155: 3.3.4 | F155: BB+ to B- | I155: =G155-H155 -> 0 | J155: 100 | K155: =I155*(J155/100) -> 0
D156: 3.3.5 | F156: Below B- | I156: =G156-H156 -> 0 | J156: 150 | K156: =I156*(J156/100) -> 0
D157: 3.3.6 | F157: Unrated | I157: =G157-H157 -> 0 | J157: 100 | K157: =I157*(J157/100) -> 0
D159: 4 | E159: Claims on Public Sector Entities (PSEs) | G159: =SUM(G161,G162,G169) -> 0 | H159: =SUM(H161,H162,H169) -> 0 | I159: =SUM(I161,I162,I169) -> 0 | K159: =SUM(K161,K163:K168,K169) -> 0
D161: 4.1 | E161: Treatment as Sovereign | I161: =G161-H161 -> 0 | J161: 0 | K161: =I161*J161 -> 0
D162: 4.2 | E162: Treatment as Bank (Option 1) | G162: =SUM(G163:G168) -> 0 | H162: =SUM(H163:H168) -> 0 | I162: =G162-H162 -> 0
D163: 4.2.1 | E163: Credit Assessment of PSEs | F163: AAA to AA- | I163: =G163-H163 -> 0 | J163: 20 | K163: =I163*(J163/100) -> 0
D164: 4.2.2 | F164: A+ to A- | I164: =G164-H164 -> 0 | J164: 50 | K164: =I164*(J164/100) -> 0
D165: 4.2.3 | F165: BBB+ to BBB- | I165: =G165-H165 -> 0 | J165: 100 | K165: =I165*(J165/100) -> 0
D166: 4.2.4 | F166: BB+ to B- | I166: =G166-H166 -> 0 | J166: 100 | K166: =I166*(J166/100) -> 0
D167: 4.2.5 | F167: Below B- | I167: =G167-H167 -> 0 | J167: 150 | K167: =I167*(J167/100) -> 0
D168: 4.2.6 | F168: Unrated | I168: =G168-H168 -> 0 | J168: 100 | K168: =I168*(J168/100) -> 0
D169: 4.3 | E169: Treatment as Corporate | I169: =G169-H169 -> 0 | J169: 100 | K169: =I169*(J169/100) -> 0
D171: 5 | E171: Claims on Multi-Lateral Development Banks (MDBs) | G171: =Form2!N49 -> 0 | H171: =SUM(H173,H175:H180) -> 0 | I171: =SUM(I173,I175:I180) -> 0 | K171: =SUM(K173,K175:K180) -> 0
D173: 5.1 | E173: Special MDBs | I173: =G173-H173 -> 0 | J173: 0 | K173: =I173*J173 -> 0
D174: 5.2 | E174: Bank (Option 2)
D175: 5.2.1 | E175: Credit Assessment of MDBs | F175: AAA to AA- | I175: =G175-H175 -> 0 | J175: 20 | K175: =I175*(J175/100) -> 0
D176: 5.2.2 | F176: A+ to A- | I176: =G176-H176 -> 0 | J176: 50 | K176: =I176*(J176/100) -> 0
D177: 5.2.3 | F177: BBB+ to BBB- | I177: =G177-H177 -> 0 | J177: 50 | K177: =I177*(J177/100) -> 0
D178: 5.2.4 | F178: BB+ to B- | I178: =G178-H178 -> 0 | J178: 100 | K178: =I178*(J178/100) -> 0
D179: 5.2.5 | F179: Below B- | I179: =G179-H179 -> 0 | J179: 150 | K179: =I179*(J179/100) -> 0
D180: 5.2.6 | F180: Unrated | I180: =G180-H180 -> 0 | J180: 50 | K180: =I180*(J180/100) -> 0
D182: 6 | E182: Claims on Banks | G182: =SUM(G184,G191,G195) -> 200945 | H182: =SUM(H184,H191,H195) -> 0 | I182: =SUM(I184,I191,I195) -> 200945 | K182: =SUM(K184,K191,K195) -> 40484.2
D184: 6.1 | E184: Exposures with original maturity of more than three months: | G184: =SUM(G185:G190) -> 0 | H184: =SUM(H185:H190) -> 0 | I184: =SUM(I185:I190) -> 0 | K184: =SUM(K185:K190) -> 0
D185: 6.1.1 | E185: Credit assessment of Sovereign | F185: AAA to AA- | I185: =G185-H185 -> 0 | J185: 20 | K185: =I185*(J185/100) -> 0
D186: 6.1.2 | F186: A+ to A- | I186: =G186-H186 -> 0 | J186: 50 | K186: =I186*(J186/100) -> 0
D187: 6.1.3 | F187: BBB+ to BBB- | I187: =G187-H187 -> 0 | J187: 100 | K187: =I187*(J187/100) -> 0
D188: 6.1.4 | F188: BB+to B- | I188: =G188-H188 -> 0 | J188: 100 | K188: =I188*(J188/100) -> 0
D189: 6.1.5 | F189: Below B- | I189: =G189-H189 -> 0 | J189: 150 | K189: =I189*(J189/100) -> 0
D190: 6.1.6 | F190: Unrated | I190: =G190-H190 -> 0 | J190: 100 | K190: =I190*(J190/100) -> 0
D191: 6.2 | E191: Exposures with original maturity of three months or less (in domestic currency): | G191: =SUM(G192:G192) -> 375 | H191: =SUM(H192:H192) -> 0 | I191: =SUM(I192:I192) -> 375 | K191: =K192 -> 75
D192: 6.2.1 | E192: Domestic Currency | G192: 375 | I192: =G192-H192 -> 375 | J192: 20 | K192: =I192*(J192/100) -> 75
D195: 6.3 | E195: Exposures with original maturity of three months or less (in foreign currency): | G195: =SUM(G196:G201) -> 200570 | H195: =SUM(H196:H201) -> 0 | I195: =SUM(I196:I201) -> 200570 | K195: =SUM(K196:K201) -> 40409.2
D196: 6.3.1 | E196: Credit assessment of Sovereign | F196: AAA to AA- | G196: 200201 | I196: =G196-H196 -> 200201 | J196: 20 | K196: =I196*(J196/100) -> 40040.2
D197: 6.3.2 | F197: A+ to A- | I197: =G197-H197 -> 0 | J197: 50 | K197: =I197*(J197/100) -> 0
D198: 6.3.3 | F198: BBB+ to BBB- | I198: =G198-H198 -> 0 | J198: 100 | K198: =I198*(J198/100) -> 0
D199: 6.3.4 | F199: BB+to B- | G199: 362 | I199: =G199-H199 -> 362 | J199: 100 | K199: =I199*(J199/100) -> 362
D200: 6.3.5 | F200: Below B- | I200: =G200-H200 -> 0 | J200: 150 | K200: =I200*(J200/100) -> 0
D201: 6.3.6 | F201: Unrated | G201: 7 | I201: =G201-H201 -> 7 | J201: 100 | K201: =I201*(J201/100) -> 7
D203: 7 | E203: Claims on Securities Firm | G203: =SUM(G205:G210) -> 140 | H203: =SUM(H205:H210) -> 3 | I203: =SUM(I205:I210) -> 137 | K203: =SUM(K205:K210) -> 137
D205: 7.1.1 | E205: Credit assessment of Sovereign | F205: AAA to AA- | I205: =G205-H205 -> 0 | J205: 20 | K205: =I205*(J205/100) -> 0
D206: 7.1.2 | F206: A+ to A- | I206: =G206-H206 -> 0 | J206: 50 | K206: =I206*(J206/100) -> 0
D207: 7.1.3 | F207: BBB+ to BBB- | I207: =G207-H207 -> 0 | J207: 100 | K207: =I207*(J207/100) -> 0
D208: 7.1.4 | F208: BB+to B- | I208: =G208-H208 -> 0 | J208: 100 | K208: =I208*(J208/100) -> 0
D209: 7.1.5 | F209: Below BB- | I209: =G209-H209 -> 0 | J209: 150 | K209: =I209*(J209/100) -> 0
D210: 7.1.6 | F210: Unrated | G210: 140 | H210: 3 | I210: =G210-H210 -> 137 | J210: 100 | K210: =I210*(J210/100) -> 137
D212: 8 | E212: Claims on Corporates | G212: =SUM(G214:G214) -> 87575 | H212: =SUM(H214:H214) -> 70060 | I212: =SUM(I214:I214) -> 17515 | K212: =ROUND(SUM(K214:K214),0) -> 17515
D214: 8.1 | E214: Corporates | G214: 87575 | H214: 70060 | I214: =G214-H214 -> 17515 | J214: 100 | K214: =I214*(J214/100) -> 17515
D216: 9 | E216: Collective Investment Scheme Exposures | I216: =G216-H216 -> 0 | J216: 100 | K216: =I216*(J216/100) -> 0
D218: 10 | E218: Investments (Shares and Securities) | G218: =SUM(G219,G222:G223) -> 634 | H218: =SUM(H219,H222:H223) -> 0 | I218: =SUM(I219,I222:I223) -> 634 | K218: =SUM(K220:K223) -> 634
D219: 10.1 | E219: Domestic Securities | G219: =SUM(G220:G221) -> 30 | H219: =SUM(H220:H221) -> 0 | I219: =G219-H219 -> 30
D220: 10.1.1 | E220: Public Corporation Bonds | I220: =G220-H220 -> 0 | J220: 20 | K220: =I220*(J220/100) -> 0
D221: 10.1.2 | E221: Other Domestic Securities | G221: 30 | I221: =G221-H221 -> 30 | J221: 100 | K221: =I221*(J221/100) -> 30
D222: 10.2 | E222: Foreign Securities | G222: 604 | I222: =G222-H222 -> 604 | J222: 100 | K222: =I222*(J222/100) -> 604
D223: 10.3 | E223: Other Investments | I223: =G223-H223 -> 0 | J223: 100 | K223: =I223*(J223/100) -> 0
D225: 11 | E225: Securitizations | G225: =SUM(G227:G232) -> 0 | H225: =SUM(H227:H232) -> 0 | I225: =SUM(I227:I232) -> 0 | K225: =ROUND(SUM(K227:K230)-K231-K232,0) -> 0
D227: 11.1.1 | E227: Credit Assessment | F227: AAA to AA- (A-1/P-1) | I227: =G227-H227 -> 0 | J227: 20 | K227: =I227*(J227/100) -> 0
D228: 11.1.2 | F228: A+ to A- (A-2/P-2) | I228: =G228-H228 -> 0 | J228: 50 | K228: =I228*(J228/100) -> 0
D229: 11.1.3 | F229: BBB+ to BBB- (A-3/P-3) | I229: =G229-H229 -> 0 | J229: 100 | K229: =I229*(J229/100) -> 0
D230: 11.1.4 | F230: BB+ to BB- | I230: =G230-H230 -> 0 | J230: 350 | K230: =I230*(J230/100) -> 0
D231: 11.1.5 | F231: Below BB- | I231: =G231-H231 -> 0 | K231: =IF(I231<>0,0,0) -> 0
D232: 11.1.6 | F232: Unrated | I232: =G232-H232 -> 0 | J232: Deduction | K232: =IF(I232<>0,0,0) -> 0
D234: 12 | E234: Retail Portfolio | G234: =SUM(G236:G238) -> 203.61248 | H234: =SUM(H236:H238) -> 66.776136 | I234: =SUM(I236:I238) -> 136.83634 | K234: =ROUND(SUM(K236:K238),0) -> 103
D236: 12.1 | E236: Individual | G236: 203.61248 | H236: 66.776136 | I236: =G236-H236 -> 136.83634 | J236: 75 | K236: =I236*(J236/100) -> 102.62726
D237: 12.2 | E237: Small Business | I237: =G237-H237 -> 0 | J237: 75 | K237: =I237*(J237/100) -> 0
D238: 12.3 | E238: Other Retail Exposures | I238: =G238-H238 -> 0 | J238: 75 | K238: =I238*(J238/100) -> 0
D240: 13 | E240: Residential Mortgages | G240: =SUM(G242:G243) -> 0 | H240: =SUM(H242:H243) -> 0 | I240: =SUM(I242:I243) -> 0 | K240: =ROUND(SUM(K242:K243),0) -> 0
D242: 13.1 | E242: Secured | I242: =G242-H242 -> 0 | J242: 50 | K242: =I242*(J242/100) -> 0
D243: 13.2 | E243: Past Due (net of Specific Provisions) | G243: =G244-G245 -> 0 | H243: =H244-H245 -> 0 | I243: =G243-H243 -> 0 | J243: 100 | K243: =I243*(J243/100) -> 0
D244: 13.2.1 | E244: of which: Past Due | K244: =I244*(J244/100) -> 0
D245: 13.2.2 | E245: of which: Specific Provisions | K245: =I245*(J245/100) -> 0
D247: 14 | E247: Commercial Mortgages | G247: =G249 -> 0 | H247: =H249 -> 0 | I247: =I249 -> 0 | K247: =K249 -> 0
D249: 14.1 | E249: Secured | I249: =G249-H249 -> 0 | J249: 100 | K249: =I249*(J249/100) -> 0
D251: 15 | E251: Past Due Exposures (Over 90 days) | G251: =SUM(G254:G257,G260:G261) -> 0 | H251: =SUM(H254:H257,H260:H261) -> 0 | I251: =SUM(I254:I257,I260:I261) -> 0 | K251: =ROUND(SUM(K254:K257,K260:K261),0) -> 0
D253: 15.1 | E253: Secured and Past Due (Over 90 days) | K253: =SUM(K254:K257) -> 0
...

Sheet Capital Adequacy
F2: Statement of Capital Adequacy
B4: CAPITAL BREAKDOWN
B5: Item | C5: Core Capital - Tier 1 | H5: ($000s)
B6: 6.1 | C6: Ordinary Shares/Common Stock (Issued and Paid Up)
B7: 6.2 | C7: Perpetual Non-Cumulative Preferred Share/Stock (Issued and Paid Up)
B8: 6.3 | C8: Reserves | H8: =SUM(H9:H11) -> 0
C9: 6.3.1 Share Premium Account
C10: 6.3.2 Disclosed Prior Year's Reserves (excluding Item 6.9), etc.
C11: 6.3.3 Current Year’s Retained Profit
B12: 6.4 | C12: Current Year’s Losses
B13: 6.5 | C13: Minority Interests (in Tier 1 Capital)
B14: 6.6 | C14: Total of Items 6.1 to 6.5 | H14: =SUM(H6+H7+H8+H12+H13) -> 0
B15: 6.7 | C15: Goodwill and Other Intangible Assets
B16: 6.8 | C16: Total Tier 1 Capital (Item 6.6 less 6.7) | H16: =SUM(H14-H15) -> 0
C18: Supplementary Capital - Tier 2
B19: 6.9 | C19: Fixed Asset Revaluation Reserve
B20: 6.1 | C20: Other Assets Revaluation Reserves
B21: 6.11 | C21: General Provisions | H21: ='Form 1'!N68 -> 0
B22: 6.12 | C22: Hybrid (Debt/Equity) Instruments | H22: ='Form 1'!N59 -> 0
B23: 6.13 | C23: Subordinated Term Debt | H23: ='Form 1'!N60 -> 0
B24: 6.14 | C24: Minority Interests (in Tier 2 Capital)
C26: Less Adjustments To Capital
B27: 6.15 | C27: Excess General Provisions | H27: =IF((1.25%*G169)<H21, H21-( 1.25% *G169),0) -> 0
B28: 6.16 | C28: Excess Tier 2 Subordinated Debt | H28: =IF(H23> (0.5 * H16),H23-(0.5 * H16),0) -> 0
B29: 6.17 | C29: Amortization on Tier 2 Subordinated Debt
B30: 6.18 | C30: Total of (Items 6.9 to 6.14) Less Total of (Items 6.15 to 6.17) | H30: =SUM(H19:H24)-SUM(H27:H29) -> 0
B31: 6.19 | C31: Tier 2 Capital in Excess of the Overall Limit/Excess Tier 2 Capital | H31: =IF(H30>H16, ABS(H16 - H30), 0) -> 0
B32: 6.2 | C32: Total Eligible Tier 2 Capital (Items 6.18 less 6.19) | H32: =SUM(H30-H31) -> 0
B34: 6.21 | C34: Total Base Capital (Tier 1 + Tier 2) | H34: =H16 + H32 -> 0
C36: Less Adjustments To Base Capital
B37: 6.22 | C37: Equity and other capital requirements in subsidiary companies or associate
C38: (where subsidiary is not consolidated with the bank).
B40: 6.23 | C40: Equity and other capital requirements in non-operating bank or financial holding company
C41: (where financial institution is not consolidated with the bank or its subsidiary).
B43: 6.24 | C43: Equity and other capital requirements in financial institutions held by the bank or its subsidiary
C44: companies (where financial institution is not consolidated with the bank or its subsidiary).
B46: 6.25 | C46: Any undertakings by the bank to absorb designated first level of losses on claims supported
C47: by the bank.
B48: 6.26 | C48: Total Deduction To Base Capital | H48: =SUM(H37, H40,H43,H46) -> 0
B49: 6.27 | D49: Total Eligible Base Capital | H49: =SUM(H34-H48) -> 0
H51: [A] | I51: [B] | J51: [C] | K51: [D] | L51: [E]
B53: ON-BALANCE SHEET ITEMS: | H53: Notional Amounts | I53: Risk Weight (%) | J53: Adjustments | K53: Net Assets | L53: Net Risk-Weighted Assets
B55: Item | C55: ASSETS
B56: 7. | C56: 1. | D56: Notes & Coins | H56: =Form2!N9 -> 0 | I56: 0 | J56: 0 | K56: =SUM(H56-J56) -> 0 | L56: =ROUND(K56*(I56/100),0) -> 0
B57: 8. | C57: 2. | D57: Balance with Central Bank | H57: =Form2!N10 -> 0 | I57: 0 | J57: 0 | K57: =SUM(H57-J57) -> 0 | L57: =ROUND(K57*(I57/100),0) -> 0
B58: 9. | C58: 3. | D58: Balance with Financial Institutions (in Bahamas) | H58: =Form2!N22 -> 0 | L58: =SUM(L59,L65,L71) -> 0
D59: a) Commercial Banks (Authorized Dealers) | H59: =Form2!N23 -> 0 | L59: =SUM(L60:L64) -> 0
D60: (i) Demand Deposits | H60: =Form2!N24 -> 0 | I60: 20 | J60: 0 | K60: =SUM(H60-J60) -> 0 | L60: =ROUND(K60*(I60/100),0) -> 0
D61: (ii) Fixed Deposits | H61: =Form2!N25 -> 0 | I61: 20 | J61: 0 | K61: =SUM(H61-J61) -> 0 | L61: =ROUND(K61*(I61/100),0) -> 0
D62: (iii) Loans | H62: =Form2!N26-H63 -> 0 | I62: 20 | J62: 0 | K62: =SUM(H62-J62) -> 0 | L62: =ROUND(K62*(I62/100),0) -> 0
D63: of which: Loans to Zone B Banks Over 1 Year | H63: 0 | I63: 100 | J63: 0 | K63: =SUM(H63-J63) -> 0 | L63: =ROUND(K63*(I63/100),0) -> 0
D64: (iv) Negotiable Paper Issued by Other Banks | H64: =Form2!N27 -> 0 | I64: 20 | J64: 0 | K64: =SUM(H64-J64) -> 0 | L64: =ROUND(K64*(I64/100),0) -> 0
D65: b) Other Local Financial Institutions (Authorized Agents) | H65: =Form2!N28 -> 0 | L65: =SUM(L66:L70) -> 0
D66: (i) Demand Deposits | H66: =Form2!N29 -> 0 | I66: 20 | J66: 0 | K66: =SUM(H66-J66) -> 0 | L66: =ROUND(K66*(I66/100),0) -> 0
D67: (ii) Fixed Deposits | H67: =Form2!N30 -> 0 | I67: 20 | J67: 0 | K67: =SUM(H67-J67) -> 0 | L67: =ROUND(K67*(I67/100),0) -> 0
D68: (iii) Loans | H68: =Form2!N31-H69 -> 0 | I68: 20 | J68: 0 | K68: =SUM(H68-J68) -> 0 | L68: =ROUND(K68*(I68/100),0) -> 0
D69: of which: Loans to Zone B Banks Over 1 Year | H69: 0 | I69: 100 | J69: 0 | K69: =SUM(H69-J69) -> 0 | L69: =ROUND(K69*(I69/100),0) -> 0
D70: (iv) Negotiable Paper Issued by Other Banks | H70: =Form2!N32 -> 0 | I70: 20 | J70: 0 | K70: =SUM(H70-J70) -> 0 | L70: =ROUND(K70*(I70/100),0) -> 0
D71: c) Balance with "Offshore" Financial Institutions in Bahamas | H71: =Form2!N33 -> 0 | I71: 20 | J71: 0 | K71: =SUM(H71-J71) -> 0 | L71: =ROUND(K71*(I71/100),0) -> 0
B72: 10. | C72: 4. | D72: Balance with Financial Institutions (outside Bahamas) | H72: =Form2!N38 -> 0 | L72: =SUM(L73,L79) -> 0
D73: a) Head Office or Branches: | H73: =Form2!N39 -> 0 | L73: =SUM(L74:L78) -> 0
D74: (i) Demand Deposits | H74: =Form2!N40 -> 0 | I74: 20 | J74: 0 | K74: =SUM(H74-J74) -> 0 | L74: =ROUND(K74*(I74/100),0) -> 0
D75: (ii) Fixed Deposits | H75: =Form2!N41 -> 0 | I75: 20 | J75: 0 | K75: =SUM(H75-J75) -> 0 | L75: =ROUND(K75*(I75/100),0) -> 0
D76: (iii) Loans | H76: =Form2!N42-H77 -> 0 | I76: 20 | J76: 0 | K76: =SUM(H76-J76) -> 0 | L76: =ROUND(K76*(I76/100),0) -> 0
D77: of which: Loans to Zone B Banks Over 1 Year | H77: 0 | I77: 100 | J77: 0 | K77: =SUM(H77-J77) -> 0 | L77: =ROUND(K77*(I77/100),0) -> 0
D78: (iv) Negotiable Paper Issued by Other Banks | H78: =Form2!N43 -> 0 | I78: 20 | J78: 0 | K78: =SUM(H78-J78) -> 0 | L78: =ROUND(IF(H78="","",K78*(I78/100)),0) -> 0
D79: b) Others: | H79: =Form2!N44 -> 0 | L79: =SUM(L80:L86) -> 0
D80: (i) Demand Deposits | H80: =Form2!N45 -> 0 | I80: 20 | J80: 0 | K80: =SUM(H80-J80) -> 0 | L80: =ROUND(K80*(I80/100),0) -> 0
D81: (ii) Fixed Deposits | H81: =Form2!N46-H82-H83 -> 0 | I81: 100 | J81: 0 | K81: =SUM(H81-J81) -> 0 | L81: =ROUND(K81*(I81/100),0) -> 0
D82: of which: Fixed Deposits to Zone A (excluding Bahamas) Banks < 1 Year | H82: 0 | I82: 20 | J82: 0 | K82: =SUM(H82-J82) -> 0 | L82: =ROUND(K82*(I82/100),0) -> 0
D83: of which: Fixed Deposits to Zone B Banks < 1 Year | H83: 0 | I83: 20 | J83: 0 | K83: =SUM(H83-J83) -> 0 | L83: =ROUND(K83*(I83/100),0) -> 0
D84: (iii) Loans | H84: =Form2!N47-H85 -> 0 | I84: 100 | J84: 0 | K84: =SUM(H84-J84) -> 0 | L84: =ROUND(K84*(I84/100),0) -> 0
D85: of which: Loans to Zone B Banks Over 1 Year | H85: 0 | I85: 100 | J85: 0 | K85: =SUM(H85-J85) -> 0 | L85: =ROUND(K85*(I85/100),0) -> 0
D86: (iv) Negotiable Paper Issued by Other Banks | H86: =Form2!N48 -> 0 | I86: 100 | J86: 0 | K86: =SUM(H86-J86) -> 0 | L86: =ROUND(K86*(I86/100),0) -> 0
B87: 11. | C87: 5. | D87: Loans and Advances | H87: =Form2!N50 -> 0
D88: a) Resident: | L88: =SUM(L89,L90,L93,L97,L98,L100,L101,L102,L104,L105) -> 0
D89: (i) Government | H89: =Form2!N57 -> 0 | I89: 0 | J89: 0 | K89: =SUM(H89-J89) -> 0 | L89: =ROUND(K89*(I89/100),0) -> 0
D90: (ii) Public Corporation: Performing | H90: =Form2!N58-H91-H92 -> 0 | I90: 20 | J90: 0 | K90: =SUM(H90-J90) -> 0 | L90: =ROUND(K90*(I90/100),0) -> 0
D91: Non-Performing (Net of Specific Provisions) | H91: 0 | I91: 100 | J91: 0 | K91: =SUM(H91-J91) -> 0 | L91: =ROUND(K91*(I91/100),0) -> 0
D92: Specific Provisions
D93: (iii) Public Financial Institutions: Performing | H93: =Form2!N59-H94-H95 -> 0 | I93: 20 | J93: 0 | K93: =SUM(H93-J93) -> 0 | L93: =ROUND(K93*(I93/100),0) -> 0
D94: Non-Performing (Net of Specific Provisions) | H94: 0 | I94: 100 | J94: 0 | K94: =SUM(H94-J94) -> 0 | L94: =ROUND(K94*(I94/100),0) -> 0
D95: Specific Provisions
D96: (iv) Mortgages | H96: =Form2!N60 -> 0
D97: a) Residential Mortgages: Performing | H97: =Form2!N61-H98-H99-H100 -> 0 | I97: 50 | J97: 0 | K97: =SUM(H97-J97) -> 0 | L97: =ROUND(K97*(I97/100),0) -> 0
D98: Non-Performing (Net of Specific Provisions) | H98: 0 | I98: 100 | J98: 0 | K98: =SUM(H98-J98) -> 0 | L98: =ROUND(K98*(I98/100),0) -> 0
D99: Specific Provisions
D100: of which: Equity Loans | H100: =Form2!N62 -> 0 | I100: 100 | J100: 0 | K100: =SUM(H100-J100) -> 0 | L100: =ROUND(K100*(I100/100),0) -> 0
D101: b) Commercial Mortgages: Performing | H101: =Form2!N63-H102-H103 -> 0 | I101: 100 | J101: 0 | K101: =SUM(H101-J101) -> 0 | L101: =ROUND(K101*(I101/100),0) -> 0
D102: Non-Performing (Net of Specific Provisions) | H102: 0 | I102: 100 | J102: 0 | K102: =SUM(H102-J102) -> 0 | L102: =ROUND(K102*(I102/100),0) -> 0
D103: Specific Provisions
D104: (v) Others: Performing | H104: =Form2!N64-H105-H106 -> 0 | I104: 100 | J104: 0 | K104: =SUM(H104-J104) -> 0 | L104: =ROUND(K104*(I104/100),0) -> 0
D105: Non-Performing (Net of Specific Provisions) | H105: 0 | I105: 100 | J105: 0 | K105: =SUM(H105-J105) -> 0 | L105: =ROUND(K105*(I105/100),0) -> 0
D106: Specific Provisions
D107: (vi) Loans Covered by Cash with Legal Right of Set-Off | H107: 0 | I107: 0 | J107: 0 | K107: =SUM(H107-J107) -> 0 | L107: =ROUND(K107*(I107/100),0) -> 0
D108: b) Non-Resident | H108: =Form2!N65 -> 0 | L108: =SUM(L109,L112,L119,L126,L133) -> 0
D109: (i) Government | H109: =Form2!N70 -> 0 | L109: =SUM(L110:L111) -> 0
D110: a) Zone A Governments or Government-Guaranteed | H110: 0 | I110: 0 | J110: 0 | K110: =SUM(H110-J110) -> 0 | L110: =ROUND(K110*(I110/100),0) -> 0
D111: b) Outside Zone A Governments | H111: 0 | I111: 100 | J111: 0 | K111: =SUM(H111-J111) -> 0 | L111: =ROUND(K111*(I111/100),0) -> 0
D112: (ii) Public Corporation | H112: =Form2!N71 -> 0 | L112: =SUM(L113:L114,L116:L117) -> 0
...

Sheet New CR - ON Balance Sheet
D123: Credit Risk - Standardised Approach
D124: Item No. | E124: On Balance Sheet Items | G124: ($000s) | H124: CRM | I124: TOTAL (after CRM) | J124: Risk Weight (%) | K124: RWA
D127: 1 | E127: Cash Items | G127: =SUM(G129:G134) -> 0 | H127: =SUM(H129:H134) -> 0 | I127: =SUM(I129:I134) -> 0 | K127: =SUM(K129:K134) -> 0
D129: 1.1 | E129: Notes & Coins | G129: =Form2!N9 -> 0 | I129: =G129-H129 -> 0 | J129: 0 | K129: =I129*(J129/100) -> 0
D130: 1.2 | E130: Gold Bullion - In Vault | I130: =G130-H130 -> 0 | J130: 0 | K130: =I130*(J130/100) -> 0
D131: 1.3 | E131: Gold Bullion - Other | I131: =G131-H131 -> 0 | J131: 100 | K131: =I131*(J131/100) -> 0
D132: 1.4 | E132: Silver Bullion, Precious Metals & Other Gemstones | I132: =G132-H132 -> 0 | J132: 100 | K132: =I132*(J132/100) -> 0
D133: 1.5 | E133: Cash Items in the Course of Collection | G133: =Form2!N81 -> 0 | I133: =G133-H133 -> 0 | J133: 20 | K133: =I133*(J133/100) -> 0
D134: 1.6 | E134: Exposures Collateralized by Cash Deposits | I134: =G134-H134 -> 0 | J134: 0 | K134: =I134*(J134/100) -> 0
D136: 2 | E136: Sovereign Securities | G136: =SUM(G138:G139) -> 0 | H136: =SUM(H138:H139) -> 0 | I136: =SUM(I138:I139) -> 0 | K136: =ROUND(SUM(K138:K145),0) -> 0
D138: 2.1 | E138: Bahamas Government | G138: =Form2!N12 -> 0 | I138: =G138-H138 -> 0 | J138: 0 | K138: =I138*(J138/100) -> 0
D139: 2.2 | E139: Other Governments | G139: =SUM(G140:G145) -> 0 | H139: =SUM(H140:H145) -> 0 | I139: =G139-H139 -> 0
D140: 2.2.1 | E140: Credit Assessment of Sovereign Claims | F140: AAA to AA- | I140: =G140-H140 -> 0 | J140: 0 | K140: =I140*(J140/100) -> 0
D141: 2.2.2 | F141: A+ to A- | I141: =G141-H141 -> 0 | J141: 20 | K141: =I141*(J141/100) -> 0
D142: 2.2.3 | F142: BBB+ to BBB- | I142: =G142-H142 -> 0 | J142: 50 | K142: =I142*(J142/100) -> 0
D143: 2.2.4 | F143: BB+ to B- | I143: =G143-H143 -> 0 | J143: 100 | K143: =I143*(J143/100) -> 0
D144: 2.2.5 | F144: Below B- | I144: =G144-H144 -> 0 | J144: 150 | K144: =I144*(J144/100) -> 0
D145: 2.2.6 | F145: Unrated | I145: =G145-H145 -> 0 | J145: 100 | K145: =I145*(J145/100) -> 0
D147: 3 | E147: Claims on Sovereigns and the Central Bank | G147: =SUM(G149:G151) -> 0 | H147: =SUM(H149:H151) -> 0 | I147: =G147-H147 -> 0 | K147: =ROUND(SUM(K149:K151),0) -> 0
D149: 3.1 | E149: National Treatment - The Bahamas only | I149: =G149-H149 -> 0 | J149: 0 | K149: =I149*(J149/100) -> 0
D150: 3.2 | E150: Special Organizations | I150: =G150-H150 -> 0 | J150: 0 | K150: =I151*(J150/100) -> 0
D151: 3.3 | E151: Other Governments and Central Banks | G151: =SUM(G152:G157) -> 0 | H151: =SUM(H152:H157) -> 0 | I151: =G151-H151 -> 0 | K151: =SUM(K152:K157) -> 0
D152: 3.3.1 | E152: Credit Assessment of Sovereign Claims | F152: AAA to AA- | I152: =G152-H152 -> 0 | J152: 0 | K152: =I152*(J152/100) -> 0
D153: 3.3.2 | F153: A+ to A- | I153: =G153-H153 -> 0 | J153: 20 | K153: =I153*(J153/100) -> 0
D154: 3.3.3 | F154: BBB+ to BBB- | I154: =G154-H154 -> 0 | J154: 50 | K154: =I154*(J154/100) -> 0
D155: 3.3.4 | F155: BB+ to B- | I155: =G155-H155 -> 0 | J155: 100 | K155: =I155*(J155/100) -> 0
D156: 3.3.5 | F156: Below B- | I156: =G156-H156 -> 0 | J156: 150 | K156: =I156*(J156/100) -> 0
D157: 3.3.6 | F157: Unrated | I157: =G157-H157 -> 0 | J157: 100 | K157: =I157*(J157/100) -> 0
D159: 4 | E159: Claims on Public Sector Entities (PSEs) | G159: =SUM(G161,G170,G181) -> 0 | H159: =SUM(H161,H170,H181) -> 0 | I159: =SUM(I161,I170,I181) -> 0 | K159: =SUM(K162:K168,K171:K176,K182:K186) -> 0
D161: 4.1 | E161: Treatment as Sovereign | G161: =SUM(G162:G168) -> 0 | H161: =SUM(H162:H168) -> 0 | I161: =G161-H161 -> 0
D162: 4.1.1 | E162: Treatment as Bahamas Sovereign | I162: =G162-H162 -> 0 | J162: 0 | K162: =I162*(J162/100) -> 0
D163: 4.1.2 | E163: Credit Assessment of PSEs | F163: AAA to AA- | I163: =G163-H163 -> 0 | J163: 0 | K163: =I163*(J163/100) -> 0
D164: 4.1.3 | F164: A+ to A- | I164: =G164-H164 -> 0 | J164: 20 | K164: =I164*(J164/100) -> 0
D165: 4.1.4 | F165: BBB+ to BBB- | I165: =G165-H165 -> 0 | J165: 50 | K165: =I165*(J165/100) -> 0
D166: 4.1.5 | F166: BB+ to B- | I166: =G166-H166 -> 0 | J166: 100 | K166: =I166*(J166/100) -> 0
D167: 4.1.6 | F167: Below B- | I167: =G167-H167 -> 0 | J167: 150 | K167: =I167*(J167/100) -> 0
D168: 4.1.7 | F168: Unrated | I168: =G168-H168 -> 0 | J168: 100 | K168: =I168*(J168/100) -> 0
D170: 4.2 | E170: Treatment as Bank | G170: =SUM(G171:G176) -> 0 | H170: =SUM(H171:H176) -> 0 | I170: =G170-H170 -> 0
D171: 4.2.1 | E171: Credit Assessment of PSEs | F171: AAA to AA- | I171: =G171-H171 -> 0 | J171: 20 | K171: =I171*(J171/100) -> 0
D172: 4.2.2 | F172: A+ to A- | I172: =G172-H172 -> 0 | J172: 30 | K172: =I172*(J172/100) -> 0
D173: 4.2.3 | F173: BBB+ to BBB- | I173: =G173-H173 -> 0 | J173: 50 | K173: =I173*(J173/100) -> 0
D174: 4.2.4 | F174: BB+ to B- | I174: =G174-H174 -> 0 | J174: 100 | K174: =I174*(J174/100) -> 0
D175: 4.2.5 | F175: Below B- | I175: =G175-H175 -> 0 | J175: 150 | K175: =I175*(J175/100) -> 0
D176: 4.2.6 | F176: Unrated | G176: =SUM(G177:G179) -> 0 | H176: =SUM(H177:H179) -> 0 | K176: =SUM(K177:K179) -> 0
D177: 4.2.7 | F177: Grade "A" | I177: =G177-H177 -> 0 | J177: 40 | K177: =I177*(J177/100) -> 0
D178: 4.2.8 | F178: Grade "B" | I178: =G178-H178 -> 0 | J178: 75 | K178: =I178*(J178/100) -> 0
D179: 4.2.9 | F179: Grade "C" | I179: =G179-H179 -> 0 | J179: 100 | K179: =I179*(J179/100) -> 0
D181: 4.3 | E181: Treatment as Corporate | G181: =SUM(G182:G186) -> 0 | H181: =SUM(H182:H186) -> 0 | I181: =G181-H181 -> 0
D182: 4.3.1 | E182: Credit Assessment of PSEs | F182: AAA to AA- | I182: =G182-H182 -> 0 | J182: 20 | K182: =I182*(J182/100) -> 0
D183: 4.3.2 | F183: A+ to A- | I183: =G183-H183 -> 0 | J183: 50 | K183: =I183*(J183/100) -> 0
D184: 4.3.3 | F184: BBB+ to BB- | I184: =G184-H184 -> 0 | J184: 100 | K184: =I184*(J184/100) -> 0
D185: 4.3.5 | F185: Below BB- | I185: =G185-H185 -> 0 | J185: 150 | K185: =I185*(J185/100) -> 0
D186: 4.3.6 | F186: Unrated | I186: =G186-H186 -> 0 | J186: 100 | K186: =I186*(J186/100) -> 0
D188: 5 | E188: Claims on Multi-Lateral Development Banks (MDBs) | G188: =Form2!N49 -> 0 | H188: =SUM(H191:H196) -> 0 | I188: =SUM(I191:I196) -> 0 | K188: =ROUND(SUM(K191:K196),0) -> 0
D190: 5.1 | E190: Treatment as MDBs
D191: 5.1.1 | E191: Credit Assessment of MDBs | F191: AAA to AA- | I191: =G191-H191 -> 0 | J191: 20 | K191: =I191*(J191/100) -> 0
D192: 5.1.2 | F192: A+ to A- | I192: =G192-H192 -> 0 | J192: 100 | K192: =I192*(J192/100) -> 0
D193: 5.1.3 | F193: BBB+ to BBB- | I193: =G193-H193 -> 0 | J193: 100 | K193: =I193*(J193/100) -> 0
D194: 5.1.4 | F194: BB+ to B- | I194: =G194-H194 -> 0 | J194: 100 | K194: =I194*(J194/100) -> 0
D195: 5.1.5 | F195: Below B- | I195: =G195-H195 -> 0 | J195: 100 | K195: =I195*(J195/100) -> 0
D196: 5.1.6 | F196: Unrated | I196: =G196-H196 -> 0 | J196: 100 | K196: =I196*(J196/100) -> 0
D198: 6 | E198: Claims on Banks | G198: =SUM(G200,G211,G215) -> 0 | H198: =SUM(H200,H211,H215) -> 0 | I198: =SUM(I200,I211,I215) -> 0 | K198: =SUM(K200,K211,K215) -> 0
D200: 6.1 | E200: Exposures with original maturity of more than three months: | G200: =SUM(G201:G206) -> 0 | H200: =SUM(H201:H206) -> 0 | I200: =SUM(I201:I206) -> 0 | K200: =SUM(K201:K206) -> 0
D201: 6.1.1 | E201: Credit assessment of Banks | F201: AAA to AA- | I201: =G201-H201 -> 0 | J201: 20 | K201: =I201*(J201/100) -> 0
D202: 6.1.2 | F202: A+ to A- | I202: =G202-H202 -> 0 | J202: 30 | K202: =I202*(J202/100) -> 0
D203: 6.1.3 | F203: BBB+ to BBB- | I203: =G203-H203 -> 0 | J203: 50 | K203: =I203*(J203/100) -> 0
D204: 6.1.4 | F204: BB+to B- | I204: =G204-H204 -> 0 | J204: 100 | K204: =I204*(J204/100) -> 0
D205: 6.1.5 | F205: Below B- | I205: =G205-H205 -> 0 | J205: 150 | K205: =I205*(J205/100) -> 0
D206: 6.1.6 | F206: Unrated | G206: =SUM(G207:G209) -> 0 | H206: =SUM(H207:H209) -> 0 | I206: =G206-H206 -> 0 | K206: =SUM(K207:K209) -> 0
D207: 6.1.7 | F207: Grade "A" | I207: =G207-H207 -> 0 | J207: 40 | K207: =I207*(J207/100) -> 0
D208: 6.1.8 | F208: Grade "B" | I208: =G208-H208 -> 0 | J208: 75 | K208: =I208*(J208/100) -> 0
D209: 6.1.9 | F209: Grade "C" | I209: =G209-H209 -> 0 | J209: 100 | K209: =I209*(J209/100) -> 0
D211: 6.2 | E211: Exposures with original maturity of three months or less (in domestic currency): | G211: =SUM(G212:G212) -> 0 | H211: =SUM(H212:H212) -> 0 | I211: =SUM(I212:I212) -> 0 | K211: =K212 -> 0
D212: 6.2.1 | E212: Domestic Currency | I212: =G212-H212 -> 0 | J212: 20 | K212: =I212*(J212/100) -> 0
D215: 6.3 | E215: Exposures with original maturity of three months or less: | G215: =SUM(G216:G221) -> 0 | H215: =SUM(H216:H221) -> 0 | I215: =SUM(I216:I221) -> 0 | K215: =SUM(K216:K221) -> 0
D216: 6.3.1 | E216: Credit assessment of Counterparty | F216: AAA to AA- | I216: =G216-H216 -> 0 | J216: 20 | K216: =I216*(J216/100) -> 0
D217: 6.3.2 | F217: A+ to A- | I217: =G217-H217 -> 0 | J217: 20 | K217: =I217*(J217/100) -> 0
D218: 6.3.3 | F218: BBB+ to BBB- | I218: =G218-H218 -> 0 | J218: 20 | K218: =I218*(J218/100) -> 0
D219: 6.3.4 | F219: BB+to B- | I219: =G219-H219 -> 0 | J219: 50 | K219: =I219*(J219/100) -> 0
D220: 6.3.5 | F220: Below B- | I220: =G220-H220 -> 0 | J220: 150 | K220: =I220*(J220/100) -> 0
D221: 6.3.6 | F221: Unrated | G221: =SUM(G222:G224) -> 0 | H221: =SUM(H222:H224) -> 0 | I221: =G221-H221 -> 0 | K221: =SUM(K222:K224) -> 0
D222: 6.3.7 | F222: Grade "A" | I222: =G222-H222 -> 0 | J222: 20 | K222: =I222*(J222/100) -> 0
D223: 6.3.8 | F223: Grade "B" | I223: =G223-H223 -> 0 | J223: 50 | K223: =I223*(J223/100) -> 0
D224: 6.3.9 | F224: Grade "C" | I224: =G224-H224 -> 0 | J224: 100 | K224: =I224*(J224/100) -> 0
D226: 7 | E226: Claims on Securities Firm | G226: =SUM(G228:G233) -> 0 | H226: =SUM(H228:H233) -> 0 | I226: =SUM(I228:I233) -> 0 | K226: =SUM(K228:K232,K234:K236) -> 0
D228: 7.1.1 | E228: Credit assessment of Counterparty | F228: AAA to AA- | I228: =G228-H228 -> 0 | J228: 20 | K228: =I228*(J228/100) -> 0
D229: 7.1.2 | F229: A+ to A- | I229: =G229-H229 -> 0 | J229: 30 | K229: =I229*(J229/100) -> 0
D230: 7.1.3 | F230: BBB+ to BBB- | I230: =G230-H230 -> 0 | J230: 50 | K230: =I230*(J230/100) -> 0
D231: 7.1.4 | F231: BB+to B- | I231: =G231-H231 -> 0 | J231: 100 | K231: =I231*(J231/100) -> 0
D232: 7.1.5 | F232: Below BB- | I232: =G232-H232 -> 0 | J232: 150 | K232: =I232*(J232/100) -> 0
D233: 7.1.6 | F233: Unrated | G233: =SUM(G234:G236) -> 0 | H233: =SUM(H234:H236) -> 0 | I233: =G233-H233 -> 0 | K233: =I233*(J233/100) -> 0
D234: 7.1.7 | F234: Grade "A" | I234: =G234-H234 -> 0 | J234: 40 | K234: =I234*(J234/100) -> 0
D235: 7.1.8 | F235: Grade "B" | I235: =G235-H235 -> 0 | J235: 75 | K235: =I235*(J235/100) -> 0
D236: 7.1.9 | F236: Grade "C" | I236: =G236-H236 -> 0 | J236: 100 | K236: =I236*(J236/100) -> 0
D238: 8 | E238: Claims on Corporates | G238: =SUM(G241:G245) -> 0 | H238: =SUM(H241:H245) -> 0 | I238: =G238-H238 -> 0 | K238: =ROUND(SUM(K241:K245),0) -> 0
D240: 8.1 | E240: Corporates
D241: 8.1.1 | E241: Credit assessment of Counterparty | F241: AAA to AA- | I241: =G241-H241 -> 0 | J241: 20 | K241: =I241*(J241/100) -> 0
D242: 8.1.2 | F242: A+ to A- | I242: =G242-H242 -> 0 | J242: 50 | K242: =I242*(J242/100) -> 0
D243: 8.1.3 | F243: BBB+ to BB- | I243: =G243-H243 -> 0 | J243: 100 | K243: =I243*(J243/100) -> 0
D244: 8.1.5 | F244: Below BB- | I244: =G244-H244 -> 0 | J244: 150 | K244: =I244*(J244/100) -> 0
...

Sheet OFF Balance Sheet (Non-Deriv)
E50: Standardized Approach - Off-Balance Sheet Assets (Non-Derivatives)
B51: Off-Balance Sheet Items (Non-Derivative Instruments) Indirect Credit Instruments | E51: Risk Weight (%) | F51: Exposures Without CRM ($000s) | H51: Exposures With CRM ($000s) | K51: Risk Weighted Amount
F52: Notional Principal Amount Before CCF | G52: Credit Equivalent Exposure | H52: Notional Principal Amount Before CCF | I52: Credit Equivalent Exposure pre-CRM | J52: Credit Equivalent Exposure post-CRM
C53: CCF 0%
B54: 1. | C54: Commitments That Are Unconditionally Cancellable Without Prior Notice
E55: ALL | F55: 133374 | G55: =F55*0 -> 0 | I55: =H55*0 -> 0 | K55: =(G55+J55)*0 -> 0
C56: CCF 20%
B57: 2. | C57: Commitments With Original Maturity Of Less Than 1 Year
E58: 0 | G58: =F58*0.2 -> 0 | I58: =H58*0.2 -> 0 | K58: =(G58+J58)*(E58/100) -> 0
E59: 20 | G59: =F59*0.2 -> 0 | I59: =H59*0.2 -> 0 | K59: =(G59+J59)*(E59/100) -> 0
E60: 50 | G60: =F60*0.2 -> 0 | I60: =H60*0.2 -> 0 | K60: =(G60+J60)*(E60/100) -> 0
E61: 100 | G61: =F61*0.2 -> 0 | I61: =H61*0.2 -> 0 | K61: =(G61+J61)*(E61/100) -> 0
E62: 150 | G62: =F62*0.2 -> 0 | I62: =H62*0.2 -> 0 | K62: =(G62+J62)*(E62/100) -> 0
B63: 3. | C63: Short-Term, Self-Liquidating, Trade-Related Contingencies
E64: 0 | G64: =F64*0.2 -> 0 | I64: =H64*0.2 -> 0 | K64: =(G64+J64)*(E64/100) -> 0
E65: 20 | G65: =F65*0.2 -> 0 | I65: =H65*0.2 -> 0 | K65: =(G65+J65)*(E65/100) -> 0
E66: 50 | G66: =F66*0.2 -> 0 | I66: =H66*0.2 -> 0 | K66: =(G66+J66)*(E66/100) -> 0
E67: 100 | G67: =F67*0.2 -> 0 | I67: =H67*0.2 -> 0 | K67: =(G67+J67)*(E67/100) -> 0
E68: 150 | G68: =F68*0.2 -> 0 | I68: =H68*0.2 -> 0 | K68: =(G68+J68)*(E68/100) -> 0
C69: CCF 50%
B70: 4. | C70: Transaction-Related Contingencies
E71: 0 | G71: =F71*0.5 -> 0 | I71: =H71*0.5 -> 0 | K71: =(G71+J71)*(E71/100) -> 0
E72: 20 | F72: 192 | G72: =F72*0.5 -> 96 | I72: =H72*0.5 -> 0 | K72: =(G72+J72)*(E72/100) -> 19.2
E73: 50 | G73: =F73*0.5 -> 0 | I73: =H73*0.5 -> 0 | K73: =(G73+J73)*(E73/100) -> 0
E74: 100 | F74: 80 | G74: =F74*0.5 -> 40 | H74: 1896 | I74: =H74*0.5 -> 948 | J74: 425 | K74: =(G74+J74)*(E74/100) -> 465
E75: 150 | G75: =F75*0.5 -> 0 | I75: =H75*0.5 -> 0 | K75: =(G75+J75)*(E75/100) -> 0
B76: 5. | C76: Note Issuance And Revolving Underwriting Facilities
E77: 0 | G77: =F77*0.5 -> 0 | I77: =H77*0.5 -> 0 | K77: =(G77+J77)*(E77/100) -> 0
E78: 20 | G78: =F78*0.5 -> 0 | I78: =H78*0.5 -> 0 | K78: =(G78+J78)*(E78/100) -> 0
E79: 50 | G79: =F79*0.5 -> 0 | I79: =H79*0.5 -> 0 | K79: =(G79+J79)*(E79/100) -> 0
E80: 100 | G80: =F80*0.5 -> 0 | I80: =H80*0.5 -> 0 | K80: =(G80+J80)*(E80/100) -> 0
E81: 150 | G81: =F81*0.5 -> 0 | I81: =H81*0.5 -> 0 | K81: =(G81+J81)*(E81/100) -> 0
B82: 6. | C82: Commitments With Original Maturity Of 1 Year And Over
E83: 0 | G83: =F83*0.5 -> 0 | I83: =H83*0.5 -> 0 | K83: =(G83+J83)*(E83/100) -> 0
E84: 20 | G84: =F84*0.5 -> 0 | I84: =H84*0.5 -> 0 | K84: =(G84+J84)*(E84/100) -> 0
E85: 50 | G85: =F85*0.5 -> 0 | I85: =H85*0.5 -> 0 | K85: =(G85+J85)*(E85/100) -> 0
E86: 100 | G86: =F86*0.5 -> 0 | I86: =H86*0.5 -> 0 | K86: =(G86+J86)*(E86/100) -> 0
E87: 150 | G87: =F87*0.5 -> 0 | I87: =H87*0.5 -> 0 | K87: =(G87+J87)*(E87/100) -> 0
C88: CCF 100%
B89: 7. | C89: Direct Credit Substitutes
E90: 0 | G90: =F90*1 -> 0 | I90: =H90*1 -> 0 | K90: =(G90+J90)*(E90/100) -> 0
E91: 20 | G91: =F91*1 -> 0 | I91: =H91*1 -> 0 | K91: =(G91+J91)*(E91/100) -> 0
E92: 50 | G92: =F92*1 -> 0 | I92: =H92*1 -> 0 | K92: =(G92+J92)*(E92/100) -> 0
E93: 100 | G93: =F93*1 -> 0 | I93: =H93*1 -> 0 | K93: =(G93+J93)*(E93/100) -> 0
E94: 150 | G94: =F94*1 -> 0 | I94: =H94*1 -> 0 | K94: =(G94+J94)*(E94/100) -> 0
B95: 8. | C95: Sale And Repurchase Agreements And Asset Sales With Recourse
E96: 0 | G96: =F96*1 -> 0 | I96: =H96*1 -> 0 | K96: =(G96+J96)*(E96/100) -> 0
E97: 20 | G97: =F97*1 -> 0 | I97: =H97*1 -> 0 | K97: =(G97+J97)*(E97/100) -> 0
E98: 50 | G98: =F98*1 -> 0 | I98: =H98*1 -> 0 | K98: =(G98+J98)*(E98/100) -> 0
E99: 100 | G99: =F99*1 -> 0 | I99: =H99*1 -> 0 | K99: =(G99+J99)*(E99/100) -> 0
E100: 150 | G100: =F100*1 -> 0 | I100: =H100*1 -> 0 | K100: =(G100+J100)*(E100/100) -> 0
B101: 9. | C101: Securities Lending Or Posting
E102: 0 | G102: =F102*1 -> 0 | I102: =H102*1 -> 0 | K102: =(G102+J102)*(E102/100) -> 0
E103: 20 | G103: =F103*1 -> 0 | I103: =H103*1 -> 0 | K103: =(G103+J103)*(E103/100) -> 0
E104: 50 | G104: =F104*1 -> 0 | I104: =H104*1 -> 0 | K104: =(G104+J104)*(E104/100) -> 0
E105: 100 | G105: =F105*1 -> 0 | I105: =H105*1 -> 0 | K105: =(G105+J105)*(E105/100) -> 0
E106: 150 | G106: =F106*1 -> 0 | I106: =H106*1 -> 0 | K106: =(G106+J106)*(E106/100) -> 0
B107: 10. | C107: Forward Asset Purchases, Forward Deposits And Partly-Paid Shares And Securities
E108: 0 | G108: =F108*1 -> 0 | I108: =H108*1 -> 0 | K108: =(G108+J108)*(E108/100) -> 0
E109: 20 | G109: =F109*1 -> 0 | I109: =H109*1 -> 0 | K109: =(G109+J109)*(E109/100) -> 0
E110: 50 | G110: =F110*1 -> 0 | I110: =H110*1 -> 0 | K110: =(G110+J110)*(E110/100) -> 0
E111: 100 | G111: =F111*1 -> 0 | I111: =H111*1 -> 0 | K111: =(G111+J111)*(E111/100) -> 0
E112: 150 | G112: =F112*1 -> 0 | I112: =H112*1 -> 0 | K112: =(G112+J112)*(E112/100) -> 0
B114: Total Risk Weighted Assets | K114: =SUM(K54:K112) -> 484.2
B116: Total Required Capital For Off-Balance Sheet (Non-Derivatives) Assets | K116: =K114*0.08 -> 38.736

Sheet New OFF Balance Sheet (Non-Der)
E50: Standardized Approach - Off-Balance Sheet Assets (Non-Derivatives)
B51: Off-Balance Sheet Items (Non-Derivative Instruments) Indirect Credit Instruments | E51: Risk Weight (%) | F51: Exposures Without CRM ($000s) | H51: Exposures With CRM ($000s) | K51: Risk Weighted Amount
F52: Notional Principal Amount Before CCF | G52: Credit Equivalent Exposure | H52: Notional Principal Amount Before CCF | I52: Credit Equivalent Exposure pre-CRM | J52: Credit Equivalent Exposure post-CRM
C53: CCF 10%
B54: 1. | C54: Commitments That Are Unconditionally Cancellable Without Prior Notice
E55: 10 | G55: =F55*0.1 -> 0 | I55: =H55*0.1 -> 0 | K55: =(G55+J55)*(E55/100) -> 0
E56: 20 | G56: =F56*0.1 -> 0 | I56: =H56*0.1 -> 0 | K56: =(G56+J56)*(E56/100) -> 0
E57: 30 | G57: =F57*0.1 -> 0 | I57: =H57*0.1 -> 0 | K57: =(G57+J57)*(E57/100) -> 0
E58: 40 | G58: =F58*0.1 -> 0 | I58: =H58*0.1 -> 0 | K58: =(G58+J58)*(E58/100) -> 0
E59: 50 | G59: =F59*0.1 -> 0 | I59: =H59*0.1 -> 0 | K59: =(G59+J59)*(E59/100) -> 0
E60: 75 | G60: =F60*0.1 -> 0 | I60: =H60*0.1 -> 0 | K60: =(G60+J60)*(E60/100) -> 0
E61: 100 | G61: =F61*0.1 -> 0 | I61: =H61*0.1 -> 0 | K61: =(G61+J61)*(E61/100) -> 0
E62: 150 | G62: =F62*0.1 -> 0 | I62: =H62*0.1 -> 0 | K62: =(G62+J62)*(E62/100) -> 0
C63: CCF 20%
B64: 2. | C64: Commitments With Original Maturity Of Less Than 1 Year
E65: 10 | G65: =F65*0.2 -> 0 | I65: =H65*0.2 -> 0 | K65: =(G65+J65)*(E65/100) -> 0
E66: 20 | G66: =F66*0.2 -> 0 | I66: =H66*0.2 -> 0 | K66: =(G66+J66)*(E66/100) -> 0
E67: 30 | G67: =F67*0.2 -> 0 | I67: =H67*0.2 -> 0 | K67: =(G67+J67)*(E67/100) -> 0
E68: 40 | G68: =F68*0.2 -> 0 | I68: =H68*0.2 -> 0 | K68: =(G68+J68)*(E68/100) -> 0
E69: 50 | G69: =F69*0.2 -> 0 | I69: =H69*0.2 -> 0 | K69: =(G69+J69)*(E69/100) -> 0
E70: 75 | G70: =F70*0.2 -> 0 | I70: =H70*0.2 -> 0 | K70: =(G70+J70)*(E70/100) -> 0
E71: 100 | G71: =F71*0.2 -> 0 | I71: =H71*0.2 -> 0 | K71: =(G71+J71)*(E71/100) -> 0
E72: 150 | G72: =F72*0.2 -> 0 | I72: =H72*0.2 -> 0 | K72: =(G72+J72)*(E72/100) -> 0
B73: 3. | C73: Short-Term, Self-Liquidating, Trade-Related Contingencies
E74: 10 | G74: =F74*0.2 -> 0 | I74: =H74*0.2 -> 0 | K74: =(G74+J74)*(E74/100) -> 0
E75: 20 | G75: =F75*0.2 -> 0 | I75: =H75*0.2 -> 0 | K75: =(G75+J75)*(E75/100) -> 0
E76: 30 | G76: =F76*0.2 -> 0 | I76: =H76*0.2 -> 0 | K76: =(G76+J76)*(E76/100) -> 0
E77: 40 | G77: =F77*0.2 -> 0 | I77: =H77*0.2 -> 0 | K77: =(G77+J77)*(E77/100) -> 0
E78: 50 | G78: =F78*0.2 -> 0 | I78: =H78*0.2 -> 0 | K78: =(G78+J78)*(E78/100) -> 0
E79: 75 | G79: =F79*0.2 -> 0 | I79: =H79*0.2 -> 0 | K79: =(G79+J79)*(E79/100) -> 0
E80: 100 | G80: =F80*0.2 -> 0 | I80: =H80*0.2 -> 0 | K80: =(G80+J80)*(E80/100) -> 0
E81: 150 | G81: =F81*0.2 -> 0 | I81: =H81*0.2 -> 0 | K81: =(G81+J81)*(E81/100) -> 0
C82: CCF 50%
B83: 4. | C83: Transaction-Related Contingencies
E84: 10 | G84: =F84*0.5 -> 0 | I84: =H84*0.5 -> 0 | K84: =(G84+J84)*(E84/100) -> 0
E85: 20 | G85: =F85*0.5 -> 0 | I85: =H85*0.5 -> 0 | K85: =(G85+J85)*(E85/100) -> 0
E86: 30 | G86: =F86*0.5 -> 0 | I86: =H86*0.5 -> 0 | K86: =(G86+J86)*(E86/100) -> 0
E87: 40 | G87: =F87*0.5 -> 0 | I87: =H87*0.5 -> 0 | K87: =(G87+J87)*(E87/100) -> 0
E88: 50 | G88: =F88*0.5 -> 0 | I88: =H88*0.5 -> 0 | K88: =(G88+J88)*(E88/100) -> 0
E89: 75 | G89: =F89*0.5 -> 0 | I89: =H89*0.5 -> 0 | K89: =(G89+J89)*(E89/100) -> 0
E90: 100 | G90: =F90*0.5 -> 0 | I90: =H90*0.5 -> 0 | K90: =(G90+J90)*(E90/100) -> 0
E91: 150 | G91: =F91*0.5 -> 0 | I91: =H91*0.5 -> 0 | K91: =(G91+J91)*(E91/100) -> 0
B92: 5. | C92: Note Issuance And Revolving Underwriting Facilities
E93: 10 | G93: =F93*0.5 -> 0 | I93: =H93*0.5 -> 0 | K93: =(G93+J93)*(E93/100) -> 0
E94: 20 | G94: =F94*0.5 -> 0 | I94: =H94*0.5 -> 0 | K94: =(G94+J94)*(E94/100) -> 0
E95: 30 | G95: =F95*0.5 -> 0 | I95: =H95*0.5 -> 0 | K95: =(G95+J95)*(E95/100) -> 0
E96: 40 | G96: =F96*0.5 -> 0 | I96: =H96*0.5 -> 0 | K96: =(G96+J96)*(E96/100) -> 0
E97: 50 | G97: =F97*0.5 -> 0 | I97: =H97*0.5 -> 0 | K97: =(G97+J97)*(E97/100) -> 0
E98: 75 | G98: =F98*0.5 -> 0 | I98: =H98*0.5 -> 0 | K98: =(G98+J98)*(E98/100) -> 0
E99: 100 | G99: =F99*0.5 -> 0 | I99: =H99*0.5 -> 0 | K99: =(G99+J99)*(E99/100) -> 0
E100: 150 | G100: =F100*0.5 -> 0 | I100: =H100*0.5 -> 0 | K100: =(G100+J100)*(E100/100) -> 0
B101: 6. | C101: Commitments With Original Maturity Of 1 Year And Over
E102: 10 | G102: =F102*0.5 -> 0 | I102: =H102*0.5 -> 0 | K102: =(G102+J102)*(E102/100) -> 0
E103: 20 | G103: =F103*0.5 -> 0 | I103: =H103*0.5 -> 0 | K103: =(G103+J103)*(E103/100) -> 0
E104: 30 | G104: =F104*0.5 -> 0 | I104: =H104*0.5 -> 0 | K104: =(G104+J104)*(E104/100) -> 0
E105: 40 | G105: =F105*0.5 -> 0 | I105: =H105*0.5 -> 0 | K105: =(G105+J105)*(E105/100) -> 0
E106: 50 | G106: =F106*0.5 -> 0 | I106: =H106*0.5 -> 0 | K106: =(G106+J106)*(E106/100) -> 0
E107: 75 | G107: =F107*0.5 -> 0 | I107: =H107*0.5 -> 0 | K107: =(G107+J107)*(E107/100) -> 0
E108: 100 | G108: =F108*0.5 -> 0 | I108: =H108*0.5 -> 0 | K108: =(G108+J108)*(E108/100) -> 0
E109: 150 | G109: =F109*0.5 -> 0 | I109: =H109*0.5 -> 0 | K109: =(G109+J109)*(E109/100) -> 0
C110: CCF 100%
B111: 7. | C111: Direct Credit Substitutes
E112: 10 | G112: =F112*1 -> 0 | I112: =H112*1 -> 0 | K112: =(G112+J112)*(E112/100) -> 0
E113: 20 | G113: =F113*1 -> 0 | I113: =H113*1 -> 0 | K113: =(G113+J113)*(E113/100) -> 0
E114: 30 | G114: =F114*1 -> 0 | I114: =H114*1 -> 0 | K114: =(G114+J114)*(E114/100) -> 0
E115: 40 | G115: =F115*1 -> 0 | I115: =H115*1 -> 0 | K115: =(G115+J115)*(E115/100) -> 0
E116: 50 | G116: =F116*1 -> 0 | I116: =H116*1 -> 0 | K116: =(G116+J116)*(E116/100) -> 0
E117: 75 | G117: =F117*1 -> 0 | I117: =H117*1 -> 0 | K117: =(G117+J117)*(E117/100) -> 0
E118: 100 | G118: =F118*1 -> 0 | I118: =H118*1 -> 0 | K118: =(G118+J118)*(E118/100) -> 0
E119: 150 | G119: =F119*1 -> 0 | I119: =H119*1 -> 0 | K119: =(G119+J119)*(E119/100) -> 0
B120: 8. | C120: Sale And Repurchase Agreements And Asset Sales With Recourse
E121: 10 | G121: =F121*1 -> 0 | I121: =H121*1 -> 0 | K121: =(G121+J121)*(E121/100) -> 0
E122: 20 | G122: =F122*1 -> 0 | I122: =H122*1 -> 0 | K122: =(G122+J122)*(E122/100) -> 0
E123: 30 | G123: =F123*1 -> 0 | I123: =H123*1 -> 0 | K123: =(G123+J123)*(E123/100) -> 0
E124: 40 | G124: =F124*1 -> 0 | I124: =H124*1 -> 0 | K124: =(G124+J124)*(E124/100) -> 0
E125: 50 | G125: =F125*1 -> 0 | I125: =H125*1 -> 0 | K125: =(G125+J125)*(E125/100) -> 0
E126: 75 | G126: =F126*1 -> 0 | I126: =H126*1 -> 0 | K126: =(G126+J126)*(E126/100) -> 0
E127: 100 | G127: =F127*1 -> 0 | I127: =H127*1 -> 0 | K127: =(G127+J127)*(E127/100) -> 0
E128: 150 | G128: =F128*1 -> 0 | I128: =H128*1 -> 0 | K128: =(G128+J128)*(E128/100) -> 0
B129: 9. | C129: Securities Lending Or Posting
E130: 10 | G130: =F130*1 -> 0 | I130: =H130*1 -> 0 | K130: =(G130+J130)*(E130/100) -> 0
E131: 20 | G131: =F131*1 -> 0 | I131: =H131*1 -> 0 | K131: =(G131+J131)*(E131/100) -> 0
E132: 30 | G132: =F132*1 -> 0 | I132: =H132*1 -> 0 | K132: =(G132+J132)*(E132/100) -> 0
E133: 40 | G133: =F133*1 -> 0 | I133: =H133*1 -> 0 | K133: =(G133+J133)*(E133/100) -> 0
E134: 50 | G134: =F134*1 -> 0 | I134: =H134*1 -> 0 | K134: =(G134+J134)*(E134/100) -> 0
E135: 75 | G135: =F135*1 -> 0 | I135: =H135*1 -> 0 | K135: =(G135+J135)*(E135/100) -> 0
E136: 100 | G136: =F136*1 -> 0 | I136: =H136*1 -> 0 | K136: =(G136+J136)*(E136/100) -> 0
E137: 150 | G137: =F137*1 -> 0 | I137: =H137*1 -> 0 | K137: =(G137+J137)*(E137/100) -> 0
B138: 10. | C138: Forward Asset Purchases, Forward Deposits And Partly-Paid Shares And Securities
E139: 10 | G139: =F139*1 -> 0 | I139: =H139*1 -> 0 | K139: =(G139+J139)*(E139/100) -> 0
E140: 20 | G140: =F140*1 -> 0 | I140: =H140*1 -> 0 | K140: =(G140+J140)*(E140/100) -> 0
E141: 30 | G141: =F141*1 -> 0 | I141: =H141*1 -> 0 | K141: =(G141+J141)*(E141/100) -> 0
E142: 40 | G142: =F142*1 -> 0 | I142: =H142*1 -> 0 | K142: =(G142+J142)*(E142/100) -> 0
E143: 50 | G143: =F143*1 -> 0 | I143: =H143*1 -> 0 | K143: =(G143+J143)*(E143/100) -> 0
E144: 75 | G144: =F144*1 -> 0 | I144: =H144*1 -> 0 | K144: =(G144+J144)*(E144/100) -> 0
E145: 100 | G145: =F145*1 -> 0 | I145: =H145*1 -> 0 | K145: =(G145+J145)*(E145/100) -> 0
E146: 150 | G146: =F146*1 -> 0 | I146: =H146*1 -> 0 | K146: =(G146+J146)*(E146/100) -> 0
B148: Total Risk Weighted Assets | K148: =SUM(K54:K146) -> 0
B150: Total Required Capital For Off-Balance Sheet (Non-Derivatives) Assets | K150: =K148*0.08 -> 0

Sheet OFF Balance Sheet (Deriv)
E39: Standardized Approach - Off-Balance Sheet Assets (Derivatives)
E40: Off-Balance Sheet Items (Derivatives) | I40: Exposures Without CRM ($000s) | L40: Exposures With CRM ($000s) | P40: Risk Weighted Amount
G41: Risk Weight (%) | H41: Credit Conversion Factor | I41: Replacement Cost Of Contracts | J41: Notional Principal Amounts | K41: Credit Equivalent Exposure | L41: Replacement Cost Of Contracts | M41: Notional Principal Amounts | N41: Credit Equivalent Exposure pre-CRM | O41: Credit Equivalent Exposure post-CRM
E42: A | F42: Interest Rate-Related Contracts
E43: A.1 | F43: Residual Maturity 1 Year or Less | G43: 20 | H43: 0 | K43: =I43+(J43*(H43/100)) -> 0 | N43: =L43+(M43*(H43/100)) -> 0 | P43: =(K43+O43)*(G43/100) -> 0
E44: A.2 | F44: Residual Maturity > 1 Year to 5 Years | G44: 50 | H44: 0.5 | K44: =I44+(J44*(H44/100)) -> 0 | N44: =L44+(M44*(H44/100)) -> 0 | P44: =(K44+O44)*(G44/100) -> 0
E45: A.3 | F45: Residual Maturity > 5 Years | G45: 50 | H45: 1.5 | K45: =I45+(J45*(H45/100)) -> 0 | N45: =L45+(M45*(H45/100)) -> 0 | P45: =(K45+O45)*(G45/100) -> 0
E46: A.4 | F46: Contracts with Residual Maturity > 1 Year that are subject to a CCF Floor | G46: 50 | H46: 1.5 | K46: =I46+(J46*(H46/100)) -> 0 | N46: =L46+(M46*(H46/100)) -> 0 | P46: =(K46+O46)*(G46/100) -> 0
E47: A.5 | F47: Contracts with Multiple Exchange of Principal | G47: 50 | K47: =I47+(J47*(H47/100)) -> 0 | N47: =L47+(M47*(H47/100)) -> 0 | P47: =(K47+O47)*(G47/100) -> 0
E48: A.6 | F48: Counterparty Credit Risk | G48: 50 | K48: =I48+(J48*(H48/100)) -> 0 | N48: =L48+(M48*(H48/100)) -> 0 | P48: =(K48+O48)*(G48/100) -> 0
E49: A.7 | F49: Total | P49: =SUM(P43:P48) -> 0
E51: B | F51: Foreign Exchange & Gold Contracts
E52: B.1 | F52: Residual Maturity 1 Year or Less | G52: 20 | H52: 1 | I52: 8986 | J52: 947916 | K52: =I52+(J52*(H52/100)) -> 18465.16 | L52: 916 | M52: 774455 | N52: =L52+(M52*(H52/100)) -> 8660.55 | P52: =(K52+O52)*(G52/100) -> 3693.032
E53: B.2 | F53: Residual Maturity > 1 Year to 5 Years | G53: 50 | H53: 5 | K53: =I53+(J53*(H53/100)) -> 0 | N53: =L53+(M53*(H53/100)) -> 0 | P53: =(K53+O53)*(G53/100) -> 0
E54: B.3 | F54: Residual Maturity > 5 Years | G54: 50 | H54: 7.5 | K54: =I54+(J54*(H54/100)) -> 0 | N54: =L54+(M54*(H54/100)) -> 0 | P54: =(K54+O54)*(G54/100) -> 0
E55: B.4 | F55: Contracts with Multiple Exchange of Principal | G55: 50 | K55: =I55+(J55*(H55/100)) -> 0 | N55: =L55+(M55*(H55/100)) -> 0 | P55: =(K55+O55)*(G55/100) -> 0
E56: B.5 | F56: Counterparty Credit Risk | G56: 50 | K56: =I56+(J56*(H56/100)) -> 0 | N56: =L56+(M56*(H56/100)) -> 0 | P56: =(K56+O56)*(G56/100) -> 0
E57: B.6 | F57: Total | P57: =SUM(P52:P56) -> 3693.032
E59: C | F59: Equity Contracts
E60: C.1 | F60: Residual Maturity 1 Year or Less | G60: 20 | H60: 6 | K60: =I60+(J60*(H60/100)) -> 0 | N60: =L60+(M60*(H60/100)) -> 0 | P60: =(K60+O60)*(G60/100) -> 0
E61: C.2 | F61: Residual Maturity > 1 Year to 5 Years | G61: 50 | H61: 8 | K61: =I61+(J61*(H61/100)) -> 0 | N61: =L61+(M61*(H61/100)) -> 0 | P61: =(K61+O61)*(G61/100) -> 0
E62: C.3 | F62: Residual Maturity > 5 Years | G62: 50 | H62: 10 | K62: =I62+(J62*(H62/100)) -> 0 | N62: =L62+(M62*(H62/100)) -> 0 | P62: =(K62+O62)*(G62/100) -> 0
E63: C.4 | F63: Contracts with Multiple Exchange of Principal | G63: 50 | K63: =I63+(J63*(H63/100)) -> 0 | N63: =L63+(M63*(H63/100)) -> 0 | P63: =(K63+O63)*(G63/100) -> 0
E64: C.5 | F64: Counterparty Credit Risk | G64: 50 | K64: =I64+(J64*(H64/100)) -> 0 | N64: =L64+(M64*(H64/100)) -> 0 | P64: =(K64+O64)*(G64/100) -> 0
E65: C.6 | F65: Total | P65: =SUM(P60:P64) -> 0
E67: D | F67: Other Precious Metal Contracts
E68: D.1 | F68: Residual Maturity 1 Year or Less | G68: 20 | H68: 7 | K68: =I68+(J68*(H68/100)) -> 0 | N68: =L68+(M68*(H68/100)) -> 0 | P68: =(K68+O68)*(G68/100) -> 0
E69: D.2 | F69: Residual Maturity > 1 Year to 5 Years | G69: 50 | H69: 7 | K69: =I69+(J69*(H69/100)) -> 0 | N69: =L69+(M69*(H69/100)) -> 0 | P69: =(K69+O69)*(G69/100) -> 0
E70: D.3 | F70: Residual Maturity > 5 Years | G70: 50 | H70: 8 | K70: =I70+(J70*(H70/100)) -> 0 | N70: =L70+(M70*(H70/100)) -> 0 | P70: =(K70+O70)*(G70/100) -> 0
E71: D.4 | F71: Contracts with Multiple Exchange of Principal | G71: 50 | K71: =I71+(J71*(H71/100)) -> 0 | N71: =L71+(M71*(H71/100)) -> 0 | P71: =(K71+O71)*(G71/100) -> 0
E72: D.5 | F72: Counterparty Credit Risk | G72: 50 | K72: =I72+(J72*(H72/100)) -> 0 | N72: =L72+(M72*(H72/100)) -> 0 | P72: =(K72+O72)*(G72/100) -> 0
E73: D.6 | F73: Total | P73: =SUM(P68:P72) -> 0
E75: E | F75: Other Commodities Contracts
E76: E.1 | F76: Residual Maturity 1 Year or Less | G76: 20 | H76: 10 | K76: =I76+(J76*(H76/100)) -> 0 | N76: =L76+(M76*(H76/100)) -> 0 | P76: =(K76+O76)*(G76/100) -> 0
E77: E.2 | F77: Residual Maturity > 1 Year to 5 Years | G77: 50 | H77: 12 | K77: =I77+(J77*(H77/100)) -> 0 | N77: =L77+(M77*(H77/100)) -> 0 | P77: =(K77+O77)*(G77/100) -> 0
E78: E.3 | F78: Residual Maturity > 5 Years | G78: 50 | H78: 15 | K78: =I78+(J78*(H78/100)) -> 0 | N78: =L78+(M78*(H78/100)) -> 0 | P78: =(K78+O78)*(G78/100) -> 0
E79: E.4 | F79: Contracts with Multiple Exchange of Principal | G79: 50 | K79: =I79+(J79*(H79/100)) -> 0 | N79: =L79+(M79*(H79/100)) -> 0 | P79: =(K79+O79)*(G79/100) -> 0
E80: E.5 | F80: Counterparty Credit Risk | G80: 50 | K80: =I80+(J80*(H80/100)) -> 0 | N80: =L80+(M80*(H80/100)) -> 0 | P80: =(K80+O80)*(G80/100) -> 0
E81: E.6 | F81: Total | P81: =SUM(P76:P80) -> 0
E83: F | F83: Other Market-Related Contracts
E84: F.1 | F84: Residual Maturity 1 Year or Less | G84: 20 | H84: 10 | K84: =I84+(J84*(H84/100)) -> 0 | N84: =L84+(M84*(H84/100)) -> 0 | P84: =(K84+O84)*(G84/100) -> 0
E85: F.2 | F85: Residual Maturity > 1 Year to 5 Years | G85: 50 | H85: 12 | K85: =I85+(J85*(H85/100)) -> 0 | N85: =L85+(M85*(H85/100)) -> 0 | P85: =(K85+O85)*(G85/100) -> 0
E86: F.3 | F86: Residual Maturity > 5 Years | G86: 50 | H86: 15 | K86: =I86+(J86*(H86/100)) -> 0 | N86: =L86+(M86*(H86/100)) -> 0 | P86: =(K86+O86)*(G86/100) -> 0
E87: F.4 | F87: Contracts with Multiple Exchange of Principal | G87: 50 | K87: =I87+(J87*(H87/100)) -> 0 | N87: =L87+(M87*(H87/100)) -> 0 | P87: =(K87+O87)*(G87/100) -> 0
E88: F.5 | F88: Counterparty Credit Risk | G88: 50 | K88: =I88+(J88*(H88/100)) -> 0 | N88: =L88+(M88*(H88/100)) -> 0 | P88: =(K88+O88)*(G88/100) -> 0
E89: F.6 | F89: Total | P89: =SUM(P84:P88) -> 0
E91: Total Risk Weighted Assets | P91: =SUM(P49,P57,P65,P73,P81,P89) -> 3693.032
E93: Total Required Capital For Off-Balance Sheet (Derivative) Assets | O93: =P91*0.08 -> 295.44256

Sheet New OFF Balance Sheet (Deriv)
E39: Standardized Approach - Off-Balance Sheet Assets (Derivatives)
E40: Off-Balance Sheet Items (Derivatives) | I40: Exposures Without CRM ($000s) | L40: Exposures With CRM ($000s) | P40: Risk Weighted Amount
G41: Risk Weight (%) | H41: Credit Conversion Factor | I41: Replacement Cost (Current Exposure) | J41: Notional Principal Amounts | K41: Credit Equivalent Exposure | L41: Replacement Cost (Current Exposure) | M41: Notional Principal Amounts | N41: Credit Equivalent Exposure pre-CRM | O41: Credit Equivalent Exposure post-CRM
E42: A | F42: Interest Rate-Related Contracts
E43: A.1 | F43: Residual Maturity 1 Year or Less | G43: 100 | H43: 0 | K43: =I43+(J43*(H43/100)) -> 0 | N43: =L43+(M43*(H43/100)) -> 0 | P43: =(K43+O43)*(G43/100) -> 0
E44: A.2 | F44: Residual Maturity > 1 Year to 5 Years | G44: 100 | H44: 0.5 | K44: =I44+(J44*(H44/100)) -> 0 | N44: =L44+(M44*(H44/100)) -> 0 | P44: =(K44+O44)*(G44/100) -> 0
E45: A.3 | F45: Residual Maturity > 5 Years | G45: 100 | H45: 1.5 | K45: =I45+(J45*(H45/100)) -> 0 | N45: =L45+(M45*(H45/100)) -> 0 | P45: =(K45+O45)*(G45/100) -> 0
E46: A.4 | F46: Contracts with Residual Maturity > 1 Year that are subject to a CCF Floor | G46: 100 | H46: 1.5 | K46: =I46+(J46*(H46/100)) -> 0 | N46: =L46+(M46*(H46/100)) -> 0 | P46: =(K46+O46)*(G46/100) -> 0
E47: A.5 | F47: Contracts with Multiple Exchange of Principal | G47: 100 | K47: =I47+(J47*(H47/100)) -> 0 | N47: =L47+(M47*(H47/100)) -> 0 | P47: =(K47+O47)*(G47/100) -> 0
E48: A.6 | F48: Counterparty Credit Risk | G48: 100 | K48: =I48+(J48*(H48/100)) -> 0 | N48: =L48+(M48*(H48/100)) -> 0 | P48: =(K48+O48)*(G48/100) -> 0
E49: A.7 | F49: Total | P49: =SUM(P43:P48) -> 0
E51: B | F51: Foreign Exchange & Gold Contracts
E52: B.1 | F52: Residual Maturity 1 Year or Less | G52: 100 | H52: 0 | K52: =I52+(J52*(H52/100)) -> 0 | N52: =L52+(M52*(H52/100)) -> 0 | P52: =(K52+O52)*(G52/100) -> 0
E53: B.2 | F53: Residual Maturity > 1 Year to 5 Years | G53: 100 | H53: 0.5 | K53: =I53+(J53*(H53/100)) -> 0 | N53: =L53+(M53*(H53/100)) -> 0 | P53: =(K53+O53)*(G53/100) -> 0
E54: B.3 | F54: Residual Maturity > 5 Years | G54: 100 | H54: 1.5 | K54: =I54+(J54*(H54/100)) -> 0 | N54: =L54+(M54*(H54/100)) -> 0 | P54: =(K54+O54)*(G54/100) -> 0
E55: B.4 | F55: Contracts with Multiple Exchange of Principal | G55: 100 | K55: =I55+(J55*(H55/100)) -> 0 | N55: =L55+(M55*(H55/100)) -> 0 | P55: =(K55+O55)*(G55/100) -> 0
E56: B.5 | F56: Counterparty Credit Risk | G56: 100 | K56: =I56+(J56*(H56/100)) -> 0 | N56: =L56+(M56*(H56/100)) -> 0 | P56: =(K56+O56)*(G56/100) -> 0
E57: B.6 | F57: Total | P57: =SUM(P52:P56) -> 0
E59: C | F59: Equity Contracts
E60: C.1 | F60: Residual Maturity 1 Year or Less | G60: 100 | H60: 6 | K60: =I60+(J60*(H60/100)) -> 0 | N60: =L60+(M60*(H60/100)) -> 0 | P60: =(K60+O60)*(G60/100) -> 0
E61: C.2 | F61: Residual Maturity > 1 Year to 5 Years | G61: 100 | H61: 8 | K61: =I61+(J61*(H61/100)) -> 0 | N61: =L61+(M61*(H61/100)) -> 0 | P61: =(K61+O61)*(G61/100) -> 0
E62: C.3 | F62: Residual Maturity > 5 Years | G62: 100 | H62: 10 | K62: =I62+(J62*(H62/100)) -> 0 | N62: =L62+(M62*(H62/100)) -> 0 | P62: =(K62+O62)*(G62/100) -> 0
E63: C.4 | F63: Contracts with Multiple Exchange of Principal | G63: 100 | K63: =I63+(J63*(H63/100)) -> 0 | N63: =L63+(M63*(H63/100)) -> 0 | P63: =(K63+O63)*(G63/100) -> 0
E64: C.5 | F64: Counterparty Credit Risk | G64: 100 | K64: =I64+(J64*(H64/100)) -> 0 | N64: =L64+(M64*(H64/100)) -> 0 | P64: =(K64+O64)*(G64/100) -> 0
E65: C.6 | F65: Total | P65: =SUM(P60:P64) -> 0
E67: D | F67: Other Precious Metal Contracts
E68: D.1 | F68: Residual Maturity 1 Year or Less | G68: 100 | H68: 7 | K68: =I68+(J68*(H68/100)) -> 0 | N68: =L68+(M68*(H68/100)) -> 0 | P68: =(K68+O68)*(G68/100) -> 0
E69: D.2 | F69: Residual Maturity > 1 Year to 5 Years | G69: 100 | H69: 7 | K69: =I69+(J69*(H69/100)) -> 0 | N69: =L69+(M69*(H69/100)) -> 0 | P69: =(K69+O69)*(G69/100) -> 0
E70: D.3 | F70: Residual Maturity > 5 Years | G70: 100 | H70: 8 | K70: =I70+(J70*(H70/100)) -> 0 | N70: =L70+(M70*(H70/100)) -> 0 | P70: =(K70+O70)*(G70/100) -> 0
E71: D.4 | F71: Contracts with Multiple Exchange of Principal | G71: 100 | K71: =I71+(J71*(H71/100)) -> 0 | N71: =L71+(M71*(H71/100)) -> 0 | P71: =(K71+O71)*(G71/100) -> 0
E72: D.5 | F72: Counterparty Credit Risk | G72: 100 | K72: =I72+(J72*(H72/100)) -> 0 | N72: =L72+(M72*(H72/100)) -> 0 | P72: =(K72+O72)*(G72/100) -> 0
E73: D.6 | F73: Total | P73: =SUM(P68:P72) -> 0
E75: E | F75: Other Commodities Contracts
E76: E.1 | F76: Residual Maturity 1 Year or Less | G76: 100 | H76: 10 | K76: =I76+(J76*(H76/100)) -> 0 | N76: =L76+(M76*(H76/100)) -> 0 | P76: =(K76+O76)*(G76/100) -> 0
E77: E.2 | F77: Residual Maturity > 1 Year to 5 Years | G77: 100 | H77: 12 | K77: =I77+(J77*(H77/100)) -> 0 | N77: =L77+(M77*(H77/100)) -> 0 | P77: =(K77+O77)*(G77/100) -> 0
E78: E.3 | F78: Residual Maturity > 5 Years | G78: 100 | H78: 15 | K78: =I78+(J78*(H78/100)) -> 0 | N78: =L78+(M78*(H78/100)) -> 0 | P78: =(K78+O78)*(G78/100) -> 0
E79: E.4 | F79: Contracts with Multiple Exchange of Principal | G79: 100 | K79: =I79+(J79*(H79/100)) -> 0 | N79: =L79+(M79*(H79/100)) -> 0 | P79: =(K79+O79)*(G79/100) -> 0
E80: E.5 | F80: Counterparty Credit Risk | G80: 100 | K80: =I80+(J80*(H80/100)) -> 0 | N80: =L80+(M80*(H80/100)) -> 0 | P80: =(K80+O80)*(G80/100) -> 0
E81: E.6 | F81: Total | P81: =SUM(P76:P80) -> 0
E83: F | F83: Other Market-Related Contracts
E84: F.1 | F84: Residual Maturity 1 Year or Less | G84: 100 | H84: 10 | K84: =I84+(J84*(H84/100)) -> 0 | N84: =L84+(M84*(H84/100)) -> 0 | P84: =(K84+O84)*(G84/100) -> 0
E85: F.2 | F85: Residual Maturity > 1 Year to 5 Years | G85: 100 | H85: 12 | K85: =I85+(J85*(H85/100)) -> 0 | N85: =L85+(M85*(H85/100)) -> 0 | P85: =(K85+O85)*(G85/100) -> 0
E86: F.3 | F86: Residual Maturity > 5 Years | G86: 100 | H86: 15 | K86: =I86+(J86*(H86/100)) -> 0 | N86: =L86+(M86*(H86/100)) -> 0 | P86: =(K86+O86)*(G86/100) -> 0
E87: F.4 | F87: Contracts with Multiple Exchange of Principal | G87: 100 | K87: =I87+(J87*(H87/100)) -> 0 | N87: =L87+(M87*(H87/100)) -> 0 | P87: =(K87+O87)*(G87/100) -> 0
E88: F.5 | F88: Counterparty Credit Risk | G88: 100 | K88: =I88+(J88*(H88/100)) -> 0 | N88: =L88+(M88*(H88/100)) -> 0 | P88: =(K88+O88)*(G88/100) -> 0
E89: F.6 | F89: Total | P89: =SUM(P84:P88) -> 0
E91: Total Risk Weighted Assets | P91: =SUM(P49,P57,P65,P73,P81,P89) -> 0
E93: Total Required Capital For Off-Balance Sheet (Derivative) Assets | O93: =P91*0.08 -> 0

Sheet OpRisk
A1: Operational Risk
A3: A) Reporting Period
B4: Date of the Year-End (dd-mm-yyyy) | C4: NOTE: Licensees are required to complete ONLY one section below, either section B) - Basic Indicator Approach or section C) - Standardised Approach.
A5: Year 1 | B5: 44926
A6: Year 2 | B6: 44561
A7: Year 3 | B7: 44196
A9: B) Basic Indicator Approach (BIA)
A10: Year | B10: Total Gross Income ($000s) | C10: Total Gross (After Negative GI Adjustment) | E10: Alpha | F10: Capital Charge
A11: =+B5 -> 44926 | B11: 24695 | C11: =IF(B11<=0,0,B11) -> 24695 | E11: 15 | F11: =C11*E11/100 -> 3704.25
A12: =+B6 -> 44561 | B12: 22950 | C12: =IF(B12<=0,0,B12) -> 22950 | E12: 15 | F12: =C12*E12/100 -> 3442.5
A13: =+B7 -> 44196 | B13: 23639 | C13: =IF(B13<=0,0,B13) -> 23639 | E13: 15 | F13: =C13*E13/100 -> 3545.85
A14: Number of Years with Positive Total Gross Income | F14: =COUNTIF(F11:F13,">0") -> 3
A15: Basic Indicator Approach Capital Charge | F15: =ROUND(IF(F14=0,0,SUM(F11:F13)/F14),0) -> 3564
A16: Operational Risk Equivalent Assets | F16: =F15*12.5 -> 44550
A18: C) Standardised Approach (TSA)
A19: Year | B19: Business line | C19: Total Gross Income ($000s) | E19: Beta | F19: Capital Charge
A20: =+B5 -> 44926 | B20: Corporate Finance | E20: 18 | F20: =MAX((C20*E20),0)/100 -> 0
B21: Trading & Sales | E21: 18 | F21: =MAX((C21*E21),0)/100 -> 0
B22: Retail Banking | E22: 12 | F22: =MAX((C22*E22),0)/100 -> 0
B23: Commercial Banking | E23: 15 | F23: =MAX((C23*E23),0)/100 -> 0
B24: Payment & Settlement | E24: 18 | F24: =MAX((C24*E24),0)/100 -> 0
B25: Agency Services | E25: 15 | F25: =MAX((C25*E25),0)/100 -> 0
B26: Asset Management | E26: 12 | F26: =MAX((C26*E26),0)/100 -> 0
B27: Retail Brokerage | E27: 12 | F27: =MAX((C27*E27),0)/100 -> 0
B28: Total Business | C28: =SUM(C20:C27) -> 0 | F28: =SUM(F20:F27) -> 0
A29: =B6 -> 44561 | B29: Corporate Finance | E29: 18 | F29: =MAX((C29*E29), 0)/100 -> 0
B30: Trading & Sales | E30: 18 | F30: =MAX((C30*E30), 0)/100 -> 0
B31: Retail Banking | E31: 12 | F31: =MAX((C31*E31), 0)/100 -> 0
B32: Commercial Banking | E32: 15 | F32: =MAX((C32*E32), 0)/100 -> 0
B33: Payment & Settlement | E33: 18 | F33: =MAX((C33*E33), 0)/100 -> 0
B34: Agency Services | E34: 15 | F34: =MAX((C34*E34), 0)/100 -> 0
B35: Asset Management | E35: 12 | F35: =MAX((C35*E35), 0)/100 -> 0
B36: Retail Brokerage | E36: 12 | F36: =MAX((C36*E36), 0)/100 -> 0
B37: Total Business | C37: =SUM(C29:C36) -> 0 | F37: =SUM(F29:F36) -> 0
A38: =B7 -> 44196 | B38: Corporate Finance | E38: 18 | F38: =MAX((C38*E38), 0)/100 -> 0
B39: Trading & Sales | E39: 18 | F39: =MAX((C39*E39), 0)/100 -> 0
B40: Retail Banking | E40: 12 | F40: =MAX((C40*E40), 0)/100 -> 0
B41: Commercial Banking | E41: 15 | F41: =MAX((C41*E41), 0)/100 -> 0
B42: Payment & Settlement | E42: 18 | F42: =MAX((C42*E42), 0)/100 -> 0
B43: Agency Services | E43: 15 | F43: =MAX((C43*E43), 0)/100 -> 0
B44: Asset Management | E44: 12 | F44: =MAX((C44*E44), 0)/100 -> 0
B45: Retail Brokerage | E45: 12 | F45: =MAX((C45*E45), 0)/100 -> 0
B46: Total Business | C46: =SUM(C38:C45) -> 0 | F46: =SUM(F38:F45) -> 0
A47: Standardised Approach Capital Charge | F47: =ROUND(AVERAGE(F28,F37,F46),0) -> 0
A48: Operational Risk Equivalent Assets | F48: =F47*12.5 -> 0

Sheet New OpRisk
B1: Operational Risk
B5: NOTE: All SFIs are required to complete Sections I - IV of the Operational Risk Forms. Section I will only be used for information purposes and not in the calculation of Operational RIsk.
B11: Section I: Minimum Loss Data Information
B12: Year (dd-mm-yyy) | C12: Business line | D12: Total Gross Income ($000s)
C13: Corporate Finance
C14: Trading & Sales
C15: Retail Banking
C16: Commercial Banking
C17: Payment & Settlement
C18: Agency Services
C19: Asset Management
C20: Retail Brokerage
C21: Total Business | D21: =SUM(D13:D20) -> 0
C22: Corporate Finance
C23: Trading & Sales
C24: Retail Banking
C25: Commercial Banking
C26: Payment & Settlement
C27: Agency Services
C28: Asset Management
C29: Retail Brokerage
C30: Total Business | D30: =SUM(D22:D29) -> 0
C31: Corporate Finance
C32: Trading & Sales
C33: Retail Banking
C34: Commercial Banking
C35: Payment & Settlement
C36: Agency Services
C37: Asset Management
C38: Retail Brokerage
C39: Total Business | D39: =SUM(D31:D38) -> 0
B43: Section II: Historical Losses Events
F44: Year T | G44: Year T-1 | H44: Year T-2 | I44: Year T-3 | J44: Year T-4 | K44: Year T-5 | L44: Year T-6 | M44: Year T-7 | N44: Year T-8 | O44: Year T-9 | P44: 10 Year Average
B45: A. Operational Risk Loss Event under $20,000
B46: 1 | C46: Total amount of gross operational losses | P46: =SUM((F46:O46),0)/10 -> 0
B47: 2 | C47: Total amount of loss recovery | P47: =SUM((F47:O47),0)/10 -> 0
B48: 2a | C48: of which: Insurance recovery | P48: =SUM((F48:O48),0)/10 -> 0
B49: 3 | C49: Total amount of net operational losses | F49: =F46-F47 -> 0 | G49: =G46-G47 -> 0 | H49: =H46-H47 -> 0 | I49: =I46-I47 -> 0 | J49: =J46-J47 -> 0 | K49: =K46-K47 -> 0 | L49: =L46-L47 -> 0 | M49: =M46-M47 -> 0 | ... O49: =O46-O47 -> 0 | P49: =SUM((F49:O49),0)/10 -> 0
B50: 4 | C50: Number of operational loss events | P50: =SUM((F50:O50),0)/10 -> 0
B51: B. Operational Risk Loss Event between $20,000 and $100,000
B52: 5 | C52: Total amount of gross operational losses | P52: =SUM((F52:O52),0)/10 -> 0
B53: 6 | C53: Total amount of loss recovery | P53: =SUM((F53:O53),0)/10 -> 0
B54: 6a | C54: of which: Insurance recovery | P54: =SUM((F54:O54),0)/10 -> 0
B55: 7 | C55: Total amount of net operational losses | F55: =F52-F53 -> 0 | G55: =G52-G53 -> 0 | H55: =H52-H53 -> 0 | I55: =I52-I53 -> 0 | J55: =J52-J53 -> 0 | K55: =K52-K53 -> 0 | L55: =L52-L53 -> 0 | M55: =M52-M53 -> 0 | ... O55: =O52-O53 -> 0 | P55: =SUM((F55:O55),0)/10 -> 0
B56: 8 | C56: Number of operational loss events | P56: =SUM((F56:O56),0)/10 -> 0
B57: C. Operational Risk Loss Event over $100,000 Threshold
B58: 9 | C58: Total amount of gross operational losses | P58: =SUM((F58:O58),0)/10 -> 0
B59: 10 | C59: Total amount of loss recovery | P59: =SUM((F59:O59),0)/10 -> 0
B60: 10a | C60: of which: Insurance recovery | P60: =SUM((F60:O60),0)/10 -> 0
B61: 11 | C61: Total amount of net operational losses | F61: =F58-F59 -> 0 | G61: =G58-G59 -> 0 | H61: =H58-H59 -> 0 | I61: =I58-I59 -> 0 | J61: =J58-J59 -> 0 | K61: =K58-K59 -> 0 | L61: =L58-L59 -> 0 | M61: =M58-M59 -> 0 | ... O61: =O58-O59 -> 0 | P61: =SUM((F61:O61),0)/10 -> 0
B62: 12 | C62: Number of operational loss events | P62: =SUM((F62:O62),0)/10 -> 0
B65: Section III: Business Indicator and Subcomponents
F66: Year T | G66: Year T-1 | H66: Year T-2 | I66: 3 Year Average
C67: A) Business Indicator
B69: 1. | C69: Interest, Lease and Dividend | F69: =(F71-F72)+F73+F74 -> 0 | G69: =(G71-G72)+G73+G74 -> 0 | H69: =(H71-H72)+H73+H74 -> 0 | I69: =MIN(I71,(0.0225*I73))+I74 -> 0
B71: 1.1 | C71: Interest Income | I71: =ABS((F71-F72)+(G71-G72)+(H71-H72))/3 -> 0
B72: 1.2 | C72: Interest Expenses
B73: 1.3 | C73: Interest Earning Assets (Balance Sheet Item) | I73: =(F73+G73+H73)/3 -> 0
B74: 1.4 | C74: Dividend Income | I74: =SUM(F74+G74+H74)/3 -> 0
B76: 2. | C76: Services | F76: =(F78-F79)+(F80-F81) -> 0 | G76: =(G78-G79)+(G80-G81) -> 0 | H76: =(H78-H79)+(H80-H81) -> 0 | I76: =MAX(I78,I79)+MAX(I80,I81) -> 0
B78: 2.1 | C78: Fee and commission income | I78: =SUM(F78+G78+H78)/3 -> 0
B79: 2.2 | C79: Fee and commission expense | I79: =SUM(F79+G79+H79)/3 -> 0
B80: 2.3 | C80: Other operating income | I80: =SUM(F80+G80+H80)/3 -> 0
B81: 2.4 | C81: Other operating expense | I81: =SUM(F81+G81+H81)/3 -> 0
B83: 3. | C83: Financial Component | F83: =SUM(F85:F86) -> 0 | G83: =SUM(G85:G86) -> 0 | H83: =SUM(H85:H86) -> 0 | I83: =SUM(I85+I86) -> 0
B85: 3.1 | C85: Net P&L on the trading book | I85: =ABS((F85+G85+H85)/3) -> 0
B86: 3.2 | C86: Net P&L on the banking book | I86: =ABS((F86+G86+H86)/3) -> 0
B88: 4. | C88: Gross Total Business (BI) | I88: =I83+I76+I69 -> 0
B89: 4.1 | C89: Exempted Excluded Divested Activities
B90: 4.1.1 | C90: Supervisory Approval Obtained?
B91: 4.2 | C91: Net Total Business Indicator (BI) | I91: =SUM(I88-I89,0) -> 0
B94: Section IV: Capital Required for Operational Risk
H95: Total ($000s)
B97: 1. | C97: Business Indicator Component (BIC) | I97: =MAX((I91*0.12),0) -> 0
B99: 2. | C99: Internal Loss Multiplier (ILM) will be equal to 1 | I99: 1
B101: 3. | C101: Operational Risk Capital Charge | I101: =I97*I99 -> 0
B103: 4. | C103: Operational Risk Equivalent Assets | I103: =I101*12.5 -> 0

Sheet New Leverage Ratio
B3: Leverage Ratio
B5: Item No. | C5: Summary Comparison of Accounting Assets vs Leverage Ratio Exposure Measure | F5: Total ($000s)
B6: 1 | C6: Total Consolidated Assets (latest published financial statement)
B7: 2 | C7: Adjustment for investments in banking, financial, insurance or commercial entities that are consolidated for accounting purposes but outside the scope of regulatory consolidation
B8: 3 | C8: Adjustment for fiduciary assets recognised on the balance sheet pursuant to the operative accounting framework but excluded from the leverage ratio exposure measure
B9: 4 | C9: Adjustments for derivative financial instruments
B10: 5 | C10: Adjustment for securities financing transactions (ie repos and similar secured lending)
B11: 6 | C11: Adjustment for off-balance sheet items (ie conversion to credit equivalent amounts of off-balance sheet exposures)
B12: 7 | C12: Other Adjustments
B13: 8 | C13: Leverage Ratio Exposure | F13: =SUM(F6:G12) -> 0
B16: Item No. | C16: Leverage Ratio Common Disclosure | F16: Accounting Balance Sheet Value ($000s)
B18: 1 | C18: Balance Sheet Exposures
B19: 1.1 | C19: On-Balance Sheet Assets | F19: =Form2!N92 -> 0
B20: 1.2 | C20: Derivatives | F20: ='New OFF Balance Sheet (Deriv)'!P91 -> 0
B21: 1.3 | C21: Securities Financing Transactions (SFTs)
C22: Less:
B23: 1.4 | C23: Items deducted from CET1 Capital (including specific provisions) | F23: ='New Capital Composition'!G34+'Form 1'!N67 -> 0
B24: 1.5 | C24: All other regulatory adjustments (in determining CET1 Capital)
B25: 1.6 | C25: Total on-balance sheet exposures (including Derivatives and SFTs) | F25: =SUM(F19-(F23+F24)) -> 0
B27: 2 | C27: Off-Balance Sheet Exposures
B28: 2.1 | C28: Off-balance sheet exposure at gross notional amount | F28: =SUM('New OFF Balance Sheet (Non-Der)'!F55:F62,'New OFF Balance Sheet (Non-Der)'!H55:H62,'New OFF Balance Sheet (Non-Der)'!F65:F72,'New OFF Balance Sheet (Non-Der)'!H65:H72,'New OFF Balance Sheet (Non-Der)'!F74:F81,'New OFF Balance Sheet (Non-Der)'!H74:H81,'New OFF Balance Sheet (Non-Der)'!F84:F91,'New OFF Balance Sheet (Non-Der)'!H84:H91,'New OFF Balance Sheet (Non-Der)'!F93:F100,'New OFF Balance Sheet (Non-Der)'!H93:H100,'New OFF Balance Sheet (Non-Der)'!F102:F109,'New OFF Balance Sheet (Non-Der)'!H102:H109,'New OFF Balance Sheet (Non-Der)'!F112:F119,'New OFF Balance Sheet (Non-Der)'!H112:H119,'New OFF Balance Sheet (Non-Der)'!F121:F128,'New OFF Balance Sheet (Non-Der)'!H121:H128,'New OFF Balance Sheet (Non-Der)'!F130:F137,'New OFF Balance Sheet (Non-Der)'!H130:H137,'New OFF Balance Sheet (Non-Der)'!F139:F146,'New OFF Balance Sheet (Non-Der)'!H139:H146) -> 0
B29: 2.2 | C29: (Adjustments for conversion to credit equivalent amounts) | F29: =SUM('New OFF Balance Sheet (Non-Der)'!G55:G62,'New OFF Balance Sheet (Non-Der)'!I55:I62,'New OFF Balance Sheet (Non-Der)'!G65:G72,'New OFF Balance Sheet (Non-Der)'!I65:I72,'New OFF Balance Sheet (Non-Der)'!G74:G81,'New OFF Balance Sheet (Non-Der)'!I74:I81,'New OFF Balance Sheet (Non-Der)'!G84:G91,'New OFF Balance Sheet (Non-Der)'!I84:I91,'New OFF Balance Sheet (Non-Der)'!G93:G100,'New OFF Balance Sheet (Non-Der)'!I93:I100,'New OFF Balance Sheet (Non-Der)'!G102:G109,'New OFF Balance Sheet (Non-Der)'!I102:I109,'New OFF Balance Sheet (Non-Der)'!G112:G119,'New OFF Balance Sheet (Non-Der)'!I112:I119,'New OFF Balance Sheet (Non-Der)'!G121:G128,'New OFF Balance Sheet (Non-Der)'!I121:I128,'New OFF Balance Sheet (Non-Der)'!G130:G137,'New OFF Balance Sheet (Non-Der)'!I130:I137,'New OFF Balance Sheet (Non-Der)'!G139:G146,'New OFF Balance Sheet (Non-Der)'!I139:I146) -> 0
B30: 2.3 | C30: Total Off-balance sheet exposures | F30: =F28-F29 -> 0
B32: 3 | C32: Capital and Total Exposures
B33: 3.1 | C33: CET1 Capital | F33: ='New Capital Composition'!H36 -> 0
B34: 3.2 | C34: Total Exposures | F34: =F25+F30 -> 0
B36: 4 | C36: Leverage Ratio
B37: 4.1 | C37: Leverage Ratio (%) | F37: =F33/F34 -> #DIV/0!

Sheet Assets by Zone
H7: Statement of Assets & Liabilities by Zones
Q10: ($000s)
E11: A S S E T S | N11: B$ | O11: US$ | P11: OTHER | Q11: TOTAL
E13: 1. | F13: Market Loans
F14: i) Balance with Financial Institutions (outside Bahamas)
F15: a) | G15: Head Office, Subsidiaries, Branches or Affiliates
G16: (i) Demand Deposits | N16: =Form2!K40 -> 0 | O16: =Form2!L40 -> 0 | P16: =Form2!M40 -> 0 | Q16: =N16+O16+P16 -> 0
H17: of which: at Zone A banks in freely convertible currency | Q17: =N17+O17+P17 -> 0
G18: (ii) Loans | N18: =Form2!K42 -> 0 | O18: =Form2!L42 -> 0 | P18: =Form2!M42 -> 0 | Q18: =N18+O18+P18 -> 0
H19: of which: at Zone A banks with a residual maturity up to 180 days | Q19: =N19+O19+P19 -> 0
G20: (iii) Negotiable Paper Issued by Other Banks | N20: =Form2!K43 -> 0 | O20: =Form2!L43 -> 0 | P20: =Form2!M43 -> 0 | Q20: =N20+O20+P20 -> 0
H21: of which: at Zone A banks | Q21: =N21+O21+P21 -> 0
F22: b) | G22: Others:
G23: (i) Demand Deposits | N23: =Form2!K45 -> 0 | O23: =Form2!L45 -> 0 | P23: =Form2!M45 -> 0 | Q23: =N23+O23+P23 -> 0
H24: of which: at Zone A banks in freely convertible currency | Q24: =N24+O24+P24 -> 0
G25: (ii) Loans | N25: =Form2!K47 -> 0 | O25: =Form2!L47 -> 0 | P25: =Form2!M47 -> 0 | Q25: =N25+O25+P25 -> 0
H26: of which: at Zone A banks with a residual maturity up to 180 days | Q26: =N26+O26+P26 -> 0
G27: (iii) Negotiable Paper Issued by Other Banks | N27: =Form2!K48 -> 0 | O27: =Form2!L48 -> 0 | P27: =Form2!M48 -> 0 | Q27: =N27+O27+P27 -> 0
H28: of which: at Zone A banks | Q28: =N28+O28+P28 -> 0
E30: 2. | F30: Government Securities - Other Government
F31: a) | G31: Treasury Bills (up to 1 year original maturity) | O31: =Form2!L20 -> 0 | P31: =Form2!M20 -> 0 | Q31: =N31+O31+P31 -> 0
G32: (i) | H32: Issued by Zone A Central Government | Q32: =N32+O32+P32 -> 0
F33: b) | G33: Long-term Securities | O33: =Form2!L21 -> 0 | P33: =Form2!M21 -> 0 | Q33: =N33+O33+P33 -> 0
G34: (i) | H34: Issued by Zone A Central Government | Q34: =N34+O34+P34 -> 0
E36: 3. | F36: Investment (in Stocks & Shares) | N36: =N38+N41 -> 0 | O36: =O38+O41 -> 0 | P36: =P38+P41 -> 0 | Q36: =N36+O36+P36 -> 0
F37: a) | G37: Domestic Securities | N37: =Form2!K76 -> 0 | O37: =Form2!L76 -> 0 | P37: =Form2!M76 -> 0 | Q37: =N37+O37+P37 -> 0
G38: (i) | H38: Public Corporation Bonds | N38: =Form2!K77 -> 0 | O38: =Form2!L77 -> 0 | P38: =Form2!M77 -> 0 | Q38: =N38+O38+P38 -> 0
H39: a) | I39: Financial | Q39: =N39+O39+P39 -> 0
H40: b) | I40: Non-Financial | Q40: =N40+O40+P40 -> 0
G41: (ii) | H41: Other Domestic Securities | N41: =Form2!K78 -> 0 | O41: =Form2!L78 -> 0 | P41: =Form2!M78 -> 0 | Q41: =N41+O41+P41 -> 0
H42: a) | I42: Banking and Other, Financial | Q42: =N42+O42+P42 -> 0
H43: b) | I43: Non-Financial | Q43: =N43+O43+P43 -> 0
E44: L I A B I L I T I E S | N44: B$ | O44: US$ | P44: OTHER | Q44: TOTAL
E46: 4. | F46: Market Receivables
F47: i) Due to Financial Institutions (outside Bahamas)
F48: a) | G48: Head Office, Subsidiaries, Branches or Affiliates
G49: (i) Demand Deposits | N49: ='Form 1'!K39 -> 0 | O49: ='Form 1'!L39 -> 0 | P49: ='Form 1'!M39 -> 0 | Q49: =N49+O49+P49 -> 0
H50: of which: at Zone A banks in freely convertible currency | Q50: =N50+O50+P50 -> 0
F51: b) | G51: Others:
G52: (i) Demand Deposits | N52: ='Form 1'!K43 -> 0 | O52: ='Form 1'!L43 -> 0 | P52: ='Form 1'!M43 -> 0 | Q52: =N52+O52+P52 -> 0
H53: of which: at Zone A banks in freely convertible currency | Q53: =N53+O53+P53 -> 0

Sheet Investments
B1: N.B. Please select from the drop down lists for Related Party, Type and Investment Level.
F2: Investments
B4: Twenty Largest Investments of All Investments ≥ 10% of Capital ($000s)
C6: N A M E | D6: Related Party | E6: Type | F6: Investment Level | G6: Amount $ | H6: Provision $ | I6: Gain/(Loss) $ | J6: Net Value $ | K6: Market Value $ | L6: Maturity Date
B8: 1.
B9: 2.
B10: 3.
B11: 4.
B12: 5.
B13: 6.
B14: 7.
B15: 8.
B16: 9.
B17: 10.
B18: 11.
B19: 12.
... B27: 20.
C28: Total | G28: =SUM(G8:G27) -> 0 | H28: =SUM(H8:H27) -> 0 | J28: =SUM(J8:J27) -> 0 | K28: =SUM(K8:K27) -> 0
B34: Security Investments ($000s)
C36: T Y P E | D36: Book Value | E36: Market Value | F36: Net Unrealized Gain/(Loss)
B39: 1 | C39: Total Trading Securities | D39: =IF(COUNTA(D40:D42)=0,"",SUM(D40:D42)) | E39: =IF(COUNTA(E40:E42)=0,"",SUM(E40:E42)) | F39: =IF(COUNTA(F40:F42)=0,"",SUM(F40:F42)) -> 0
B40: 1.1 | C40: Debt | F40: =IF(COUNTA(D40:E40)=0,"0",E40-D40) -> 0
B41: 1.2 | C41: Equity | F41: =IF(COUNTA(D41:E41)=0,"0",E41-D41) -> 0
B42: 1.3 | C42: Other | F42: =IF(COUNTA(D42:E42)=0,"0",E42-D42) -> 0
B44: 2 | C44: Total Investment and Held-to-Maturity | D44: =IF(COUNTA(D45:D47)=0,"",SUM(D45:D47)) | E44: =IF(COUNTA(E45:E47)=0,"",SUM(E45:E47)) | F44: =SUM(F45:F47) -> 0
B45: 2.1 | C45: Debt | F45: =IF(COUNTA(D45:E45)=0,"0",E45-D45) -> 0
B46: 2.2 | C46: Equity | F46: =IF(COUNTA(D46:E46)=0,"0",E46-D46) -> 0
B47: 2.3 | C47: Other | F47: =IF(COUNTA(D47:E47)=0,"0",E47-D47) -> 0
B49: 3 | C49: Other (Specify) | D49: =IF(COUNTA(D50:D54)=0,"",SUM(D50:D54)) | E49: =IF(COUNTA(E50:E54)=0,"",SUM(E50:E54)) | F49: =SUM(F50:F54) -> 0
B50: 3.1 | F50: =IF(COUNTA(D50:E50)=0,"0",E50-D50) -> 0
B51: 3.2 | F51: =IF(COUNTA(D51:E51)=0,"0",E51-D51) -> 0
B52: 3.3 | F52: =IF(COUNTA(D52:E52)=0,"0",E52-D52) -> 0
B53: 3.4 | F53: =IF(COUNTA(D53:E53)=0,"0",E53-D53) -> 0
B54: 3.5 | F54: =IF(COUNTA(D54:E54)=0,"0",E54-D54) -> 0
B56: 4 | C56: Grand Total | D56: =SUM(D50:D54,D45:D47,D40:D42) -> 0 | E56: =SUM(E50:E54,E45:E47,E40:E42) -> 0 | F56: =SUM(F50:F54,F45:F47,F40:F42) -> 0

Sheet Market Loans
B1: N.B. Please select from the drop down lists for Related Party, Exempt Exposure, Country of Office/Branch and Investment Level.
B3: Ten Largest Market Loans ($000s)
C5: Institution | D5: Amount | E5: Related Party | F5: Exempt Exposure | G5: Country of Office/Branch Where Loan Booked | H5: Maturity Date | I5: Investment Level | J5: Counterparty Rating | K5: Rating Agency
B7: 1.
B8: 2.
B9: 3.
B10: 4.
B11: 5.
B12: 6.
B13: 7.
B14: 8.
B15: 9.
B16: 10.
C17: Total | D17: =SUM(D7:D16) -> 0

Sheet Largest Depositors
B1: N.B. Please select from the drop down list for Related Party.
B2: Ten Largest Depositors ($000s)
C4: Customer | D4: Amount | E4: Related Party | F4: Maturity Date
B6: 1.
B7: 2.
B8: 3.
B9: 4.
B10: 5.
B11: 6.
B12: 7.
B13: 8.
B14: 9.
B15: 10.
C16: Total | D16: =SUM(D6:D15) -> 0

Sheet LargeExpos
A1: N.B. Please select from the drop down lists for Country, Exempt Exposure and Sector.
C2: Statements of Large Exposures
A5: 1. | B5: Ten Largest Exposures to Central Governments ($000s)
B7: Country | E7: Exposure at Reporting Date $ | F7: Maximum Exposure in Reporting Period $ | G7: Exempt Exposure | H7: Longest Maturity Date (dd/mm/yyyy)
B20: Total | E20: =SUM(E10:E19) -> 0 | F20: =SUM(F10:F19) -> 0
A24: 2. | B24: Country Exposures ($000s)
B26: Country | E26: Applicable Limit (Dollar Equivalent) | F26: Exposure | G26: Compliance
G29: =IF(B29="","",IF(E29>=F29,"Compliant","Non-Compliant"))
G30: =IF(B30="","",IF(E30>=F30,"Compliant","Non-Compliant"))
G31: =IF(B31="","",IF(E31>=F31,"Compliant","Non-Compliant"))
G32: =IF(B32="","",IF(E32>=F32,"Compliant","Non-Compliant"))
G33: =IF(B33="","",IF(E33>=F33,"Compliant","Non-Compliant"))
G34: =IF(B34="","",IF(E34>=F34,"Compliant","Non-Compliant"))
G35: =IF(B35="","",IF(E35>=F35,"Compliant","Non-Compliant"))
G36: =IF(B36="","",IF(E36>=F36,"Compliant","Non-Compliant"))
G37: =IF(B37="","",IF(E37>=F37,"Compliant","Non-Compliant"))
G38: =IF(B38="","",IF(E38>=F38,"Compliant","Non-Compliant"))
B39: Total | E39: =SUM(E29:E38) -> 0 | F39: =SUM(F29:F38) -> 0
A43: 3. | B43: Sectoral Exposures ($000s)
B45: Sector | E45: Applicable Limit (Dollar Equivalent) | F45: Exposure | G45: Compliance | I45: Count
G47: =IF(B47="","",IF(E47>=F47,"Compliant","Non-Compliant")) | I47: =IF(G47="","",IF(G47="Compliant",0,1))
G48: =IF(B48="","",IF(E48>=F48,"Compliant","Non-Compliant")) | I48: =IF(G48="","",IF(G48="Compliant",0,1))
G49: =IF(B49="","",IF(E49>=F49,"Compliant","Non-Compliant")) | I49: =IF(G49="","",IF(G49="Compliant",0,1))
G50: =IF(B50="","",IF(E50>=F50,"Compliant","Non-Compliant")) | I50: =IF(G50="","",IF(G50="Compliant",0,1))
G51: =IF(B51="","",IF(E51>=F51,"Compliant","Non-Compliant")) | I51: =IF(G51="","",IF(G51="Compliant",0,1))
G52: =IF(B52="","",IF(E52>=F52,"Compliant","Non-Compliant")) | I52: =IF(G52="","",IF(G52="Compliant",0,1))
G53: =IF(B53="","",IF(E53>=F53,"Compliant","Non-Compliant")) | I53: =IF(G53="","",IF(G53="Compliant",0,1))
G54: =IF(B54="","",IF(E54>=F54,"Compliant","Non-Compliant")) | I54: =IF(G54="","",IF(G54="Compliant",0,1))
G55: =IF(B55="","",IF(E55>=F55,"Compliant","Non-Compliant")) | I55: =IF(G55="","",IF(G55="Compliant",0,1))
G56: =IF(B56="","",IF(E56>=F56,"Compliant","Non-Compliant")) | I56: =IF(G56="","",IF(G56="Compliant",0,1))
B57: Total | F57: =SUM(F47:F56) -> 0 | I57: =SUM(I47:I56) -> 0

Sheet Largest Loan Arrears
B1: N.B. Please select from the drop down lists for Currency Type, Sector and Over 90 Days.
D2: Twenty Largest Loan Arrears
D4: Exposure at Reporting Date ($000s) | E4: Currency Type | F4: Sector | G4: Maturity Date | H4: Amounts Overdue ($000s) | I4: Specific Provisions ($000s) | J4: Monthly Repayment ($000s) | K4: Over 90 Days | L4: Value of Security Pledged
C6: Customer | L6: Description | M6: Value ($000s)
B8: 1.
B9: 2.
B10: 3.
B11: 4.
B12: 5.
B13: 6.
B14: 7.
B15: 8.
B16: 9.
B17: 10.
B18: 11.
B19: 12.
... B27: 20.
C28: TOTAL | D28: =SUM(D8:D27) -> 0 | H28: =SUM(H8:H27) -> 0 | I28: =SUM(I8:I27) -> 0 | J28: =SUM(J8:J27) -> 0 | M28: =SUM(M8:M27) -> 0
C30: AVERAGE | D30: =AVERAGEIF(D8:D27,"<>0") -> #DIV/0! | H30: =AVERAGEIF(H8:H27,"<>0") -> #DIV/0! | I30: =AVERAGEIF(I8:I27,"<>0") -> #DIV/0! | J30: =AVERAGEIF(J8:J27,"<>0") -> #DIV/0!

Sheet Large Exposures 2
B2: N.B. Please select from the drop down lists for Related Party, Exempt Exposure, Currency Type and Related Sector.
B6: Twenty Largest Exposures 2
D8: Related Party | E8: Exempt Exposure | F8: Exposure at Reporting Date ($000s) | G8: Currency Type | H8: Maximum Exposure in Reporting Period ($000s) | I8: Longest Maturity Date | J8: Amounts Overdue ($000s) | K8: Specific Provisions ($000s) | L8: Related Sector | M8: Value of Security Pledged
C10: Customer | M10: Description | N10: Value ($000s)
B12: 1.
B13: 2.
B14: 3.
B15: 4.
B16: 5.
B17: 6.
B18: 7.
B19: 8.
B20: 9.
B21: 10.
B22: 11.
B23: 12.
... B31: 20.
C32: TOTAL | F32: =SUM(F12:F31) -> 0 | H32: =SUM(H12:H31) -> 0 | J32: =SUM(J12:J31) -> 0 | K32: =SUM(K12:K31) -> 0 | N32: =SUM(N12:N31) -> 0
C34: AVERAGE | F34: =AVERAGEIF(F12:F31, "<>0") -> #DIV/0! | H34: =AVERAGEIF(H12:H31, "<>0") -> #DIV/0! | J34: =AVERAGEIF(J12:J31, "<>0") -> #DIV/0! | K34: =AVERAGEIF(K12:K31, "<>0") -> #DIV/0! | N34: =AVERAGEIF(N12:N31, "<>0") -> #DIV/0!

Sheet Form3B
B2: Analysis of B$ Deposits by Number & Range of Value (B$000s)
F6: Resident Only | I6: Non-Resident Only
C7: DEPOSITS | F7: NUMBER | G7: VALUE | H7: ACCRUED INTEREST | I7: NUMBER | J7: VALUE | K7: ACCRUED INTEREST
B9: 1. | C9: Demand Deposits
C10: Demand Deposits up to $5,000
C11: Demand Deposits over $5,000 up to $10,000
C12: Demand Deposits over $10,000 up to $15,000
C13: Demand Deposits over $15,000 up to $20,000
C14: Demand Deposits over $20,000 up to $25,000
C15: Demand Deposits over $25,000 up to $30,000
C16: Demand Deposits over $30,000 up to $35,000
C17: Demand Deposits over $35,000 up to $40,000
C18: Demand Deposits over $40,000 up to $45,000
C19: Demand Deposits over $45,000 up to $50,000
C20: Demand Deposits over $50,000
C21: Total Demand Deposits | F21: =SUM(F10:F20) -> 0 | G21: =SUM(G10:G20) -> 0 | H21: =SUM(H10:H20) -> 0 | I21: =SUM(I10:I20) -> 0 | J21: =SUM(J10:J20) -> 0 | K21: =SUM(K10:K20) -> 0
B24: 2. | C24: Savings Deposits
C25: Savings Deposits up to $5,000
C26: Savings Deposits over $5,000 up to $10,000
C27: Savings Deposits over $10,000 up to $15,000
C28: Savings Deposits over $15,000 up to $20,000
C29: Savings Deposits over $20,000 up to $25,000
C30: Savings Deposits over $25,000 up to $30,000
C31: Savings Deposits over $30,000 up to $35,000
C32: Savings Deposits over $35,000 up to $40,000
C33: Savings Deposits over $40,000 up to $45,000
C34: Savings Deposits over $45,000 up to $50,000
C35: Savings Deposits over $50,000
C36: Total Savings Deposits | F36: =SUM(F25:F35) -> 0 | G36: =SUM(G25:G35) -> 0 | H36: =SUM(H25:H35) -> 0 | I36: =SUM(I25:I35) -> 0 | J36: =SUM(J25:J35) -> 0 | K36: =SUM(K25:K35) -> 0
B39: 3. | C39: Fixed Deposits
C40: Fixed Deposits up to $5,000
C41: Fixed Deposits over $5,000 up to $10,000
C42: Fixed Deposits over $10,000 up to $15,000
C43: Fixed Deposits over $15,000 up to $20,000
C44: Fixed Deposits over $20,000 up to $25,000
C45: Fixed Deposits over $25,000 up to $30,000
C46: Fixed Deposits over $30,000 up to $35,000
C47: Fixed Deposits over $35,000 up to $40,000
C48: Fixed Deposits over $40,000 up to $45,000
C49: Fixed Deposits over $45,000 up to $50,000
C50: Fixed Deposits over $50,000
C51: Total Fixed Deposits | F51: =SUM(F40:F50) -> 0 | G51: =SUM(G40:G50) -> 0 | H51: =SUM(H40:H50) -> 0 | I51: =SUM(I40:I50) -> 0 | J51: =SUM(J40:J50) -> 0 | K51: =SUM(K40:K50) -> 0
B54: 4. | C54: Negotiable Certificates of Deposits
C55: Negotiable Certificates of Deposits up to $5,000
C56: Negotiable Certificates of Deposits over $5,000 up to $10,000
C57: Negotiable Certificates of Deposits over $10,000 up to $15,000
C58: Negotiable Certificates of Deposits over $15,000 up to $20,000
C59: Negotiable Certificates of Deposits over $20,000 up to $25,000
C60: Negotiable Certificates of Deposits over $25,000 up to $30,000
C61: Negotiable Certificates of Deposits over $30,000 up to $35,000
C62: Negotiable Certificates of Deposits over $35,000 up to $40,000
C63: Negotiable Certificates of Deposits over $40,000 up to $45,000
C64: Negotiable Certificates of Deposits over $45,000 up to $50,000
C65: Negotiable Certificates of Deposits over $50,000
C66: Total Negotiable Certificates of Deposits | F66: =SUM(F55:F65) -> 0 | G66: =SUM(G55:G65) -> 0 | H66: =SUM(H55:H65) -> 0 | I66: =SUM(I55:I65) -> 0 | J66: =SUM(J55:J65) -> 0 | K66: =SUM(K55:K65) -> 0
B69: 5. | C69: Total Deposits
C71: Total Deposits up to $5,000 | F71: =F10+F25+F40+F55 -> 0 | G71: =G10+G25+G40+G55 -> 0 | H71: =H10+H25+H40+H55 -> 0 | I71: =I10+I25+I40+I55 -> 0 | J71: =J10+J25+J40+J55 -> 0 | K71: =K10+K25+K40+K55 -> 0
C72: Total Deposits over $5,000 up to $10,000 | F72: =F11+F26+F41+F56 -> 0 | G72: =G11+G26+G41+G56 -> 0 | H72: =H11+H26+H41+H56 -> 0 | I72: =I11+I26+I41+I56 -> 0 | J72: =J11+J26+J41+J56 -> 0 | K72: =K11+K26+K41+K56 -> 0
C73: Total Deposits over $10,000 up to $15,000 | F73: =F12+F27+F42+F57 -> 0 | G73: =G12+G27+G42+G57 -> 0 | H73: =H12+H27+H42+H57 -> 0 | I73: =I12+I27+I42+I57 -> 0 | J73: =J12+J27+J42+J57 -> 0 | K73: =K12+K27+K42+K57 -> 0
C74: Total Deposits over $15,000 up to $20,000 | F74: =F13+F28+F43+F58 -> 0 | G74: =G13+G28+G43+G58 -> 0 | H74: =H13+H28+H43+H58 -> 0 | I74: =I13+I28+I43+I58 -> 0 | J74: =J13+J28+J43+J58 -> 0 | K74: =K13+K28+K43+K58 -> 0
C75: Total Deposits over $20,000 up to $25,000 | F75: =F14+F29+F44+F59 -> 0 | G75: =G14+G29+G44+G59 -> 0 | H75: =H14+H29+H44+H59 -> 0 | I75: =I14+I29+I44+I59 -> 0 | J75: =J14+J29+J44+J59 -> 0 | K75: =K14+K29+K44+K59 -> 0
C76: Total Deposits over $25,000 up to $30,000 | F76: =F15+F30+F45+F60 -> 0 | G76: =G15+G30+G45+G60 -> 0 | H76: =H15+H30+H45+H60 -> 0 | I76: =I15+I30+I45+I60 -> 0 | J76: =J15+J30+J45+J60 -> 0 | K76: =K15+K30+K45+K60 -> 0
C77: Total Deposits over $30,000 up to $35,000 | F77: =F16+F31+F46+F61 -> 0 | G77: =G16+G31+G46+G61 -> 0 | H77: =H16+H31+H46+H61 -> 0 | I77: =I16+I31+I46+I61 -> 0 | J77: =J16+J31+J46+J61 -> 0 | K77: =K16+K31+K46+K61 -> 0
C78: Total Deposits over $35,000 up to $40,000 | F78: =F17+F32+F47+F62 -> 0 | G78: =G17+G32+G47+G62 -> 0 | H78: =H17+H32+H47+H62 -> 0 | I78: =I17+I32+I47+I62 -> 0 | J78: =J17+J32+J47+J62 -> 0 | K78: =K17+K32+K47+K62 -> 0
C79: Total Deposits over $40,000 up to $45,000 | F79: =F18+F33+F48+F63 -> 0 | G79: =G18+G33+G48+G63 -> 0 | H79: =H18+H33+H48+H63 -> 0 | I79: =I18+I33+I48+I63 -> 0 | J79: =J18+J33+J48+J63 -> 0 | K79: =K18+K33+K48+K63 -> 0
C80: Total Deposits over $45,000 up to $50,000 | F80: =F19+F34+F49+F64 -> 0 | G80: =G19+G34+G49+G64 -> 0 | H80: =H19+H34+H49+H64 -> 0 | I80: =I19+I34+I49+I64 -> 0 | J80: =J19+J34+J49+J64 -> 0 | K80: =K19+K34+K49+K64 -> 0
C81: Total Deposits over $50,000 | F81: =F20+F35+F50+F65 -> 0 | G81: =G20+G35+G50+G65 -> 0 | H81: =H20+H35+H50+H65 -> 0 | I81: =I20+I35+I50+I65 -> 0 | J81: =J20+J35+J50+J65 -> 0 | K81: =K20+K35+K50+K65 -> 0
C82: Total Deposits | F82: =SUM(F71:F81) -> 0 | G82: =SUM(G71:G81) -> 0 | H82: =SUM(H71:H81) -> 0 | I82: =SUM(I71:I81) -> 0 | J82: =SUM(J71:J81) -> 0 | K82: =SUM(K71:K81) -> 0
C85: MEMORANDUM ITEM | F85: NUMBER | G85: VALUE | H85: ACCRUED INTEREST | I85: NUMBER | J85: VALUE | K85: ACCRUED INTEREST
B86: 6. | C86: Demand Deposits - Interest Bearing A/Cs
C87: Demand Deposits up to $5,000
C88: Demand Deposits over $5,000 up to $10,000
C89: Demand Deposits over $10,000 up to $15,000
C90: Demand Deposits over $15,000 up to $20,000
C91: Demand Deposits over $20,000 up to $25,000
C92: Demand Deposits over $25,000 up to $30,000
C93: Demand Deposits over $30,000 up to $35,000
C94: Demand Deposits over $35,000 up to $40,000
C95: Demand Deposits over $40,000 up to $45,000
C96: Demand Deposits over $45,000 up to $50,000
C97: Demand Deposits over $50,000
C98: Total Demand Deposits - Interest Bearing A/Cs | F98: =SUM(F87:F97) -> 0 | G98: =SUM(G87:G97) -> 0 | H98: =SUM(H87:H97) -> 0 | I98: =SUM(I87:I97) -> 0 | J98: =SUM(J87:J97) -> 0 | K98: =SUM(K87:K97) -> 0

Sheet Form3D
B2: Analysis of B$ Deposits by Number & Range of Value up to $10,000 (B$000s)
F6: Resident Only | I6: Non-Resident Only
C7: DEPOSITS | F7: NUMBER | G7: VALUE | H7: ACCRUED INTEREST | I7: NUMBER | J7: VALUE | K7: ACCRUED INTEREST
B9: 1. | C9: Total Deposits
C10: Total Deposits up to $250
C11: Total Deposits over $250 up to $500
C12: Total Deposits over $500 up to $1,000
C13: Total Deposits over $1,000 up to $2,000
C14: Total Deposits over $2,000 up to $3,000
C15: Total Deposits over $3,000 up to $4,000
C16: Total Deposits over $4,000 up to $5,000
C17: Total Deposits over $5,000 up to $6,000
C18: Total Deposits over $6,000 up to $7,000
C19: Total Deposits over $7,000 up to $8,000
C20: Total Deposits over $8,000 up to $9,000
C21: Total Deposits over $9,000 up to $10,000
C22: Total Deposits | F22: =SUM(F10:F21) -> 0 | G22: =SUM(G10:G21) -> 0 | H22: =SUM(H10:H21) -> 0 | I22: =SUM(I10:I21) -> 0 | J22: =SUM(J10:J21) -> 0 | K22: =SUM(K10:K21) -> 0
B25: 2. | C25: Wire Transfers
C26: Wire Transfers up to $5,000
C27: Wire Transfers over $5,000 up to $10,000
C28: Wire Transfers over $10,000 up to $20,000
C29: Wire Transfers over $20,000 up to $30,000
C30: Wire Transfers over $30,000 up to $40,000
C31: Wire Transfers over $40,000 up to $50,000
C32: Wire Transfers over $50,000
C33: Total Wire Transfers | F33: =SUM(F26:F32) -> 0 | G33: =SUM(G26:G32) -> 0 | H33: =SUM(H26:H32) -> 0 | I33: =SUM(I26:I32) -> 0 | J33: =SUM(J26:J32) -> 0 | K33: =SUM(K26:K32) -> 0
B36: 3. | C36: Stored Value Cards
C37: Stored Value Cards up to $250
C38: Stored Value Cards over $250 up to $500
C39: Stored Value Cards over $500 up to $1,000
C40: Stored Value Cards over $1,000 up to $2,500
C41: Stored Value Cards over $2,500 up to $5,000
C42: Stored ValueCards over $5,000 up to $7,500
C43: Stored ValueCards over $7,500 up to $10,000
C44: Stored Value Cards over $10,000 up to $15,000
C45: Stored Value Cards over $15,000 up to $25,000
C46: Stored Value Cards over $25,000 up to $50,000
C47: Stored Value Cards over $50,000
C48: Total Stored Value Cards | F48: =SUM(F37:F47) -> 0 | G48: =SUM(G37:G47) -> 0 | H48: =SUM(H37:H47) -> 0 | I48: =SUM(I37:I47) -> 0 | J48: =SUM(J37:J47) -> 0 | K48: =SUM(K37:K47) -> 0

Sheet CredCards
B2: Credit Cards Report
B4: (Value in $000s)
F5: Visa | G5: MasterCard | H5: Other
B7: 1. | C7: Credit Cards Outstanding:
C8: Number of Card Accounts Outstanding | F8: =$F$17 -> 0 | G8: =$G$17 -> 0 | H8: =$H$17 -> 0
C9: By Range of Card Limit:
C10: $0-$500
C11: Over $500 - $1,000
C12: Over $1,000 - $2,000
C13: Over $2,000 - $3,000
C14: Over $3,000 - $5,000
C15: Over $5,000 - $10,000
C16: Over $10,000
C17: Total | F17: =F10+F11+F12+F13+F14+F15+F16 -> 0 | G17: =G10+G11+G12+G13+G14+G15+G16 -> 0 | H17: =H10+H11+H12+H13+H14+H15+H16 -> 0
C20: Value of Credit Cards Outstanding | F20: =F29 -> 0 | G20: =G29 -> 0 | H20: =H29 -> 0
C21: By Range of Card Limit:
C22: $0-$500
C23: Over $500 - $1,000
C24: Over $1,000 - $2,000
C25: Over $2,000 - $3,000
C26: Over $3,000 - $5,000
C27: Over $5,000 - $10,000
C28: Over $10,000
C29: Total | F29: =F22+F23+F24+F25+F26+F27+F28 -> 0 | G29: =G22+G23+G24+G25+G26+G27+G28 -> 0 | H29: =H22+H23+H24+H25+H26+H27+H28 -> 0
C32: Total Accrued Interest on Credit Cards Outstanding | F32: =F33 -> 0 | G32: =G33 -> 0 | H32: =H33 -> 0
C33: Accrued Interest applied to Credit Cards Outstanding
B35: 2. | C35: Limits:
C36: Aggregate Limits
B38: 3. | C38: Credit Utilized | F38: =F39+F40 -> 0 | G38: =G39+G40 -> 0 | H38: =H39+H40 -> 0
C39: In Bahamian Dollars
C40: In Foreign Currency
B42: 4. | C42: Cash Advances | F42: =F43+F44 -> 0 | G42: =G43+G44 -> 0 | H42: =H43+H44 -> 0
C43: In Bahamian Dollars
C44: In Foreign Currency
B46: 5. | C46: Merchants Receipts US$
B48: 6. | C48: Net Payments Received | F48: =F49-F50 -> 0 | G48: =G49-G50 -> 0 | H48: =H49-H50 -> 0
C49: Total Payments Received B$
C50: Less: Cardholders' Chargeback
B52: 7. | C52: Payments To Int'l Card Vendors (Net) | F52: =F53-F54 -> 0 | G52: =G53-G54 -> 0 | H52: =H53-H54 -> 0
C53: Payments To
C54: Payments From
B56: 8. | C56: Estimated F/C Usage
B58: 9. | C58: Memorandum Items:
C59: I. Minimum Card Limit
C60: II. Maximum Card Limit
C61: III. Interest Rate Charged

Sheet MortRep
D2: Mortgages Report
E4: (Value in $000s)
C5: R E S I D E N T I A L
B7: 1. | C7: Residential Mortgages Outstanding: | F7: Number | G7: Value
C8: New Construction Single Dwelling
C9: New Construction Duplex & Row
C10: Existing Single Dwelling
C11: Existing Duplex & Row
C12: Rehab./Additions Single Dwelling
C13: Rehab./Additions Duplex & Row
C14: Total | F14: =F8+F9+F10+F11+F12+F13 -> 0 | G14: =G8+G9+G10+G11+G12+G13 -> 0
C15: Average | G15: =G14/F14 -> #DIV/0!
B17: 2. | C17: Mortgage Loan Disbursements (For The Quarter) | G17: Value
C18: New Construction Single Dwelling
C19: New Construction Duplex & Row
C20: Existing Single Dwelling
C21: Existing Duplex & Row
C22: Rehab./Additions Single Dwelling
C23: Rehab./Additions Duplex & Row
C24: Total Disbursements | G24: =G18+G19+G20+G21+G22+G23 -> 0
B26: 3. | C26: Total Payments For The Quarter | F26: Principal & Int. | G26: Other
C27: New & Existing Single Dwelling
C28: Rehab./Additions Single Dwelling
C29: New & Existing Duplex & Row
C30: Rehab./Additions Duplex & Row
C31: Total Payments | F31: =F27+F28+F29+F30 -> 0 | G31: =G27+G28+G29+G30 -> 0
C32: Grand Total | G32: =F31+G31 -> 0
B34: 4. | C34: Mortgage Loan Commitments (For The Quarter) | F34: Number | G34: Value
C35: New Construction Single Dwelling
C36: New Construction Duplex & Row
C37: Existing Single Dwelling
C38: Existing Duplex & Row
C39: Rehab./Additions Single Dwelling
C40: Rehab./Additions Duplex & Row
C41: Total | F41: =F35+F36+F37+F38+F39+F40 -> 0 | G41: =G35+G36+G37+G38+G39+G40 -> 0
C42: Average | G42: =G41/F41 -> #DIV/0!
B44: 5. | C44: Loan/Market Value Ratio | G44: Ratio
C45: New & Existing Single Dwelling
C46: New & Existing Duplex & Row
B48: 6. | C48: Average Interest Rates | G48: Rate
C49: New & Existing Single Dwelling
C50: New & Existing Duplex & Row
C52: C O M M E R C I A L
B54: 1. | C54: Commercial Mortgages Outstanding: | F54: Number | G54: Value
C55: New Construction
C56: Existing Structure
C57: Rehab. & Additions
C58: Total | F58: =F55+F56+F57 -> 0 | G58: =G55+G56+G57 -> 0
C59: Average | G59: =G58/F58 -> #DIV/0!
B61: 2. | C61: Mortgage Loan Disbursements (Qtr.) | G61: Value
C62: New Construction
C63: Existing Structure
C64: Rehab. & Additions
C65: Total Disbursements | G65: =G62+G63+G64 -> 0
B67: 3. | C67: Total Payments For The Quarter (Value) | F67: Principal & Int. | G67: Other
C68: New Construction
C69: Existing Structure
C70: Rehab. & Additions
C71: Total Payments | F71: =F68+F69+F70 -> 0 | G71: =G68+G69+G70 -> 0
C72: Grand Total | G72: =F71+G71 -> 0
B74: 4. | C74: Mortgage Loan Commitments (For The Quarter) | F74: Number | G74: Value
C75: New Construction
C76: Existing Structure
C77: Rehab. & Additions
C78: Total | F78: =F75+F76+F77 -> 0 | G78: =G75+G76+G77 -> 0
B80: 5. | C80: Loan/Market Value Ratio | G80: Ratio
C81: New Construction
C82: Existing Structure
B84: 6. | C84: Average Interest Rates | G84: Rate
C85: New Construction
C86: Existing Structure
C88: O T H E R I T E M S
B91: 1. | C91: Foreclosures | F91: Number | G91: Value
C92: Residential
C93: Business (Secured by Property)

Sheet Cognos_Office_Connection_Cache

Sheet Form7R
B2: Profit and Loss Statement
I6: ($000s)
B7: I. | C7: Operating Income: | G7: B$ | H7: F/C | I7: TOTAL
C8: 1. | D8: Interest Income | G8: =G9+G14 -> 0 | H8: =H9+H14 -> 0 | I8: =G8+H8 -> 0
D9: Resident | G9: =SUM(G10:G13) -> 0 | H9: =SUM(H10:H13) -> 0 | I9: =G9+H9 -> 0
D10: i. Loans | I10: =G10+H10 -> 0
D11: ii. Interbank Loans/Deposits | I11: =G11+H11 -> 0
D12: iii. Securities/Investments | I12: =G12+H12 -> 0
D13: iv. Other Interest Income | I13: =G13+H13 -> 0
D14: Non-Resident | G14: =SUM(G15:G18) -> 0 | H14: =SUM(H15:H18) -> 0 | I14: =G14+H14 -> 0
D15: i. Loans | I15: =G15+H15 -> 0
D16: ii. Interbank Loans/Deposits | I16: =G16+H16 -> 0
D17: iii. Securities/Investments | I17: =G17+H17 -> 0
D18: iv. Other Interest Income | I18: =G18+H18 -> 0
C19: 2. | D19: Non-Interest Income | G19: =SUM(G20:G30) -> 0 | H19: =SUM(H20:H30) -> 0 | I19: =SUM(I20:I30) -> 0
D20: Resident Loan Fees | I20: =G20+H20 -> 0
D21: Non-Resident Loan Fees | I21: =G21+H21 -> 0
D22: Securities Commission | I22: =G22+H22 -> 0
D23: Dividend Income | I23: =G23+H23 -> 0
D24: Net Foreign Exchange Income | I24: =G24+H24 -> 0
D25: Trust & Administration Fee Income | I25: =G25+H25 -> 0
D26: Custody Fee Income | I26: =G26+H26 -> 0
D27: Asset Management Fee Income | I27: =G27+H27 -> 0
D28: SLA or Retrocession Fee Income | I28: =G28+H28 -> 0
D29: Extraordinary Gain | I29: =G29+H29 -> 0
D30: Other Non-Interest Income | I30: =G30+H30 -> 0
D31: Total Operating Income | G31: =G8+G19 -> 0 | H31: =H8+H19 -> 0 | I31: =G31+H31 -> 0
B33: II. | C33: Operating Expense: | G33: B$ | H33: F/C | I33: TOTAL
C34: 1. Interest Expense | G34: =G35+G40+G41+G42+G43+G39 -> 0 | H34: =H35+H40+H41+H42+H43+H39 -> 0 | I34: =G34+H34 -> 0
D35: Resident Deposits | G35: =G36+G37+G38 -> 0 | H35: =H36+H37+H38 -> 0 | I35: =G35+H35 -> 0
D36: Demand Deposits | I36: =G36+H36 -> 0
D37: Savings Deposits | I37: =G37+H37 -> 0
D38: Fixed Deposits | I38: =G38+H38 -> 0
D39: Non-Resident Deposits | I39: =G39+H39 -> 0
D40: Interbank Loans/Deposits | I40: =G40+H40 -> 0
D41: Borrowings from Head Office | I41: =G41+H41 -> 0
D42: Central Bank Loans/Deposits | I42: =G42+H42 -> 0
D43: Other Interest Expense | I43: =G43+H43 -> 0
C44: 2. Non-Interest Expense | G44: =G45+G46+G47+G48+G49+G50+G51+G52+G53+G54+G55 -> 0 | H44: =H45+H46+H47+H48+H49+H50+H51+H52+H53+H54+H55 -> 0 | I44: =I45+I46+I47+I48+I49+I50+I51+I52+I53+I54+I55 -> 0
D45: Salaries | I45: =G45+H45 -> 0
D46: Other Staff Expense | I46: =G46+H46 -> 0
D47: Professional Services Fees | I47: =G47+H47 -> 0
D48: Government Fees | I48: =G48+H48 -> 0
D49: Rental Expense | I49: =G49+H49 -> 0
D50: Utilities Expense | I50: =G50+H50 -> 0
D51: Maintenance of Furniture & Equipment | I51: =G51+H51 -> 0
D52: Depreciation Expense | I52: =G52+H52 -> 0
D53: Operational/Extraordinary Loss | I53: =G53+H53 -> 0
D54: SLA Fee Expense | I54: =G54+H54 -> 0
D55: Other Non-Interest Expense | I55: =G55+H55 -> 0
C56: 3. Bad Debt And Provision Expense | G56: =G57+G58-G62 -> 0 | H56: =H57+H58-H62 -> 0 | I56: =G56+H56 -> 0
D57: Provisions (Additions Less Reversals) | I57: =G57+H57 -> 0
D58: Plus Loans Write-Offs | G58: =G59+G60+G61 -> 0 | H58: =H59+H60+H61 -> 0 | I58: =G58+H58 -> 0
D59: Consumer | I59: =G59+H59 -> 0
D60: Business | I60: =G60+H60 -> 0
D61: Other | I61: =G61+H61 -> 0
D62: Less: Recoveries | I62: =G62+H62 -> 0
C63: Total Operating Expenses (1 + 2 + 3) | G63: =G34+G44+G56 -> 0 | H63: =H34+H44+H56 -> 0 | I63: =G63+H63 -> 0
D64: of which: Local Expenses | I64: =G64+H64 -> 0
B66: III. | C66: Net Income/Loss (I - II)
C67: (i) B$ Operations | G67: =G31-G63 -> 0 | H67: Note: Please check these figures against those recorded on your books.
C68: (ii) F/C Operations | G68: =H31-H63 -> 0
C69: (iii) Total Operations | G69: =I31-I63 -> 0
B71: IV. | C71: Allocation of Profits
C72: Dividends Paid/Payable
B74: V. | C74: MEMORANDUM ITEMS:
C75: 1. | D75: Interest, Dividends & Profits, Etc.
D76: Received on Non-Resident F/C Assets
D77: Paid on Non-Resident F/C Liabilities
C78: 2. | D78: Commissions, Charges, Fees, Etc.
D79: Received on Offshore Transactions
D80: Paid on Offshore Transactions
D81: Offshore Management Fees
C82: 3. | D82: Employment | G82: Bahamians | H82: Non-Bahamians | I82: Total
D83: Number of Employees: | G83: =SUM(G84:G85) -> 0 | H83: =SUM(H84:H85) -> 0 | I83: =SUM(G83:H83) -> 0
D84: 1. Males | I84: =SUM(G84:H84) -> 0
D85: 2. Females | I85: =SUM(G85:H85) -> 0
D86: Number of Temporary Bahamian Workers | G86: =SUM(G87:G88) -> 0 | I86: =SUM(G86) -> 0
D87: 1. Males | I87: =SUM(G87) -> 0
D88: 2. Females | I88: =SUM(G88) -> 0
D89: Number of Employees by Job Type: | G89: =SUM(G90:G94) -> 0 | H89: =SUM(H90:H94) -> 0 | I89: =SUM(I90:I94) -> 0
D90: 1. Executive Management | I90: =H90+G90 -> 0
D91: 2. Middle Management | I91: =G91+H91 -> 0
D92: 3. Technical/Non-Management | I92: =G92+H92 -> 0
D93: 4. Clerical/Administrative Support | I93: =G93+H93 -> 0
D94: 5. Other | I94: =G94+H94 -> 0
D95: Number of Employees employed permanently in: | G95: =SUM(G96:G99) -> 0 | H95: =SUM(H96:H99) -> 0 | I95: =SUM(I96:I99) -> 0
D96: 1. Local (Commercial) Banking | I96: =G96+H96 -> 0
D97: 2. Offshore Banking | I97: =G97+H97 -> 0
D98: 3. Trust Administration | I98: =G98+H98 -> 0
D99: 4. Other | I99: =H99+G99 -> 0

Sheet AnalyPaySys
B2: Analysis of Payments System
J5: (Value in $000s)
G6: Number | J6: Value
G8: B$ | H8: F/C | I8: Total | J8: B$ | K8: F/C | L8: Total
B10: A. | C10: ATMs/ABMs and POS Terminals
C11: (i) | D11: Number of Network Terminals (Total) | I11: =SUM(G11:H11) -> 0
D12: a) | E12: New Providence | I12: =SUM(G12:H12) -> 0
D13: b) | E13: Grand Bahama | I13: =SUM(G13:H13) -> 0
D14: c) | E14: Family Islands | I14: =SUM(G14:H14) -> 0
C16: (ii) | D16: Volume/Value of Transactions | I16: =SUM(G16:H16) -> 0 | L16: =SUM(J16:K16) -> 0
B18: B. | C18: Cashless Payment Instruments | G18: =SUM(G19,G21,G23,G28,G30) -> 0 | H18: =SUM(H19,H21,H23,H28,H30) -> 0 | I18: =SUM(G18:H18) -> 0 | J18: =SUM(J19,J21,J23,J28,J30) -> 0 | K18: =SUM(K19,K21,K23,K28,K30) -> 0 | L18: =SUM(J18:K18) -> 0
C19: (i) | D19: Cash Cards | I19: =SUM(G19:H19) -> 0 | L19: =SUM(J19:K19) -> 0
C21: (ii) | D21: Cheques Issued (Total) | I21: =SUM(G21:H21) -> 0 | L21: =SUM(J21:K21) -> 0
C23: (iii) | D23: Payments by Card | G23: =SUM(G24:G26) -> 0 | H23: =SUM(H24:H26) -> 0 | I23: =SUM(G23:H23) -> 0 | J23: =SUM(J24:J26) -> 0 | K23: =SUM(K24:K26) -> 0 | L23: =SUM(J23:K23) -> 0
D24: a) | E24: Debit Cards | I24: =SUM(G24:H24) -> 0 | L24: =SUM(J24:K24) -> 0
D25: b) | E25: Credit Cards | I25: =SUM(G25:H25) -> 0 | L25: =SUM(J25:K25) -> 0
D26: c) | E26: Stored Value | I26: =SUM(G26:H26) -> 0 | L26: =SUM(J26:K26) -> 0
C28: (iv) | D28: Direct Debits | I28: =SUM(G28:H28) -> 0 | L28: =SUM(J28:K28) -> 0
C30: (v) | D30: Direct Credits/Credit Transfers | I30: =SUM(G30:H30) -> 0 | L30: =SUM(J30:K30) -> 0
B32: C. | C32: Merchant Accounts
C33: (i) | D33: Merchant Accounts - Terminals (Visa/Mastercard) | G33: =SUM(G34:G36) -> 0 | H33: =SUM(H34:H36) -> 0 | I33: =SUM(G33:H33) -> 0
D34: a) | E34: New Providence | I34: =SUM(G34:H34) -> 0
D35: b) | E35: Grand Bahama | I35: =SUM(G35:H35) -> 0
D36: c) | E36: Family Islands | I36: =SUM(G36:H36) -> 0
C38: (ii) | D38: Merchant Accounts (Value of Transactions) | J38: =SUM(J39:J41) -> 0 | K38: =SUM(K39:K41) -> 0 | L38: =SUM(J38:K38) -> 0
D39: a) | E39: New Providence | L39: =SUM(J39:K39) -> 0
D40: b) | E40: Grand Bahama | L40: =SUM(J40:K40) -> 0
D41: c) | E41: Family Islands | L41: =SUM(J41:K41) -> 0
B43: D. | C43: Electronic Banking
C44: (i) | D44: Registered Residential Users (by Island) | G44: =SUM(G45:G47) -> 0 | H44: =SUM(H45:H47) -> 0 | I44: =SUM(G44:H44) -> 0
D45: a) | E45: New Providence | I45: =SUM(G45:H45) -> 0
D46: b) | E46: Grand Bahama | I46: =SUM(G46:H46) -> 0
D47: c) | E47: Family Islands | I47: =SUM(G47:H47) -> 0
C49: (ii) | D49: Registered Business Users (by Island) | G49: =SUM(G50:G52) -> 0 | H49: =SUM(H50:H52) -> 0 | I49: =SUM(G49:H49) -> 0
D50: a) | E50: New Providence | I50: =SUM(G50:H50) -> 0
D51: b) | E51: Grand Bahama | I51: =SUM(G51:H51) -> 0
D52: c) | E52: Family Islands | I52: =SUM(G52:H52) -> 0
C54: (iii) | D54: Registered Users Public Sector | I54: =SUM(G54:H54) -> 0
C56: (iv) | D56: Other Registered Users | I56: =SUM(G56:H56) -> 0 | L56: =SUM(J56:K56) -> 0
B61: E. | C61: Cases of Fraud
C62: (i) | D62: By Cheques | G62: =SUM(G66,G71,G76) -> 0 | H62: =SUM(H66,H71,H76) -> 0 | I62: =SUM(I66,I71,I76) -> 0 | J62: =SUM(J66,J71,J76) -> 0 | K62: =SUM(K66,K71,K76) -> 0 | L62: =SUM(L66,L71,L76) -> 0
D63: a) | E63: New Providence: ATM | F63: Debit Cards | I63: =SUM(G63:H63) -> 0 | L63: =SUM(J63:K63) -> 0
D64: b) | E64: New Providence: In-Branch | F64: Credit Cards | I64: =SUM(G64:H64) -> 0 | L64: =SUM(J64:K64) -> 0
D65: c) | E65: New Providence: Online | F65: Stored Value | I65: =SUM(G65:H65) -> 0 | L65: =SUM(J65:K65) -> 0
E66: Total New Providence | F66: Stored Value | G66: =SUM(G63:G65) -> 0 | H66: =SUM(H63:H65) -> 0 | I66: =SUM(G66:H66) -> 0 | J66: =SUM(J63:J65) -> 0 | K66: =SUM(K63:K65) -> 0 | L66: =SUM(J66:K66) -> 0
D68: a) | E68: Grand Bahama: ATM | F68: Debit Cards | I68: =SUM(G68:H68) -> 0 | L68: =SUM(J68:K68) -> 0
D69: b) | E69: Grand Bahama: In-Branch | F69: Credit Cards | I69: =SUM(G69:H69) -> 0 | L69: =SUM(J69:K69) -> 0
D70: c) | E70: Grand Bahama: Online | F70: Stored Value | I70: =SUM(G70:H70) -> 0 | L70: =SUM(J70:K70) -> 0
E71: Total Grand Bahama | G71: =SUM(G68:G70) -> 0 | H71: =SUM(H68:H70) -> 0 | I71: =SUM(G71:H71) -> 0 | J71: =SUM(J68:J70) -> 0 | K71: =SUM(K68:K70) -> 0 | L71: =SUM(J71:K71) -> 0
D73: a) | E73: Family Islands: ATM | F73: Debit Cards | I73: =SUM(G73:H73) -> 0 | L73: =SUM(J73:K73) -> 0
D74: b) | E74: Family Islands: In-Branch | F74: Credit Cards | I74: =SUM(G74:H74) -> 0 | L74: =SUM(J74:K74) -> 0
D75: c) | E75: Family Islands: Online | F75: Stored Value | I75: =SUM(G75:H75) -> 0 | L75: =SUM(J75:K75) -> 0
E76: Total Family Islands | F76: Debit Cards | G76: =SUM(G73:G75) -> 0 | H76: =SUM(H73:H75) -> 0 | I76: =SUM(G76:H76) -> 0 | J76: =SUM(J73:J75) -> 0 | K76: =SUM(K73:K75) -> 0 | L76: =SUM(J76:K76) -> 0
C78: (ii) | D78: By Debit Cards | G78: =SUM(G82,G87,G92) -> 0 | H78: =SUM(H82,H87,H92) -> 0 | I78: =SUM(I82,I87,I92) -> 0 | J78: =SUM(J82,J87,J92) -> 0 | K78: =SUM(K82,K87,K92) -> 0 | L78: =SUM(L82,L87,L92) -> 0
D79: a) | E79: New Providence: ATM | F79: Debit Cards | I79: =SUM(G79:H79) -> 0 | L79: =SUM(J79:K79) -> 0
D80: b) | E80: New Providence: In-Branch | F80: Credit Cards | I80: =SUM(G80:H80) -> 0 | L80: =SUM(J80:K80) -> 0
D81: c) | E81: New Providence: Online | F81: Stored Value | I81: =SUM(G81:H81) -> 0 | L81: =SUM(J81:K81) -> 0
E82: Total New Providence | F82: Stored Value | G82: =SUM(G79:G81) -> 0 | H82: =SUM(H79:H81) -> 0 | I82: =SUM(G82:H82) -> 0 | J82: =SUM(J79:J81) -> 0 | K82: =SUM(K79:K81) -> 0 | L82: =SUM(J82:K82) -> 0
D84: a) | E84: Grand Bahama: ATM | F84: Debit Cards | I84: =SUM(G84:H84) -> 0 | L84: =SUM(J84:K84) -> 0
D85: b) | E85: Grand Bahama: In-Branch | F85: Credit Cards | I85: =SUM(G85:H85) -> 0 | L85: =SUM(J85:K85) -> 0
D86: c) | E86: Grand Bahama: Online | F86: Stored Value | I86: =SUM(G86:H86) -> 0 | L86: =SUM(J86:K86) -> 0
E87: Total Grand Bahama | G87: =SUM(G84:G86) -> 0 | H87: =SUM(H84:H86) -> 0 | I87: =SUM(G87:H87) -> 0 | J87: =SUM(J84:J86) -> 0 | K87: =SUM(K84:K86) -> 0 | L87: =SUM(J87:K87) -> 0
D89: a) | E89: Family Islands: ATM | F89: Debit Cards | I89: =SUM(G89:H89) -> 0 | L89: =SUM(J89:K89) -> 0
D90: b) | E90: Family Islands: In-Branch | F90: Credit Cards | I90: =SUM(G90:H90) -> 0 | L90: =SUM(J90:K90) -> 0
D91: c) | E91: Family Islands: Online | F91: Stored Value | I91: =SUM(G91:H91) -> 0 | L91: =SUM(J91:K91) -> 0
E92: Total Family Islands | F92: Debit Cards | G92: =SUM(G89:G91) -> 0 | H92: =SUM(H89:H91) -> 0 | I92: =SUM(G92:H92) -> 0 | J92: =SUM(J89:J91) -> 0 | K92: =SUM(K89:K91) -> 0 | L92: =SUM(J92:K92) -> 0
C94: (iii) | D94: By Credit Cards | G94: =SUM(G98,G103,G108) -> 0 | H94: =SUM(H98,H103,H108) -> 0 | I94: =SUM(I98,I103,I108) -> 0 | J94: =SUM(J98,J103,J108) -> 0 | K94: =SUM(K98,K103,K108) -> 0 | L94: =SUM(L98,L103,L108) -> 0
D95: a) | E95: New Providence: ATM | F95: Debit Cards | I95: =SUM(G95:H95) -> 0 | L95: =SUM(J95:K95) -> 0
D96: b) | E96: New Providence: In-Branch | F96: Credit Cards | I96: =SUM(G96:H96) -> 0 | L96: =SUM(J96:K96) -> 0
D97: c) | E97: New Providence: Online | F97: Stored Value | I97: =SUM(G97:H97) -> 0 | L97: =SUM(J97:K97) -> 0
E98: Total New Providence | F98: Stored Value | G98: =SUM(G95:G97) -> 0 | H98: =SUM(H95:H97) -> 0 | I98: =SUM(G98:H98) -> 0 | J98: =SUM(J95:J97) -> 0 | K98: =SUM(K95:K97) -> 0 | L98: =SUM(J98:K98) -> 0
D100: a) | E100: Grand Bahama: ATM | F100: Debit Cards | I100: =SUM(G100:H100) -> 0 | L100: =SUM(J100:K100) -> 0
D101: b) | E101: Grand Bahama: In-Branch | F101: Credit Cards | I101: =SUM(G101:H101) -> 0 | L101: =SUM(J101:K101) -> 0
D102: c) | E102: Grand Bahama: Online | F102: Stored Value | I102: =SUM(G102:H102) -> 0 | L102: =SUM(J102:K102) -> 0
E103: Total Grand Bahama | G103: =SUM(G100:G102) -> 0 | H103: =SUM(H100:H102) -> 0 | I103: =SUM(G103:H103) -> 0 | J103: =SUM(J100:J102) -> 0 | K103: =SUM(K100:K102) -> 0 | L103: =SUM(J103:K103) -> 0
D105: a) | E105: Family Islands: ATM | F105: Debit Cards | I105: =SUM(G105:H105) -> 0 | L105: =SUM(J105:K105) -> 0
D106: b) | E106: Family Islands: In-Branch | F106: Credit Cards | I106: =SUM(G106:H106) -> 0 | L106: =SUM(J106:K106) -> 0
D107: c) | E107: Family Islands: Online | F107: Stored Value | I107: =SUM(G107:H107) -> 0 | L107: =SUM(J107:K107) -> 0
E108: Total Family Islands | F108: Debit Cards | G108: =SUM(G105:G107) -> 0 | H108: =SUM(H105:H107) -> 0 | I108: =SUM(G108:H108) -> 0 | J108: =SUM(J105:J107) -> 0 | K108: =SUM(K105:K107) -> 0 | L108: =SUM(J108:K108) -> 0

Sheet FidAsst
A1: Statement of Fiduciary Assets
M3: (Value in $000s)
B4: General Statistics - Value of Fiduciary Assets of which: [See Notes Below]
A6: 1. | B6: For Total Value of Fiduciary Assets - Breakdown by Asset Class | M6: =M7+M12+M17 -> 0
B7: A. | C7: Assets Under Administration | M7: =SUM(M8:M10) -> 0
C8: (i) | D8: Deposits
C9: (ii) | D9: Capital Market Instruments
C10: (iii) | D10: Other
B12: B. | C12: Assets Under Management | M12: =SUM(M13:M15) -> 0
C13: (i) | D13: Deposits
C14: (ii) | D14: Capital Market Instruments
C15: (iii) | D15: Other
B17: C. | C17: Assets Under Custody | M17: =SUM(M18:M20) -> 0
C18: (i) | D18: Deposits
C19: (ii) | D19: Capital Market Instruments
C20: (iii) | D20: Other
B21: General Statistics - Number of Investment Holding Structures/Vehicles
A23: 2. | B23: Total Number of Investment Holding Structures/Vehicles | M23: =SUM(M24:M33) -> 0
B24: A. | C24: International Business Companies
B25: B. | C25: Investment Funds/Collective Investment Schemes
B26: C. | C26: Trusts
B27: D. | C27: Limited Liability Companies (LLC)
B28: E. | C28: Private Trust Companies
B29: F. | C29: Foundations
B30: G. | C30: Bahamas Executive Entities (BEE)
B31: H. | C31: Investment Condominiums
B32: I. | C32: Individual
B33: J. | C33: Other
B34: Notes:
B35: Fiduciary Assets | E35: “assets under administration” means all assets that are managed by a bank or financial institution on behalf of clients. Assets under administration are beneficially owned by clients. For example: assets within a Trust structure held with External Asset Managers.
E36: “assets under management” means the 'securities portfolios' with respect to which an adviser (or investment company) provides continuous, regular and active superviosry or management services. For example: assets held under a discretionary or advisory investment portfolio where the Bahamian entity provides the investment management or advisory services.
E37: “assets under custody” means client funds or securities, held in ‘custody’ directly or indirectly by an advisor (or investment company) on their behalf, or where the adviser (or investment company) has any authority to obtain possession of them. For example: assets physically custodied inThe Bahamas.

Sheet MaturAnalSum
F2: Maturity-Wise Analysis of Liabilities and Assets
F3: ($000s)
C8: L I A B I L I T I E S | F8: Total | G8: Up to 1 Month | H8: Over 1 Month and up to 3 Months | I8: Over 3 Months and up to 6 Months | J8: Over 6 Months and up to 12 Months | K8: Over 1 Year and up to 5 Years | L8: Over 5 Years
B11: 1. | C11: Deposits | F11: ='Form 1'!N11 -> 0 | G11: =SUM(G12:G14) -> 0 | H11: =SUM(H12:H14) -> 0 | I11: =SUM(I12:I14) -> 0 | J11: =SUM(J12:J14) -> 0 | K11: =SUM(K12:K14) -> 0 | L11: =SUM(L12:L14) -> 0
C12: B$ | F12: ='Form 1'!K11 -> 0
C13: US$ | F13: ='Form 1'!L11 -> 0
C14: Other | F14: ='Form 1'!M11 -> 0
B15: 2. | C15: Due to Central Bank | F15: ='Form 1'!N20 -> 0 | G15: =SUM(G16:G18) -> 0 | H15: =SUM(H16:H18) -> 0 | I15: =SUM(I16:I18) -> 0 | J15: =SUM(J16:J18) -> 0 | K15: =SUM(K16:K18) -> 0 | L15: =SUM(L16:L18) -> 0
C16: B$ | F16: ='Form 1'!K20 -> 0
C17: US$ | F17: ='Form 1'!L20 -> 0
C18: Other | F18: ='Form 1'!M20 -> 0
B19: 3. | C19: Due to Financial Institutions (In Bahamas) | F19: ='Form 1'!N23 -> 0 | G19: =SUM(G20:G22) -> 0 | H19: =SUM(H20:H22) -> 0 | I19: =SUM(I20:I22) -> 0 | J19: =SUM(J20:J22) -> 0 | K19: =SUM(K20:K22) -> 0 | L19: =SUM(L20:L22) -> 0
C20: B$ | F20: ='Form 1'!K23 -> 0
C21: US$ | F21: ='Form 1'!L23 -> 0
C22: Other | F22: ='Form 1'!M23 -> 0
B23: 4. | C23: Due to Financial Institutions (Out Bahamas) | F23: ='Form 1'!N36 -> 0 | G23: =SUM(G24:G26) -> 0 | H23: =SUM(H24:H26) -> 0 | I23: =SUM(I24:I26) -> 0 | J23: =SUM(J24:J26) -> 0 | K23: =SUM(K24:K26) -> 0 | L23: =SUM(L24:L26) -> 0
C24: B$ | F24: ='Form 1'!K36 -> 0
C25: US$ | F25: ='Form 1'!L36 -> 0
C26: Other | F26: ='Form 1'!M36 -> 0
B27: 5. | C27: Bills Payable | F27: ='Form 1'!N46 -> 0 | G27: =SUM(G28:G30) -> 0 | H27: =SUM(H28:H30) -> 0 | I27: =SUM(I28:I30) -> 0 | J27: =SUM(J28:J30) -> 0 | K27: =SUM(K28:K30) -> 0 | L27: =SUM(L28:L30) -> 0
C28: B$ | F28: ='Form 1'!K46 -> 0
C29: US$ | F29: ='Form 1'!L46 -> 0
C30: Other | F30: ='Form 1'!M46 -> 0
B31: 6. | C31: Debentures Issued | F31: ='Form 1'!N49 -> 0 | G31: =SUM(G32:G34) -> 0 | H31: =SUM(H32:H34) -> 0 | I31: =SUM(I32:I34) -> 0 | J31: =SUM(J32:J34) -> 0 | K31: =SUM(K32:K34) -> 0 | L31: =SUM(L32:L34) -> 0
C32: B$ | F32: ='Form 1'!K49 -> 0
C33: US$ | F33: ='Form 1'!L49 -> 0
C34: Other | F34: ='Form 1'!M49 -> 0
B35: 7. | C35: All Other Liabilities | F35: =SUM('Form 1'!N52,'Form 1'!N53,'Form 1'!N58,'Form 1'!N61,'Form 1'!N65,'Form 1'!N66,'Form 1'!N69) -> 0 | G35: =SUM(G36:G38) -> 0 | H35: =SUM(H36:H38) -> 0 | I35: =SUM(I36:I38) -> 0 | J35: =SUM(J36:J38) -> 0 | K35: =SUM(K36:K38) -> 0 | L35: =SUM(L36:L38) -> 0
C36: B$ | F36: =SUM('Form 1'!K52,'Form 1'!K53,'Form 1'!K58,'Form 1'!K61,'Form 1'!K65,'Form 1'!K66,'Form 1'!K69) -> 0
C37: US$ | F37: =SUM('Form 1'!L52,'Form 1'!L53,'Form 1'!L58,'Form 1'!L61,'Form 1'!L65,'Form 1'!L66,'Form 1'!L69) -> 0
C38: Other | F38: =SUM('Form 1'!M52,'Form 1'!M53,'Form 1'!M58,'Form 1'!M61,'Form 1'!M65,'Form 1'!M66,'Form 1'!M69) -> 0
B39: 8. | C39: Total Liabilities | F39: =SUM(F11,F15,F19,F23,F27,F31,F35) -> 0 | G39: =SUM(G11,G15,G19,G23,G27,G31,G35) -> 0 | H39: =SUM(H11,H15,H19,H23,H27,H31,H35) -> 0 | I39: =SUM(I11,I15,I19,I23,I27,I31,I35) -> 0 | J39: =SUM(J11,J15,J19,J23,J27,J31,J35) -> 0 | K39: =SUM(K11,K15,K19,K23,K27,K31,K35) -> 0 | L39: =SUM(L11,L15,L19,L23,L27,L31,L35) -> 0
C42: A S S E T S | F42: Total | G42: Up to 1 Month | H42: Over 1 Month and up to 3 Months | I42: Over 3 Months and up to 6 Months | J42: Over 6 Months and up to 12 Months | K42: Over 1 Year and up to 5 Years | L42: Over 5 Years
B45: 1. | C45: Notes and Coins | F45: =Form2!N9 -> 0 | G45: =SUM(G46:G48) -> 0 | H45: =SUM(H46:H48) -> 0 | I45: =SUM(I46:I48) -> 0 | J45: =SUM(J46:J48) -> 0 | K45: =SUM(K46:K48) -> 0 | L45: =SUM(L46:L48) -> 0
C46: B$ | F46: =Form2!K9 -> 0
C47: US$ | F47: =Form2!L9 -> 0
C48: Other | F48: =Form2!M9 -> 0
B49: 2. | C49: Balance with Central Bank | F49: =Form2!N10 -> 0 | G49: =SUM(G50:G52) -> 0 | H49: =SUM(H50:H52) -> 0 | I49: =SUM(I50:I52) -> 0 | J49: =SUM(J50:J52) -> 0 | K49: =SUM(K50:K52) -> 0 | L49: =SUM(L50:L52) -> 0
C50: B$ | F50: =Form2!K10 -> 0
C51: US$ | F51: =Form2!L10 -> 0
C52: Other | F52: =Form2!M10 -> 0
B53: 3. | C53: Due from Financial Institutions (In Bahamas) | F53: =Form2!N22 -> 0 | G53: =SUM(G54:G56) -> 0 | H53: =SUM(H54:H56) -> 0 | I53: =SUM(I54:I56) -> 0 | J53: =SUM(J54:J56) -> 0 | K53: =SUM(K54:K56) -> 0 | L53: =SUM(L54:L56) -> 0
C54: B$ | F54: =Form2!K22 -> 0
C55: US$ | F55: =Form2!L22 -> 0
C56: Other | F56: =Form2!M22 -> 0
B57: 4. | C57: Due from Financial Institutions (Out Bahamas) | F57: =Form2!N38 -> 0 | G57: =SUM(G58:G60) -> 0 | H57: =SUM(H58:H60) -> 0 | I57: =SUM(I58:I60) -> 0 | J57: =SUM(J58:J60) -> 0 | K57: =SUM(K58:K60) -> 0 | L57: =SUM(L58:L60) -> 0
C58: B$ | F58: =Form2!K38 -> 0
C59: US$ | F59: =Form2!L38 -> 0
C60: Other | F60: =Form2!M38 -> 0
B61: 5. | C61: Loans and Advances | F61: =Form2!N50 -> 0 | G61: =SUM(G62:G64) -> 0 | H61: =SUM(H62:H64) -> 0 | I61: =SUM(I62:I64) -> 0 | J61: =SUM(J62:J64) -> 0 | K61: =SUM(K62:K64) -> 0 | L61: =SUM(L62:L64) -> 0
C62: B$ | F62: =Form2!K50 -> 0
C63: US$ | F63: =Form2!L50 -> 0
C64: Other | F64: =Form2!M50 -> 0
B65: 6. | C65: Government Securities | F65: =Form2!N11 -> 0 | G65: =SUM(G66:G68) -> 0 | H65: =SUM(H66:H68) -> 0 | I65: =SUM(I66:I68) -> 0 | J65: =SUM(J66:J68) -> 0 | K65: =SUM(K66:K68) -> 0 | L65: =SUM(L66:L68) -> 0
C66: B$ | F66: =Form2!K11 -> 0
C67: US$ | F67: =Form2!L11 -> 0
C68: Other | F68: =Form2!M11 -> 0
B69: 7. | C69: Investments | F69: =Form2!N75 -> 0 | G69: =SUM(G70:G72) -> 0 | H69: =SUM(H70:H72) -> 0 | I69: =SUM(I70:I72) -> 0 | J69: =SUM(J70:J72) -> 0 | K69: =SUM(K70:K72) -> 0 | L69: =SUM(L70:L72) -> 0
C70: B$ | F70: =Form2!K75 -> 0
C71: US$ | F71: =Form2!L75 -> 0
C72: Other | F72: =Form2!M75 -> 0
B73: 8. | C73: All Other Assets | F73: =Form2!N87+Form2!N86+Form2!N82+Form2!N81+Form2!N49 -> 0 | G73: =SUM(G74:G76) -> 0 | H73: =SUM(H74:H76) -> 0 | I73: =SUM(I74:I76) -> 0 | J73: =SUM(J74:J76) -> 0 | K73: =SUM(K74:K76) -> 0 | L73: =SUM(L74:L76) -> 0
C74: B$ | F74: =Form2!K87+Form2!K86+Form2!K82+Form2!K81 + Form2!K49 -> 0
C75: US$ | F75: =Form2!L87+Form2!L86+Form2!L82+Form2!L81 + Form2!L49 -> 0
C76: Other | F76: =Form2!M87+Form2!M86+Form2!M82+Form2!M81 + Form2!M49 -> 0
B77: 9. | C77: Total Assets | F77: =SUM(F45,F49,F53,F57,F61,F65,F69,F73) -> 0 | G77: =SUM(G45,G49,G53,G57,G61,G65,G69,G73) -> 0 | H77: =SUM(H45,H49,H53,H57,H61,H65,H69,H73) -> 0 | I77: =SUM(I45,I49,I53,I57,I61,I65,I69,I73) -> 0 | J77: =SUM(J45,J49,J53,J57,J61,J65,J69,J73) -> 0 | K77: =SUM(K45,K49,K53,K57,K61,K65,K69,K73) -> 0 | L77: =SUM(L45,L49,L53,L57,L61,L65,L69,L73) -> 0
C80: Net Position | F80: =F77-F39 -> 0 | G80: =G77-G39 -> 0 | H80: =H77-H39 -> 0 | I80: =I77-I39 -> 0 | J80: =J77-J39 -> 0 | K80: =K77-K39 -> 0 | L80: =L77-L39 -> 0
C81: Cumulative Net Position | F81: =F80 -> 0 | G81: =F80+G80 -> 0 | H81: =F80+G80+H80 -> 0 | I81: =F80+G80+H80+I80 -> 0 | J81: =F80+G80+H80+I80+J80 -> 0 | K81: =F80+G80+H80+I80+J80+K80 -> 0 | L81: =F80+G80+H80+I80+J80+K80+L80 -> 0

Sheet IntRateSensit
L2: Interest Rate Sensitivity of Liabilities and Assets
L3: ($000s)
I8: L I A B I L I T I E S | L8: Total | M8: Variable Rate | N8: Up to 1 Month | O8: Over 1 Month and up to 3 Months | P8: Over 3 Months and up to 6 Months | Q8: Over 6 Months and up to 12 Months | R8: Over 1 Year and up to 5 Years | S8: Over 5 Years | T8: Non-Interest Sensitive
H11: 1. | I11: Deposits | L11: ='Form 1'!N11 -> 0 | M11: =SUM(M12:M14) -> 0 | N11: =SUM(N12:N14) -> 0 | O11: =SUM(O12:O14) -> 0 | P11: =SUM(P12:P14) -> 0 | Q11: =SUM(Q12:Q14) -> 0 | R11: =SUM(R12:R14) -> 0 | S11: =SUM(S12:S14) -> 0 | T11: =SUM(T12:T14) -> 0
I12: B$ | L12: ='Form 1'!K11 -> 0
I13: US$ | L13: ='Form 1'!L11 -> 0
I14: Other | L14: ='Form 1'!M11 -> 0
H15: 2. | I15: Due to Central Bank | L15: ='Form 1'!N20 -> 0 | M15: =SUM(M16:M18) -> 0 | N15: =SUM(N16:N18) -> 0 | O15: =SUM(O16:O18) -> 0 | P15: =SUM(P16:P18) -> 0 | Q15: =SUM(Q16:Q18) -> 0 | R15: =SUM(R16:R18) -> 0 | S15: =SUM(S16:S18) -> 0 | T15: =SUM(T16:T18) -> 0
I16: B$ | L16: ='Form 1'!K20 -> 0
I17: US$ | L17: ='Form 1'!L20 -> 0
I18: Other | L18: ='Form 1'!M20 -> 0
H19: 3. | I19: Due to Financial Institutions (In Bahamas) | L19: ='Form 1'!N23 -> 0 | M19: =SUM(M20:M22) -> 0 | N19: =SUM(N20:N22) -> 0 | O19: =SUM(O20:O22) -> 0 | P19: =SUM(P20:P22) -> 0 | Q19: =SUM(Q20:Q22) -> 0 | R19: =SUM(R20:R22) -> 0 | S19: =SUM(S20:S22) -> 0 | T19: =SUM(T20:T22) -> 0
I20: B$ | L20: ='Form 1'!K23 -> 0
I21: US$ | L21: ='Form 1'!L23 -> 0
I22: Other | L22: ='Form 1'!M23 -> 0
H23: 4. | I23: Due to Financial Institutions (Out Bahamas) | L23: ='Form 1'!N36 -> 0 | M23: =SUM(M24:M26) -> 0 | N23: =SUM(N24:N26) -> 0 | O23: =SUM(O24:O26) -> 0 | P23: =SUM(P24:P26) -> 0 | Q23: =SUM(Q24:Q26) -> 0 | R23: =SUM(R24:R26) -> 0 | S23: =SUM(S24:S26) -> 0 | T23: =SUM(T24:T26) -> 0
I24: B$ | L24: ='Form 1'!K36 -> 0
I25: US$ | L25: ='Form 1'!L36 -> 0
I26: Other | L26: ='Form 1'!M36 -> 0
H27: 5. | I27: Bills Payable | L27: ='Form 1'!N46 -> 0 | M27: =SUM(M28:M30) -> 0 | N27: =SUM(N28:N30) -> 0 | O27: =SUM(O28:O30) -> 0 | P27: =SUM(P28:P30) -> 0 | Q27: =SUM(Q28:Q30) -> 0 | R27: =SUM(R28:R30) -> 0 | S27: =SUM(S28:S30) -> 0 | T27: =SUM(T28:T30) -> 0
I28: B$ | L28: ='Form 1'!K46 -> 0
I29: US$ | L29: ='Form 1'!L46 -> 0
I30: Other | L30: ='Form 1'!M46 -> 0
H31: 6. | I31: Debentures Issued | L31: ='Form 1'!N49 -> 0 | M31: =SUM(M32:M34) -> 0 | N31: =SUM(N32:N34) -> 0 | O31: =SUM(O32:O34) -> 0 | P31: =SUM(P32:P34) -> 0 | Q31: =SUM(Q32:Q34) -> 0 | R31: =SUM(R32:R34) -> 0 | S31: =SUM(S32:S34) -> 0 | T31: =SUM(T32:T34) -> 0
I32: B$ | L32: ='Form 1'!K49 -> 0
I33: US$ | L33: ='Form 1'!L49 -> 0
I34: Other | L34: ='Form 1'!M49 -> 0
H35: 7. | I35: All Other Liabilities | L35: =SUM('Form 1'!N52,'Form 1'!N53,'Form 1'!N58,'Form 1'!N61,'Form 1'!N65,'Form 1'!N66,'Form 1'!N69) -> 0 | M35: =SUM(M36:M38) -> 0 | N35: =SUM(N36:N38) -> 0 | O35: =SUM(O36:O38) -> 0 | P35: =SUM(P36:P38) -> 0 | Q35: =SUM(Q36:Q38) -> 0 | R35: =SUM(R36:R38) -> 0 | S35: =SUM(S36:S38) -> 0 | T35: =SUM(T36:T38) -> 0
I36: B$ | L36: =SUM('Form 1'!K52,'Form 1'!K53,'Form 1'!K58,'Form 1'!K61,'Form 1'!K65,'Form 1'!K66,'Form 1'!K69) -> 0
I37: US$ | L37: =SUM('Form 1'!L52,'Form 1'!L53,'Form 1'!L58,'Form 1'!L61,'Form 1'!L65,'Form 1'!L66,'Form 1'!L69) -> 0
I38: Other | L38: =SUM('Form 1'!M52,'Form 1'!M53,'Form 1'!M58,'Form 1'!M61,'Form 1'!M65,'Form 1'!M66,'Form 1'!M69) -> 0
H39: 8. | I39: Total Liabilities | L39: =SUM(L11,L15,L19,L23,L27,L31,L35) -> 0 | M39: =SUM(M11,M15,M19,M23,M27,M31,M35) -> 0 | N39: =SUM(N11,N15,N19,N23,N27,N31,N35) -> 0 | O39: =SUM(O11,O15,O19,O23,O27,O31,O35) -> 0 | P39: =SUM(P11,P15,P19,P23,P27,P31,P35) -> 0 | Q39: =SUM(Q11,Q15,Q19,Q23,Q27,Q31,Q35) -> 0 | R39: =SUM(R11,R15,R19,R23,R27,R31,R35) -> 0 | S39: =SUM(S11,S15,S19,S23,S27,S31,S35) -> 0 | T39: =SUM(T11,T15,T19,T23,T27,T31,T35) -> 0
I42: A S S E T S | L42: Total | M42: Variable Rate | N42: Up to 1 Month | O42: Over 1 Month and up to 3 Months | P42: Over 3 Months and up to 6 Months | Q42: Over 6 Months and up to 12 Months | R42: Over 1 Year and up to 5 Years | S42: Over 5 Years | T42: Non-Interest Sensitive
H45: 1. | I45: Notes and Coins | L45: =Form2!N9 -> 0 | M45: =SUM(M46:M48) -> 0 | N45: =SUM(N46:N48) -> 0 | O45: =SUM(O46:O48) -> 0 | P45: =SUM(P46:P48) -> 0 | Q45: =SUM(Q46:Q48) -> 0 | R45: =SUM(R46:R48) -> 0 | S45: =SUM(S46:S48) -> 0 | T45: =SUM(T46:T48) -> 0
I46: B$ | L46: =Form2!K9 -> 0
I47: US$ | L47: =Form2!L9 -> 0
I48: Other | L48: =Form2!M9 -> 0
H49: 2. | I49: Balance with Central Bank | L49: =Form2!N10 -> 0 | M49: =SUM(M50:M52) -> 0 | N49: =SUM(N50:N52) -> 0 | O49: =SUM(O50:O52) -> 0 | P49: =SUM(P50:P52) -> 0 | Q49: =SUM(Q50:Q52) -> 0 | R49: =SUM(R50:R52) -> 0 | S49: =SUM(S50:S52) -> 0 | T49: =SUM(T50:T52) -> 0
I50: B$ | L50: =Form2!K10 -> 0
I51: US$ | L51: =Form2!L10 -> 0
I52: Other | L52: =Form2!M10 -> 0
H53: 3. | I53: Due from Financial Institutions (In Bahamas) | L53: =Form2!N22 -> 0 | M53: =SUM(M54:M56) -> 0 | N53: =SUM(N54:N56) -> 0 | O53: =SUM(O54:O56) -> 0 | P53: =SUM(P54:P56) -> 0 | Q53: =SUM(Q54:Q56) -> 0 | R53: =SUM(R54:R56) -> 0 | S53: =SUM(S54:S56) -> 0 | T53: =SUM(T54:T56) -> 0
I54: B$ | L54: =Form2!K22 -> 0
I55: US$ | L55: =Form2!L22 -> 0
I56: Other | L56: =Form2!M22 -> 0
H57: 4. | I57: Due from Financial Institutions (Out Bahamas) | L57: =Form2!N38 -> 0 | M57: =SUM(M58:M60) -> 0 | N57: =SUM(N58:N60) -> 0 | O57: =SUM(O58:O60) -> 0 | P57: =SUM(P58:P60) -> 0 | Q57: =SUM(Q58:Q60) -> 0 | R57: =SUM(R58:R60) -> 0 | S57: =SUM(S58:S60) -> 0 | T57: =SUM(T58:T60) -> 0
I58: B$ | L58: =Form2!K38 -> 0
I59: US$ | L59: =Form2!L38 -> 0
I60: Other | L60: =Form2!M38 -> 0
H61: 5. | I61: Loans and Advances | L61: =Form2!N50 -> 0 | M61: =SUM(M62:M64) -> 0 | N61: =SUM(N62:N64) -> 0 | O61: =SUM(O62:O64) -> 0 | P61: =SUM(P62:P64) -> 0 | Q61: =SUM(Q62:Q64) -> 0 | R61: =SUM(R62:R64) -> 0 | S61: =SUM(S62:S64) -> 0 | T61: =SUM(T62:T64) -> 0
I62: B$ | L62: =Form2!K50 -> 0
I63: US$ | L63: =Form2!L50 -> 0
I64: Other | L64: =Form2!M50 -> 0
H65: 6. | I65: Government Securities | L65: =Form2!N11 -> 0 | M65: =SUM(M66:M68) -> 0 | N65: =SUM(N66:N68) -> 0 | O65: =SUM(O66:O68) -> 0 | P65: =SUM(P66:P68) -> 0 | Q65: =SUM(Q66:Q68) -> 0 | R65: =SUM(R66:R68) -> 0 | S65: =SUM(S66:S68) -> 0 | T65: =SUM(T66:T68) -> 0
I66: B$ | L66: =Form2!K11 -> 0
I67: US$ | L67: =Form2!L11 -> 0
I68: Other | L68: =Form2!M11 -> 0
H69: 7. | I69: Investments | L69: =Form2!N75 -> 0 | M69: =SUM(M70:M72) -> 0 | N69: =SUM(N70:N72) -> 0 | O69: =SUM(O70:O72) -> 0 | P69: =SUM(P70:P72) -> 0 | Q69: =SUM(Q70:Q72) -> 0 | R69: =SUM(R70:R72) -> 0 | S69: =SUM(S70:S72) -> 0 | T69: =SUM(T70:T72) -> 0
I70: B$ | L70: =Form2!K75 -> 0
I71: US$ | L71: =Form2!L75 -> 0
I72: Other | L72: =Form2!M75 -> 0
H73: 8. | I73: All Other Assets | L73: =Form2!N87+Form2!N86+Form2!N82+Form2!N81+Form2!N49 -> 0 | M73: =SUM(M74:M76) -> 0 | N73: =SUM(N74:N76) -> 0 | O73: =SUM(O74:O76) -> 0 | P73: =SUM(P74:P76) -> 0 | Q73: =SUM(Q74:Q76) -> 0 | R73: =SUM(R74:R76) -> 0 | S73: =SUM(S74:S76) -> 0 | T73: =SUM(T74:T76) -> 0
I74: B$ | L74: =Form2!K87+Form2!K86+Form2!K82+Form2!K81+Form2!K49 -> 0
I75: US$ | L75: =Form2!L87+Form2!L86+Form2!L82+Form2!L81+Form2!L49 -> 0
I76: Other | L76: =Form2!M87+Form2!M86+Form2!M82+Form2!M81+Form2!M49 -> 0
H77: 9. | I77: Total Assets | L77: =SUM(L45,L49,L53,L57,L61,L65,L69,L73) -> 0 | M77: =SUM(M45,M49,M53,M57,M61,M65,M69,M73) -> 0 | N77: =SUM(N45,N49,N53,N57,N61,N65,N69,N73) -> 0 | O77: =SUM(O45,O49,O53,O57,O61,O65,O69,O73) -> 0 | P77: =SUM(P45,P49,P53,P57,P61,P65,P69,P73) -> 0 | Q77: =SUM(Q45,Q49,Q53,Q57,Q61,Q65,Q69,Q73) -> 0 | R77: =SUM(R45,R49,R53,R57,R61,R65,R69,R73) -> 0 | S77: =SUM(S45,S49,S53,S57,S61,S65,S69,S73) -> 0 | T77: =SUM(T45,T49,T53,T57,T61,T65,T69,T73) -> 0
I80: Net Position | L80: =L77-L39 -> 0 | M80: =M77-M39 -> 0 | N80: =N77-N39 -> 0 | O80: =O77-O39 -> 0 | P80: =P77-P39 -> 0 | Q80: =Q77-Q39 -> 0 | R80: =R77-R39 -> 0 | S80: =S77-S39 -> 0 | T80: =T77-T39 -> 0
I81: Cumulative Net Position | L81: =L80 -> 0 | M81: =L80+M80 -> 0 | N81: =L80+M80+N80 -> 0 | O81: =L80+M80+N80+O80 -> 0 | P81: =+L80+M80+N80+O80+P80 -> 0 | Q81: =L80+M80+N80+O80+P80+Q80 -> 0 | R81: =L80+M80+N80+O80+P80+Q80+R80 -> 0 | S81: =L80+M80+N80+O80+P80+Q80+R80+S80 -> 0 | T81: =L80+M80+N80+O80+P80+Q80+R80+S80+T80 -> 0

Sheet InvCurrType
D2: Investments by Currency Type
D3: ($000s)
C4: Part A.
B5: Investments | D5: Book Value | H5: Market Value | L5: Net Positions | P5: Average Maturity (In Years)
D6: B$ | E6: US$ | F6: € | G6: Oth$1 | H6: B$ | I6: US$ | J6: € | K6: Oth$1 | L6: B$ | M6: US$ | N6: € | O6: Oth$1
B7: 1. | C7: Government (Central Government and Other) | L7: =SUM(H7-D7) -> 0 | M7: =SUM(I7-E7) -> 0 | N7: =SUM(J7-F7) -> 0 | O7: =SUM(K7-G7) -> 0
B8: 2. | C8: Public Sector Entities | L8: =SUM(H8-D8) -> 0 | M8: =SUM(I8-E8) -> 0 | N8: =SUM(J8-F8) -> 0 | O8: =SUM(K8-G8) -> 0
B9: 3. | C9: Multilateral Development Banks | L9: =SUM(H9-D9) -> 0 | M9: =SUM(I9-E9) -> 0 | N9: =SUM(J9-F9) -> 0 | O9: =SUM(K9-G9) -> 0
B10: 4. | C10: Corporate Bonds | L10: =SUM(H10-D10) -> 0 | M10: =SUM(I10-E10) -> 0 | N10: =SUM(J10-F10) -> 0 | O10: =SUM(K10-G10) -> 0
B11: 5. | C11: Collective Investment Schemes (e.g. Mutual Funds) | L11: =SUM(H11-D11) -> 0 | M11: =SUM(I11-E11) -> 0 | N11: =SUM(J11-F11) -> 0 | O11: =SUM(K11-G11) -> 0
B12: 6. | C12: Structured Products | D12: =SUM(D13:D15) -> 0 | E12: =SUM(E13:E15) -> 0 | F12: =SUM(F13:F15) -> 0 | G12: =SUM(G13:G15) -> 0 | H12: =SUM(H13:H15) -> 0 | I12: =SUM(I13:I15) -> 0 | J12: =SUM(J13:J15) -> 0 | K12: =SUM(K13:K15) -> 0 | L12: =SUM(H12-D12) -> 0 | M12: =SUM(I12-E12) -> 0 | N12: =SUM(J12-F12) -> 0 | O12: =SUM(K12-G12) -> 0
C13: a. Asset-Backed Securities | L13: =SUM(H13-D13) -> 0 | M13: =SUM(I13-E13) -> 0 | N13: =SUM(J13-F13) -> 0 | O13: =SUM(K13-G13) -> 0
C14: b. Mortgage-Backed Securities | L14: =SUM(H14-D14) -> 0 | M14: =SUM(I14-E14) -> 0 | N14: =SUM(J14-F14) -> 0 | O14: =SUM(K14-G14) -> 0
C15: c. Asset Swaps | L15: =SUM(H15-D15) -> 0 | M15: =SUM(I15-E15) -> 0 | N15: =SUM(J15-F15) -> 0 | O15: =SUM(K15-G15) -> 0
B16: 7. | C16: Money Market Instruments | D16: =SUM(D17:D20) -> 0 | E16: =SUM(E17:E20) -> 0 | F16: =SUM(F17:F20) -> 0 | G16: =SUM(G17:G20) -> 0 | H16: =SUM(H17:H20) -> 0 | I16: =SUM(I17:I20) -> 0 | J16: =SUM(J17:J20) -> 0 | K16: =SUM(K17:K20) -> 0 | L16: =SUM(H16-D16) -> 0 | M16: =SUM(I16-E16) -> 0 | N16: =SUM(J16-F16) -> 0 | O16: =SUM(K16-G16) -> 0
C17: a. Certificates of Deposit | L17: =SUM(H17-D17) -> 0 | M17: =SUM(I17-E17) -> 0 | N17: =SUM(J17-F17) -> 0 | O17: =SUM(K17-G17) -> 0
C18: b. Time Deposits | L18: =SUM(H18-D18) -> 0 | M18: =SUM(I18-E18) -> 0 | N18: =SUM(J18-F18) -> 0 | O18: =SUM(K18-G18) -> 0
C19: c. Repurchase Agreements | L19: =SUM(H19-D19) -> 0 | M19: =SUM(I19-E19) -> 0 | N19: =SUM(J19-F19) -> 0 | O19: =SUM(K19-G19) -> 0
C20: d. Resale Agreements | L20: =SUM(H20-D20) -> 0 | M20: =SUM(I20-E20) -> 0 | N20: =SUM(J20-F20) -> 0 | O20: =SUM(K20-G20) -> 0
B21: 8. | C21: Derivatives, Net | D21: =SUM(D22:D25) -> 0 | E21: =SUM(E22:E25) -> 0 | F21: =SUM(F22:F25) -> 0 | G21: =SUM(G22:G25) -> 0 | H21: =SUM(H22:H25) -> 0 | I21: =SUM(I22:I25) -> 0 | J21: =SUM(J22:J25) -> 0 | K21: =SUM(K22:K25) -> 0 | L21: =SUM(H21-D21) -> 0 | M21: =SUM(I21-E21) -> 0 | N21: =SUM(J21-F21) -> 0 | O21: =SUM(K21-G21) -> 0
C22: a. Swaps | L22: =SUM(H22-D22) -> 0 | M22: =SUM(I22-E22) -> 0 | N22: =SUM(J22-F22) -> 0 | O22: =SUM(K22-G22) -> 0
C23: b. Futures | L23: =SUM(H23-D23) -> 0 | M23: =SUM(I23-E23) -> 0 | N23: =SUM(J23-F23) -> 0 | O23: =SUM(K23-G23) -> 0
C24: c. Options | L24: =SUM(H24-D24) -> 0 | M24: =SUM(I24-E24) -> 0 | N24: =SUM(J24-F24) -> 0 | O24: =SUM(K24-G24) -> 0
C25: d. Forward Contracts | L25: =SUM(H25-D25) -> 0 | M25: =SUM(I25-E25) -> 0 | N25: =SUM(J25-F25) -> 0 | O25: =SUM(K25-G25) -> 0
B26: 9. | C26: Quoted Equities, Net | L26: =SUM(H26-D26) -> 0 | M26: =SUM(I26-E26) -> 0 | N26: =SUM(J26-F26) -> 0 | O26: =SUM(K26-G26) -> 0
B27: 10. | C27: Unquoted Equities, Net | L27: =SUM(H27-D27) -> 0 | M27: =SUM(I27-E27) -> 0 | N27: =SUM(J27-F27) -> 0 | O27: =SUM(K27-G27) -> 0
B28: 11. | C28: Other | L28: =SUM(H28-D28) -> 0 | M28: =SUM(I28-E28) -> 0 | N28: =SUM(J28-F28) -> 0 | O28: =SUM(K28-G28) -> 0
B29: 12. | C29: Total Investments | D29: =SUM(D7:D12,D16,D21,D26:D28) -> 0 | E29: =SUM(E7:E12,E16,E21,E26:E28) -> 0 | F29: =SUM(F7:F12,F16,F21,F26:F28) -> 0 | G29: =SUM(G7:G12,G16,G21,G26:G28) -> 0 | H29: =SUM(H7:H12,H16,H21,H26:H28) -> 0 | I29: =SUM(I7:I12,I16,I21,I26:I28) -> 0 | J29: =SUM(J7:J12,J16,J21,J26:J28) -> 0 | K29: =SUM(K7:K12,K16,K21,K26:K28) -> 0 | L29: =SUM(H29-D29) -> 0 | M29: =SUM(I29-E29) -> 0 | N29: =SUM(J29-F29) -> 0 | O29: =SUM(K29-G29) -> 0 | P29: =SUM(P7:P12,P16,P21,P26:P28) -> 0
C32: Part B.
B33: Foreign Investments | D33: Opening Position | E33: Change in Position | J33: Closing Position | K33: Income
E34: Transactions | H34: Other Changes
E35: Increases | F35: Decreases | G35: Net | H35: Exchange Rate | I35: Other
C36: Net Acquisition of Assets | D36: A | E36: B | F36: C | G36: D | H36: E | I36: F | J36: G | K36: H
B37: 1. | C37: Equity and Investment Fund Shares | G37: =+E37-F37 -> 0 | J37: =D37+G37+H37+I37 -> 0
B38: 2. | C38: Debt Instruments | D38: =SUM(D39:D40) -> 0 | E38: =SUM(E39:E40) -> 0 | F38: =SUM(F39:F40) -> 0 | G38: =+E38-F38 -> 0 | H38: =SUM(H39:H40) -> 0 | I38: =SUM(I39:I40) -> 0 | J38: =D38+G38+H38+I38 -> 0
C39: a. Short-term | G39: =+E39-F39 -> 0 | J39: =D39+G39+H39+I39 -> 0
C40: b. Long-term | G40: =+E40-F40 -> 0 | J40: =D40+G40+H40+I40 -> 0
B41: 3. | C41: Derivatives, Net | D41: =SUM(D42:D45) -> 0 | E41: =SUM(E42:E45) -> 0 | F41: =SUM(F42:F45) -> 0 | G41: =+E41-F41 -> 0 | H41: =SUM(H42:H45) -> 0 | I41: =SUM(I42:I45) -> 0 | J41: =D41+G41+H41+I41 -> 0
C42: a. Swaps | G42: =+E42-F42 -> 0 | J42: =D42+G42+H42+I42 -> 0
C43: b. Futures | G43: =+E43-F43 -> 0 | J43: =D43+G43+H43+I43 -> 0
C44: c. Options | G44: =+E44-F44 -> 0 | J44: =D44+G44+H44+I44 -> 0
C45: d. Forward Contracts | G45: =+E45-F45 -> 0 | J45: =D45+G45+H45+I45 -> 0
C48: Net Incurrence of Liabilities
B49: 1. | C49: Equity and Investment Fund Shares | G49: =+E49-F49 -> 0 | J49: =D49+G49+H49+I49 -> 0
B50: 2. | C50: Debt Instruments | D50: =SUM(D51:D52) -> 0 | E50: =SUM(E51:E52) -> 0 | F50: =SUM(F51:F52) -> 0 | G50: =+E50-F50 -> 0 | H50: =SUM(H51:H52) -> 0 | I50: =SUM(I51:I52) -> 0 | J50: =D50+G50+H50+I50 -> 0
C51: a. Short-term | G51: =+E51-F51 -> 0 | J51: =D51+G51+H51+I51 -> 0
C52: b. Long-term | G52: =+E52-F52 -> 0 | J52: =D52+G52+H52+I52 -> 0
B53: 3. | C53: Derivatives, Net | D53: =SUM(D54:D57) -> 0 | E53: =SUM(E54:E57) -> 0 | F53: =SUM(F54:F57) -> 0 | G53: =+E53-F53 -> 0 | H53: =SUM(H54:H57) -> 0 | I53: =SUM(I54:I57) -> 0 | J53: =D53+G53+H53+I53 -> 0
C54: a. Swaps | G54: =+E54-F54 -> 0 | J54: =D54+G54+H54+I54 -> 0
C55: b. Futures | G55: =+E55-F55 -> 0 | J55: =D55+G55+H55+I55 -> 0
C56: c. Options | G56: =+E56-F56 -> 0 | J56: =D56+G56+H56+I56 -> 0
C57: d. Forward Contracts | G57: =+E57-F57 -> 0 | J57: =D57+G57+H57+I57 -> 0
B71: 1 All currency should be converted to US$. Please also indicate in the box below currencies in the Oth$ category which were converted.
C73: Other Currency

Sheet Overall Checks
B2: CONSISTENCY CHECKS
B5: Total Assets = Total Liabilities | D5: =Form2!N92 - 'Form 1'!N72 -> 0
B7: Bahamian Dollar Assets - Bahamian Dollar Liabilities = B$ Position | D7: =Form2!K92 - 'Form 1'!K72 -> 0
B9: Bahamian Dollar Demand Deposits (Form 1) = Bahamian Dollar Demand Deposits (Form 3) | D9: ='Form 1'!K12 - Form3!F11 -> 0
B10: US Dollar Demand Deposits (Form 1) = US Dollar Demand Deposits (Form 3) | D10: ='Form 1'!L12 - Form3!G11 -> 0
B11: Other Currency Demand Deposits (Form 1) = Other Currency Demand Deposits (Form 3) | D11: ='Form 1'!M12 - Form3!H11 -> 0
B12: Bahamian Dollar Savings Deposits (Form 1) = Bahamian Dollar Savings Deposits (Form 3) | D12: ='Form 1'!K13 - Form3!F26 -> 0
B13: US Dollar Savings Deposits (Form 1) = US Dollar Savings Deposits (Form 3) | D13: ='Form 1'!L13 - Form3!G26 -> 0
B14: Other Currency Savings Deposits (Form 1) = Other Currency Savings Deposits (Form 3) | D14: ='Form 1'!M13 - Form3!H26 -> 0
B15: Bahamian Dollar Fixed Deposits (Form 1) = Bahamian Dollar Fixed Deposits (Form 3) | D15: ='Form 1'!K14 -Form3!F35 -> 0
B16: US Dollar Fixed Deposits (Form 1) = US Dollar Fixed Deposits (Form 3) | D16: ='Form 1'!L14 -Form3!G35 -> 0
B17: Other Currency Fixed Deposits (Form 1) = Other Currency Fixed Deposits (Form 3) | D17: ='Form 1'!M14 -Form3!H35 -> 0
B18: Bahamian Dollar Negotiable CDs (Form 1) = Bahamian Dollar Negotiable CDs (Form 3) | D18: ='Form 1'!K19 - Form3!F50 -> 0
B19: US Dollar Negotiable CDs (Form 1) = US Dollar Negotiable CDs (Form 3) | D19: ='Form 1'!L19 - Form3!G50 -> 0
B20: Other Currency Negotiable CDs (Form 1) = Other Currency Negotiable CDs (Form 3) | D20: ='Form 1'!M19 - Form3!H50 -> 0
B21: Total Deposits (B$) (Form 1) = Total Deposits (B$) (Form 3) | D21: ='Form 1'!K11 -Form3!F65 -> 0
B22: Total Deposits (US$) (Form 1) = Total Deposits (US$) (Form 3) | D22: ='Form 1'!L11 -Form3!G65 -> 0
B23: Total Deposits (OTH$) (Form 1) = Total Deposits (OTH$) (Form 3) | D23: ='Form 1'!M11 -Form3!H65 -> 0
B24: Total Deposits (Form 1) = Total Deposits (Form 3) | D24: ='Form 1'!N11 - Form3!I65 -> 0
B26: Other Liabilities: Other (Form 1:Item 8D) = Listing of Other Liabilities: Other (Form 2A) | D26: ='Form 1'!N57 - Form2A!G56 -> 0
B27: Other Liabilities (B$) (Form 1) = Other Liabilities (B$) (Form 2A) | D27: ='Form 1'!K57 - Form2A!D56 -> 0
B28: Other Liabilities (US$) (Form 1) = Other Liabilities (US$) (Form 2A) | D28: ='Form 1'!L57 - Form2A!E56 -> 0
B29: Other Liabilities (OTH$) (Form 1) = Other Liabilities (OTH$) (Form 2A) | D29: ='Form 1'!M57 - Form2A!F56 -> 0
B30: Other Assets: Other (Form 2:Item 11D) = Listing of Other Assets: Other (Form 2A) | D30: =Form2!N91 -Form2A!G30 -> 0
B31: Other Assets (B$) (Form 1) = Other Assets (B$) (Form 2A) | D31: =Form2!K91 -Form2A!D30 -> 0
B32: Other Assets (US$) (Form 1) = Other Assets (US$) (Form 2A) | D32: =Form2!L91 -Form2A!E30 -> 0
B33: Other Assets (OTH$) (Form 1) = Other Assets (OTH$) (Form 2A) | D33: =Form2!M91 -Form2A!F30 -> 0
B34: Total Resident F/C Deposits (Form 3) = Listing of Resident F/C Deposits (Form 3C) | D34: =(Form3!G67 +Form3!H67) -F3C!F2744 -> 0
B36: Government Demand Deposits B$ (Form 3) = Disaggregated Government Memo Items (Form 3) | D36: =Form3!F13 - (Form3!F22 + Form3!F23 + Form3!F24 + Form3!F25) -> 0
